Workbook

Sheet Contents
B2: Quarterly Energy Dynamics - Q3 2026
B3: Figures from the report covering 1 July to 30 September 2026
B5: This worksheet contains the figures and corresponding data from the report: | C5: Figure content:
B6: Figure 1 Warmer than long-term average temperatures across most parts of Australia | C6: Q3 2026 mean temperature deciles for Australia
B7: Figure 2 Lower heating requirements across all capital cities | C7: Percentage change in quarterly HDDs by capital city – Q3 2026 vs Q3 2025
B8: Figure 3 Underlying demand increased despite warmer conditions | C8: NEM average underlying and operational demand – Q3s
B9: Figure 4 Higher daytime operational demand as demand shifts away from the evening peak | C9: Average changes in NEM demands and distributed PV output by time of day – Q3 2026 vs Q3 2025
B10: Figure 5 Operational demand decreased in all regions except Victoria | C10: Changes in average demand components by region – Q3 2026 vs Q3 2025
B11: Figure 6 Higher mid-day demand during cheap or free electricity hours | C11: Average total demand by time of day – Q3 2026 vs Q3 2025
B12: Figure 7 Maximum operational demand lower in mainland regions except Victoria | C12: Maximum operational demand for mainland regions – Q3s
B13: Figure 8 Queensland recorded new all-time minimum operational demand, while South Australia set new Q3 low | C13: Minimum operational demand for mainland regions – Q3s
B14: Figure 9 CER solar capacity increased with growth in installations | C14: Cumulative CER solar capacity and installations by region – end of Q3
B15: Figure 10 Continued growth in CER battery capacity and installations across the NEM | C15: Cumulative CER battery capacity and installations by region
B16: Figure 11 Households with PV and battery shift to net exports later and reduce net imports during peaks | C16: Average household PV and battery net kW in Q3 2026 – NEM
... B129: Figure 124 Cumulative storage levels in Q3 2026 | C129: Gas storage levels by facility over time

Sheet Figure 1
B1: Go to Contents
B3: =Contents!B2 -> Quarterly Energy Dynamics - Q3 2026
B4: =Contents!B3 -> Figures from the report covering 1 July to 30 September 2026
B6: =Contents!B6 -> Figure 1 Warmer than long-term average temperatures across most parts of Australia
B7: Q3 2026 mean temperature deciles for Australia
B29: Source: Bureau of Meteorology (BOM)

Sheet Figure 2
B1: Go to Contents
B3: =Contents!B2 -> Quarterly Energy Dynamics - Q3 2026
B4: =Contents!B3 -> Figures from the report covering 1 July to 30 September 2026
B6: =Contents!B7 -> Figure 2 Lower heating requirements across all capital cities
B7: =Contents!$C7 -> Percentage change in quarterly HDDs by capital city – Q3 2026 vs Q3 2025
B8: %
B21: Source: Bureau of Meteorology (BOM)

Sheet Figure 3
B1: Go to Contents
B3: =Contents!B2 -> Quarterly Energy Dynamics - Q3 2026
B4: =Contents!B3 -> Figures from the report covering 1 July to 30 September 2026
B6: =Contents!B8 -> Figure 3 Underlying demand increased despite warmer conditions
B7: =Contents!$C8 -> NEM average underlying and operational demand – Q3s
B8: MW
K10: Operational demand | L10: Distributed PV | M10: Underlying demand
I11: 2018 | J11: Q3 | K11: 22518.191 | L11: 875.42456 | M11: 23393.615
I12: 2019 | J12: Q3 | K12: 22203.975 | L12: 1077.7496 | M12: 23281.725
I13: 2020 | J13: Q3 | K13: 21891.209 | L13: 1295.489 | M13: 23186.698
I14: 2021 | J14: Q3 | K14: 21854.404 | L14: 1636.8195 | M14: 23491.223
I15: 2022 | J15: Q3 | K15: 22413.563 | L15: 1752.2816 | M15: 24165.844
I16: 2023 | J16: Q3 | K16: 21270.107 | L16: 2287.2947 | M16: 23557.402
I17: 2024 | J17: Q3 | K17: 21824.961 | L17: 2539.2399 | M17: 24364.201
I18: 2025 | J18: Q3 | K18: 22322.997 | L18: 2830.9751 | M18: 25153.972
I19: 2026 | J19: Q3 | K19: 22268.481 | L19: 3202.6629 | M19: 25471.144

Sheet Figure 4
B1: Go to Contents
B3: =Contents!B2 -> Quarterly Energy Dynamics - Q3 2026
B4: =Contents!B3 -> Figures from the report covering 1 July to 30 September 2026
B6: =Contents!B9 -> Figure 4 Higher daytime operational demand as demand shifts away from the evening peak
B7: =Contents!$C9 -> Average changes in NEM demands and distributed PV output by time of day – Q3 2026 vs Q3 2025
B8: MW
H10: NEM | I10: 0.020833333 | J10: 0.041666667 | K10: 0.0625 | L10: 0.083333333 | M10: 0.10416667 | N10: 0.125 | O10: 0.14583333 | P10: 0.16666667 | Q10: 0.1875 | R10: 0.20833333 | S10: 0.22916667 | T10: 0.25 | U10: 0.27083333 | V10: 0.29166667 | W10: 0.3125 | X10: 0.33333333 | Y10: 0.35416667 | Z10: 0.375 | AA10: 0.39583333 | AB10: 0.41666667 | AC10: 0.4375 | AD10: 0.45833333 | AE10: 0.47916667 | AF10: 0.5 | AG10: 0.52083333 | AH10: 0.54166667 | AI10: 0.5625 | AJ10: 0.58333333 | AK10: 0.60416667 | AL10: 0.625 | AM10: 0.64583333 | AN10: 0.66666667 | AO10: 0.6875 | AP10: 0.70833333 | AQ10: 0.72916667 | AR10: 0.75 | AS10: 0.77083333 | AT10: 0.79166667 | AU10: 0.8125 | AV10: 0.83333333 | AW10: 0.85416667 | AX10: 0.875 | AY10: 0.89583333 | AZ10: 0.91666667 | BA10: 0.9375 | BB10: 0.95833333 | BC10: 0.97916667 | BD10: 0
H11: Underlying demand | I11: 156.4784 | J11: 160.3804 | K11: 120.4456 | L11: 128.9564 | M11: 140.9129 | N11: 156.9673 | O11: 157.7065 | P11: 124.3478 | Q11: 78.1413 | R11: 87.1197 | S11: 72.8044 | T11: 32.138285 | U11: -78.686646 | V11: -69.702893 | W11: 59.39282 | X11: 257.76326 | Y11: 462.0289 | Z11: 704.87545 | AA11: 955.82137 | AB11: 1273.953 | AC11: 1457.1375 | AD11: 1490.5983 | AE11: 1891.9488 | AF11: 1895.9054 | AG11: 1876.83 | AH11: 1757.0273 | AI11: 1591.8049 | AJ11: 1376.3269 | AK11: 1026.3409 | AL11: 813.27469 | AM11: 590.25648 | AN11: 355.64932 | AO11: 93.916081 | AP11: -153.68406 | AQ11: -382.45783 | AR11: -556.51453 | AS11: -655.31716 | AT11: -673.4187 | AU11: -668.2936 | AV11: -616.348 | AW11: -594.7283 | AX11: -529.7175 | AY11: -391.8806 | AZ11: -264.2718 | BA11: -185.7283 | BB11: -153.7609 | BC11: -87.652 | BD11: -59.2283
H12: Distributed PV impact | I12: 0 | J12: 0 | K12: 0 | L12: 0 | M12: 0 | N12: 0 | O12: 0 | P12: 0 | Q12: 0 | R12: 0 | S12: 0 | T12: -1.0296848 | U12: -2.4980542 | V12: -32.112207 | W12: -126.32762 | X12: -278.04586 | Y12: -439.4202 | Z12: -622.69075 | AA12: -790.09307 | AB12: -955.22487 | AC12: -1101.2462 | AD12: -1191.0331 | AE12: -1301.0141 | AF12: -1321.8292 | AG12: -1401.5366 | AH12: -1420.2555 | AI12: -1408.8809 | AJ12: -1326.9682 | AK12: -1173.4277 | AL12: -1001.0463 | AM12: -791.76738 | AN12: -579.62752 | AO12: -356.26388 | AP12: -168.15284 | AQ12: -43.335565 | AR12: -8.3876739 | AS12: -0.4655434 | AT12: 0.0816956 | AU12: 0 | AV12: 0 | AW12: 0 | AX12: 0 | AY12: 0 | AZ12: 0 | BA12: 0 | BB12: 0 | BC12: 0 | BD12: 0
H13: Operational demand | I13: 156.4784 | J13: 160.3804 | K13: 120.4456 | L13: 128.9564 | M13: 140.9129 | N13: 156.9673 | O13: 157.7065 | P13: 124.3478 | Q13: 78.1413 | R13: 87.1197 | S13: 72.8044 | T13: 31.1086 | U13: -81.1847 | V13: -101.8151 | W13: -66.9348 | X13: -20.2826 | Y13: 22.6087 | Z13: 82.1847 | AA13: 165.7283 | AB13: 318.7281 | AC13: 355.8913 | AD13: 299.5652 | AE13: 590.9347 | AF13: 574.0762 | AG13: 475.2934 | AH13: 336.7718 | AI13: 182.924 | AJ13: 49.3587 | AK13: -147.0868 | AL13: -187.7716 | AM13: -201.5109 | AN13: -223.9782 | AO13: -262.3478 | AP13: -321.8369 | AQ13: -425.7934 | AR13: -564.9022 | AS13: -655.7827 | AT13: -673.337 | AU13: -668.2936 | AV13: -616.348 | AW13: -594.7283 | AX13: -529.7175 | AY13: -391.8806 | AZ13: -264.2718 | BA13: -185.7283 | BB13: -153.7609 | BC13: -87.652 | BD13: -59.2283

Sheet Figure 5
B1: Go to Contents
B3: =Contents!B2 -> Quarterly Energy Dynamics - Q3 2026
B4: =Contents!B3 -> Figures from the report covering 1 July to 30 September 2026
B6: =Contents!B10 -> Figure 5 Operational demand decreased in all regions except Victoria
B7: =Contents!$C10 -> Changes in average demand components by region – Q3 2026 vs Q3 2025
B8: MW
N10: QLD | O10: NSW | P10: VIC | Q10: SA | R10: TAS
M11: Operational demand | N11: -48.141984 | O11: -201.51698 | P11: 286.0514 | Q11: -65.608696 | R11: -25.29914
M12: Underlying demand | N12: 60.241179 | O12: -21.072983 | P12: 343.41698 | Q12: -47.485516 | R12: -17.927253
M13: Distributed PV impact | N13: -108.38316 | O13: -180.444 | P13: -57.365578 | Q13: -18.12318 | R13: -7.371887

Sheet Figure 6
B1: Go to Contents
B3: =Contents!B2 -> Quarterly Energy Dynamics - Q3 2026
B4: =Contents!B3 -> Figures from the report covering 1 July to 30 September 2026
B6: =Contents!B11 -> Figure 6 Higher mid-day demand during cheap or free electricity hours
B7: =Contents!$C11 -> Average total demand by time of day – Q3 2026 vs Q3 2025
B8: MW
H10: Year | I10: Quarter | J10: 0 | K10: 0.0034722222 | L10: 0.0069444444 | M10: 0.010416667 | N10: 0.013888889 | O10: 0.017361111 | P10: 0.020833333 | Q10: 0.024305556 | R10: 0.027777778 | S10: 0.03125 | T10: 0.034722222 | U10: 0.038194444 | V10: 0.041666667 | W10: 0.045138889 | X10: 0.048611111 | Y10: 0.052083333 | Z10: 0.055555556 | AA10: 0.059027778 | AB10: 0.0625 | AC10: 0.065972222 | AD10: 0.069444444 | AE10: 0.072916667 | AF10: 0.076388889 | AG10: 0.079861111 | AH10: 0.083333333 | AI10: 0.086805556 | AJ10: 0.090277778 | AK10: 0.09375 | AL10: 0.097222222 | AM10: 0.10069444 | AN10: 0.10416667 | AO10: 0.10763889 | AP10: 0.11111111 | AQ10: 0.11458333 | AR10: 0.11805556 | AS10: 0.12152778 | AT10: 0.125 | AU10: 0.12847222 | AV10: 0.13194444 | AW10: 0.13541667 | AX10: 0.13888889 | AY10: 0.14236111 | AZ10: 0.14583333 | BA10: 0.14930556 | BB10: 0.15277778 | BC10: 0.15625 | BD10: 0.15972222 | BE10: 0.16319444 | BF10: 0.16666667 | BG10: 0.17013889 | BH10: 0.17361111 | BI10: 0.17708333 | BJ10: 0.18055556 | BK10: 0.18402778 | BL10: 0.1875 | BM10: 0.19097222 | BN10: 0.19444444 | BO10: 0.19791667 | BP10: 0.20138889 | BQ10: 0.20486111 | BR10: 0.20833333 | BS10: 0.21180556 | BT10: 0.21527778 | BU10: 0.21875 | BV10: 0.22222222 | BW10: 0.22569444 | BX10: 0.22916667 | BY10: 0.23263889 | BZ10: 0.23611111 | CA10: 0.23958333 | CB10: 0.24305556 | CC10: 0.24652778 | CD10: 0.25 | CE10: 0.25347222 | CF10: 0.25694444 | CG10: 0.26041667 | CH10: 0.26388889 | CI10: 0.26736111 | CJ10: 0.27083333 | CK10: 0.27430556 | CL10: 0.27777778 | CM10: 0.28125 | CN10: 0.28472222 | CO10: 0.28819444 | CP10: 0.29166667 | CQ10: 0.29513889 | CR10: 0.29861111 | CS10: 0.30208333 | CT10: 0.30555556 | CU10: 0.30902778 | CV10: 0.3125 | CW10: 0.31597222 | CX10: 0.31944444 | CY10: 0.32291667 | CZ10: 0.32638889 | DA10: 0.32986111 | DB10: 0.33333333 | DC10: 0.33680556 | DD10: 0.34027778 | DE10: 0.34375 | DF10: 0.34722222 | DG10: 0.35069444 | DH10: 0.35416667 | DI10: 0.35763889 | DJ10: 0.36111111 | DK10: 0.36458333 | DL10: 0.36805556 | DM10: 0.37152778 | DN10: 0.375 | DO10: 0.37847222 | DP10: 0.38194444 | DQ10: 0.38541667 | DR10: 0.38888889 | DS10: 0.39236111 | DT10: 0.39583333 | DU10: 0.39930556 | DV10: 0.40277778 | DW10: 0.40625 | DX10: 0.40972222 | DY10: 0.41319444 | DZ10: 0.41666667 | EA10: 0.42013889 | EB10: 0.42361111 | EC10: 0.42708333 | ED10: 0.43055556 | EE10: 0.43402778 | EF10: 0.4375 | EG10: 0.44097222 | EH10: 0.44444444 | EI10: 0.44791667 | EJ10: 0.45138889 | EK10: 0.45486111 | EL10: 0.45833333 | EM10: 0.46180556 | EN10: 0.46527778 | EO10: 0.46875 | EP10: 0.47222222 | EQ10: 0.47569444 | ER10: 0.47916667 | ES10: 0.48263889 | ET10: 0.48611111 | EU10: 0.48958333 | EV10: 0.49305556 | EW10: 0.49652778 | EX10: 0.5 | EY10: 0.50347222 | EZ10: 0.50694444 | FA10: 0.51041667 | FB10: 0.51388889 | FC10: 0.51736111 | FD10: 0.52083333 | FE10: 0.52430556 | FF10: 0.52777778 | FG10: 0.53125 | FH10: 0.53472222 | FI10: 0.53819444 | FJ10: 0.54166667 | FK10: 0.54513889 | FL10: 0.54861111 | FM10: 0.55208333 | FN10: 0.55555556 | FO10: 0.55902778 | FP10: 0.5625 | FQ10: 0.56597222 | FR10: 0.56944444 | FS10: 0.57291667 | FT10: 0.57638889 | FU10: 0.57986111 | FV10: 0.58333333 | FW10: 0.58680556 | FX10: 0.59027778 | FY10: 0.59375 | FZ10: 0.59722222 | GA10: 0.60069444 | GB10: 0.60416667 | GC10: 0.60763889 | GD10: 0.61111111 | GE10: 0.61458333 | GF10: 0.61805556 | GG10: 0.62152778 | GH10: 0.625 | GI10: 0.62847222 | GJ10: 0.63194444 | GK10: 0.63541667 | GL10: 0.63888889 | GM10: 0.64236111 | GN10: 0.64583333 | GO10: 0.64930556 | GP10: 0.65277778 | GQ10: 0.65625 | GR10: 0.65972222 | GS10: 0.66319444 | GT10: 0.66666667 | GU10: 0.67013889 | GV10: 0.67361111 | GW10: 0.67708333 | GX10: 0.68055556 | GY10: 0.68402778 | GZ10: 0.6875 | HA10: 0.69097222 | HB10: 0.69444444 | HC10: 0.69791667 | HD10: 0.70138889 | HE10: 0.70486111 | HF10: 0.70833333 | HG10: 0.71180556 | HH10: 0.71527778 | HI10: 0.71875 | HJ10: 0.72222222 | HK10: 0.72569444 | HL10: 0.72916667 | HM10: 0.73263889 | HN10: 0.73611111 | HO10: 0.73958333 | HP10: 0.74305556 | HQ10: 0.74652778 | HR10: 0.75 | HS10: 0.75347222 | HT10: 0.75694444 | HU10: 0.76041667 | HV10: 0.76388889 | HW10: 0.76736111 | HX10: 0.77083333 | HY10: 0.77430556 | HZ10: 0.77777778 | IA10: 0.78125 | IB10: 0.78472222 | IC10: 0.78819444 | ID10: 0.79166667 | IE10: 0.79513889 | IF10: 0.79861111 | IG10: 0.80208333 | IH10: 0.80555556 | II10: 0.80902778 | IJ10: 0.8125 | IK10: 0.81597222 | IL10: 0.81944444 | IM10: 0.82291667 | IN10: 0.82638889 | IO10: 0.82986111 | IP10: 0.83333333 | IQ10: 0.83680556 | IR10: 0.84027778 | IS10: 0.84375 | IT10: 0.84722222 | IU10: 0.85069444 | IV10: 0.85416667 | IW10: 0.85763889 | IX10: 0.86111111 | IY10: 0.86458333 | IZ10: 0.86805556 | JA10: 0.87152778 | JB10: 0.875 | JC10: 0.87847222 | JD10: 0.88194444 | JE10: 0.88541667 | JF10: 0.88888889 | JG10: 0.89236111 | JH10: 0.89583333 | JI10: 0.89930556 | JJ10: 0.90277778 | JK10: 0.90625 | JL10: 0.90972222 | JM10: 0.91319444 | JN10: 0.91666667 | JO10: 0.92013889 | JP10: 0.92361111 | JQ10: 0.92708333 | JR10: 0.93055556 | JS10: 0.93402778 | JT10: 0.9375 | JU10: 0.94097222 | JV10: 0.94444444 | JW10: 0.94791667 | JX10: 0.95138889 | JY10: 0.95486111 | JZ10: 0.95833333 | KA10: 0.96180556 | KB10: 0.96527778 | KC10: 0.96875 | KD10: 0.97222222 | KE10: 0.97569444 | KF10: 0.97916667 | KG10: 0.98263889 | KH10: 0.98611111 | KI10: 0.98958333 | KJ10: 0.99305556 | KK10: 0.99652778
H11: 2025 | I11: 3 | J11: 21972.541 | K11: 21954.745 | L11: 21837.293 | M11: 21745.48 | N11: 21650.933 | O11: 21573.92 | P11: 21464.297 | Q11: 21458.213 | R11: 21344.45 | S11: 21270.241 | T11: 21186.128 | U11: 21103.171 | V11: 21043.458 | W11: 21000.328 | X11: 20897.3 | Y11: 20790.162 | Z11: 20689.315 | AA11: 20602.861 | AB11: 20495.956 | AC11: 20507.019 | AD11: 20396.184 | AE11: 20317.734 | AF11: 20258.595 | AG11: 20165.587 | AH11: 20110.137 | AI11: 20112.985 | AJ11: 20041.858 | AK11: 19975.587 | AL11: 19893.647 | AM11: 19842.952 | AN11: 19780.662 | AO11: 19817.478 | AP11: 19737.003 | AQ11: 19689.959 | AR11: 19669.648 | AS11: 19619.586 | AT11: 19588.727 | AU11: 19635.705 | AV11: 19607.519 | AW11: 19582.735 | AX11: 19544.807 | AY11: 19533.249 | AZ11: 19508.24 | BA11: 19584.29 | BB11: 19556.907 | BC11: 19549.749 | BD11: 19537.09 | BE11: 19523.721 | BF11: 19526.977 | BG11: 19690.663 | BH11: 19679.196 | BI11: 19697.093 | BJ11: 19714.707 | BK11: 19739.79 | BL11: 19766.89 | BM11: 19874.02 | BN11: 19918.216 | BO11: 19945.564 | BP11: 20026.417 | BQ11: 20080.164 | BR11: 20168.56 | BS11: 20400.441 | BT11: 20522.621 | BU11: 20626.402 | BV11: 20737.03 | BW11: 20819 | BX11: 20957.119 | BY11: 21143.976 | BZ11: 21276.592 | CA11: 21420.288 | CB11: 21568.051 | CC11: 21728.038 | CD11: 21925.764 | CE11: 22309.801 | CF11: 22553.137 | CG11: 22749.865 | CH11: 22965.136 | CI11: 23104.773 | CJ11: 23271.022 | CK11: 23507.556 | CL11: 23675.735 | CM11: 23806.444 | CN11: 23925.382 | CO11: 24039.311 | CP11: 24149.991 | CQ11: 24177.716 | CR11: 24348.366 | CS11: 24391.358 | CT11: 24416.851 | CU11: 24418.198 | CV11: 24373.168 | CW11: 24333.457 | CX11: 24288.537 | CY11: 24171.214 | CZ11: 24077.138 | DA11: 23933.767 | DB11: 23805.002 | DC11: 23764.616 | DD11: 23615.433 | DE11: 23393.643 | DF11: 23205.26 | DG11: 22967.561 | DH11: 22738.937 | DI11: 22539.023 | DJ11: 22322.947 | DK11: 22085.617 | DL11: 21850.158 | DM11: 21634.816 | DN11: 21436.234 | DO11: 21348.416 | DP11: 21100.536 | DQ11: 20865.226 | DR11: 20656.064 | DS11: 20432.202 | DT11: 20206.484 | DU11: 20043.622 | DV11: 19800.576 | DW11: 19587.767 | DX11: 19382.221 | DY11: 19181.255 | DZ11: 18993.856 | EA11: 19039.11 | EB11: 18808.275 | EC11: 18649.189 | ED11: 18499.961 | EE11: 18342.497 | EF11: 18171.643 | EG11: 18188.579 | EH11: 18020.627 | EI11: 17864.135 | EJ11: 17817.644 | EK11: 17670.347 | EL11: 17550.293 | EM11: 17669.433 | EN11: 17504.255 | EO11: 17395.006 | EP11: 17390.707 | EQ11: 17281.338 | ER11: 17186.588 | ES11: 17218.378 | ET11: 17129.767 | EU11: 17048.628 | EV11: 17015.039 | EW11: 16958.986 | EX11: 16920.322 | EY11: 16959.547 | EZ11: 16891.656 | FA11: 16834.201 | FB11: 16802.637 | FC11: 16753.218 | FD11: 16715.381 | FE11: 16763.104 | FF11: 16736.034 | FG11: 16720.67 | FH11: 16724.749 | FI11: 16702.74 | FJ11: 16719.199 | FK11: 16821.944 | FL11: 16838.314 | FM11: 16842.572 | FN11: 16891.137 | FO11: 16914.851 | FP11: 16964.529 | FQ11: 17026.638 | FR11: 17083.078 | FS11: 17151.787 | FT11: 17228.002 | FU11: 17287.609 | FV11: 17395.776 | FW11: 17495.435 | FX11: 17591.716 | FY11: 17714.994 | FZ11: 17838.354 | GA11: 17954.11 | GB11: 18104.123 | GC11: 18248.239 | GD11: 18402.604 | GE11: 18572.545 | GF11: 18744.072 | GG11: 18905.793 | GH11: 19094.051 | GI11: 19269.627 | GJ11: 19458.35 | GK11: 19664.413 | GL11: 19905.572 | GM11: 20148.514 | GN11: 20372.672 | GO11: 20644.873 | GP11: 20913.456 | GQ11: 21203.918 | GR11: 21447.122 | GS11: 21734.771 | GT11: 21967.943 | GU11: 22228.19 | GV11: 22531.857 | GW11: 22828.376 | GX11: 23140.138 | GY11: 23469.736 | GZ11: 23752.088 | HA11: 24039.613 | HB11: 24362.874 | HC11: 24704.871 | HD11: 24994.167 | HE11: 25266.823 | HF11: 25532.713 | HG11: 25658.966 | HH11: 25968.203 | HI11: 26244.249 | HJ11: 26529.388 | HK11: 26825.003 | HL11: 27044.08 | HM11: 27305.816 | HN11: 27536.694 | HO11: 27733.722 | HP11: 27902.284 | HQ11: 28043.035 | HR11: 28110.066 | HS11: 28126.703 | HT11: 28230.969 | HU11: 28274.983 | HV11: 28346.452 | HW11: 28371.896 | HX11: 28377.185 | HY11: 28335.645 | HZ11: 28319.708 | IA11: 28277.81 | IB11: 28221.926 | IC11: 28178.27 | ID11: 28093.503 | IE11: 28012.223 | IF11: 27925.507 | IG11: 27879.784 | IH11: 27811.432 | II11: 27747.563 | IJ11: 27650.6 | IK11: 27570.273 | IL11: 27505.684 | IM11: 27446.311 | IN11: 27366.767 | IO11: 27282.475 | IP11: 27189.694 | IQ11: 27109.681 | IR11: 27039.093 | IS11: 26971.527 | IT11: 26911.815 | IU11: 26822.084 | IV11: 26738.432 | IW11: 26751.095 | IX11: 26635.145 | IY11: 26537.393 | IZ11: 26451.031 | JA11: 26324.502 | JB11: 26192.287 | JC11: 26111.549 | JD11: 25975.176 | JE11: 25820.088 | JF11: 25757.675 | JG11: 25613.948 | JH11: 25449.42 | JI11: 25352.144 | JJ11: 25162.02 | JK11: 24998.478 | JL11: 24851.653 | JM11: 24669.617 | JN11: 24416.156 | JO11: 24439.518 | JP11: 24358.941 | JQ11: 24215.784 | JR11: 24090.073 | JS11: 23929.998 | JT11: 23784.403 | JU11: 23674.858 | JV11: 23547.554 | JW11: 23399.234 | JX11: 23225.128 | JY11: 23080.757 | JZ11: 22998.169 | KA11: 23037.904 | KB11: 22988.27 | KC11: 22828.433 | KD11: 22713.816 | KE11: 22668.205 | KF11: 22579.908 | KG11: 22563.079 | KH11: 22392.59 | KI11: 22295.172 | KJ11: 22160.496 | KK11: 22044.442
H12: 2026 | I12: 3 | J12: 21974.633 | K12: 22062.846 | L12: 22006.318 | M12: 21965.461 | N12: 21900.761 | O12: 21795.355 | P12: 21695.553 | Q12: 21649.72 | R12: 21551.243 | S12: 21456.171 | T12: 21373.477 | U12: 21288.184 | V12: 21203.749 | W12: 21129.605 | X12: 21018.64 | Y12: 20927.22 | Z12: 20841.968 | AA12: 20735.839 | AB12: 20664.776 | AC12: 20619.693 | AD12: 20537.41 | AE12: 20473.525 | AF12: 20409.379 | AG12: 20348.12 | AH12: 20290.084 | AI12: 20255.493 | AJ12: 20196.191 | AK12: 20144.723 | AL12: 20085.407 | AM12: 20033.902 | AN12: 19986.742 | AO12: 19973.296 | AP12: 19928.417 | AQ12: 19885.889 | AR12: 19851.534 | AS12: 19806.788 | AT12: 19782.356 | AU12: 19794.568 | AV12: 19784.351 | AW12: 19775.308 | AX12: 19764.717 | AY12: 19727.942 | AZ12: 19696.1 | BA12: 19710.212 | BB12: 19702.596 | BC12: 19698.715 | BD12: 19687.223 | BE12: 19691.388 | BF12: 19683.921 | BG12: 19770.028 | BH12: 19796.888 | BI12: 19804.641 | BJ12: 19846.541 | BK12: 19866.179 | BL12: 19892.856 | BM12: 19978.584 | BN12: 20030.529 | BO12: 20074.842 | BP12: 20154.557 | BQ12: 20218.649 | BR12: 20319.169 | BS12: 20513.673 | BT12: 20667.324 | BU12: 20758.058 | BV12: 20862.167 | BW12: 20951.531 | BX12: 21070.871 | BY12: 21254.553 | BZ12: 21394.737 | CA12: 21509.24 | CB12: 21646.677 | CC12: 21788.801 | CD12: 21967.847 | CE12: 22289.416 | CF12: 22536.391 | CG12: 22731.576 | CH12: 22921.96 | CI12: 23071.019 | CJ12: 23222.251 | CK12: 23457.083 | CL12: 23632.636 | CM12: 23743.305 | CN12: 23875.117 | CO12: 23969.26 | CP12: 24064.623 | CQ12: 24117.537 | CR12: 24267.175 | CS12: 24355.347 | CT12: 24394.798 | CU12: 24378.234 | CV12: 24336.761 | CW12: 24292.92 | CX12: 24262.406 | CY12: 24157.301 | CZ12: 24043.493 | DA12: 23911.047 | DB12: 23803.906 | DC12: 23738.109 | DD12: 23613.463 | DE12: 23428.846 | DF12: 23263.715 | DG12: 23052.205 | DH12: 22827.661 | DI12: 22647.855 | DJ12: 22424.825 | DK12: 22198.196 | DL12: 22008.917 | DM12: 21790.377 | DN12: 21603.009 | DO12: 21496.429 | DP12: 21303.483 | DQ12: 21095.725 | DR12: 20891.494 | DS12: 20685.513 | DT12: 20464.607 | DU12: 20356.831 | DV12: 20156.697 | DW12: 19971.134 | DX12: 19791.594 | DY12: 19578.616 | DZ12: 19386.939 | EA12: 19409.49 | EB12: 19235.437 | EC12: 19092.58 | ED12: 18959.904 | EE12: 18777.141 | EF12: 18619.366 | EG12: 18543.502 | EH12: 18391.431 | EI12: 18264.234 | EJ12: 18198.866 | EK12: 18052.319 | EL12: 17936.353 | EM12: 18296.114 | EN12: 18219.31 | EO12: 18085.582 | EP12: 18099.945 | EQ12: 17984.863 | ER12: 17862.12 | ES12: 17906.919 | ET12: 17819.087 | EU12: 17726.29 | EV12: 17697.047 | EW12: 17596.791 | EX12: 17515.466 | EY12: 17551.09 | EZ12: 17480.248 | FA12: 17396.513 | FB12: 17361.579 | FC12: 17286.394 | FD12: 17225.111 | FE12: 17219.62 | FF12: 17166.692 | FG12: 17154.518 | FH12: 17126.941 | FI12: 17090.934 | FJ12: 17095.859 | FK12: 17127.39 | FL12: 17126.013 | FM12: 17132.29 | FN12: 17161.713 | FO12: 17142.615 | FP12: 17158.683 | FQ12: 17217.569 | FR12: 17257.555 | FS12: 17303.503 | FT12: 17361.959 | FU12: 17422.616 | FV12: 17477.719 | FW12: 17454.774 | FX12: 17536.159 | FY12: 17650.151 | FZ12: 17782.805 | GA12: 17896.308 | GB12: 18029.875 | GC12: 18176.952 | GD12: 18332.231 | GE12: 18489.423 | GF12: 18676.577 | GG12: 18829.441 | GH12: 19004.032 | GI12: 19146.605 | GJ12: 19373.392 | GK12: 19591.753 | GL12: 19828.994 | GM12: 20052.878 | GN12: 20287.203 | GO12: 20542.263 | GP12: 20799.278 | GQ12: 21061.102 | GR12: 21345.197 | GS12: 21625.107 | GT12: 21868.51 | GU12: 22111.238 | GV12: 22391.459 | GW12: 22670.338 | GX12: 22956.373 | GY12: 23287.02 | GZ12: 23558.254 | HA12: 23861.918 | HB12: 24158.879 | HC12: 24449.75 | HD12: 24751.71 | HE12: 25008.642 | HF12: 25269.655 | HG12: 25366.116 | HH12: 25617.382 | HI12: 25879.242 | HJ12: 26138.606 | HK12: 26380.051 | HL12: 26615.994 | HM12: 26828.502 | HN12: 27058.927 | HO12: 27193.821 | HP12: 27366.65 | HQ12: 27518.874 | HR12: 27574.266 | HS12: 27535.463 | HT12: 27586.915 | HU12: 27672.352 | HV12: 27719.451 | HW12: 27733.127 | HX12: 27734.122 | HY12: 27675.595 | HZ12: 27655.755 | IA12: 27647.26 | IB12: 27611.904 | IC12: 27517.764 | ID12: 27474.629 | IE12: 27355.02 | IF12: 27281.193 | IG12: 27218.863 | IH12: 27171.288 | II12: 27088.696 | IJ12: 27026.195 | IK12: 26973.755 | IL12: 26907.742 | IM12: 26855.96 | IN12: 26789.479 | IO12: 26719.331 | IP12: 26610.809 | IQ12: 26565.99 | IR12: 26489.059 | IS12: 26427.591 | IT12: 26337.478 | IU12: 26261.512 | IV12: 26178.899 | IW12: 26236.053 | IX12: 26121.084 | IY12: 26024.808 | IZ12: 25989.15 | JA12: 25880.963 | JB12: 25758.856 | JC12: 25718.748 | JD12: 25586.589 | JE12: 25452.528 | JF12: 25433.704 | JG12: 25300.565 | JH12: 25148.885 | JI12: 25089.612 | JJ12: 24925.175 | JK12: 24748.005 | JL12: 24642.02 | JM12: 24473.074 | JN12: 24212.622 | JO12: 24260.458 | JP12: 24172.159 | JQ12: 24076.738 | JR12: 23927.794 | JS12: 23768.977 | JT12: 23619.699 | JU12: 23496.187 | JV12: 23373.32 | JW12: 23238.521 | JX12: 23078.274 | JY12: 22986.719 | JZ12: 22900.862 | KA12: 22927.788 | KB12: 22866.642 | KC12: 22762.872 | KD12: 22658.553 | KE12: 22611.364 | KF12: 22541.638 | KG12: 22503.061 | KH12: 22358.135 | KI12: 22245.974 | KJ12: 22119.111 | KK12: 22042.946

Sheet Figure 7
B1: Go to Contents
B3: =Contents!B2 -> Quarterly Energy Dynamics - Q3 2026
B4: =Contents!B3 -> Figures from the report covering 1 July to 30 September 2026
B6: =Contents!B12 -> Figure 7 Maximum operational demand lower in mainland regions except Victoria
B7: =Contents!$C12 -> Maximum operational demand for mainland regions – Q3s
B8: MW
K9: NSW | L9: QLD | M9: SA | N9: VIC
I10: 2007 | J10: Q3 | K10: 13871 | L10: 7763 | M10: 2316 | N10: 8351
I11: 2008 | J11: Q3 | K11: 14289 | L11: 8212 | M11: 2530 | N11: 8099
I12: 2009 | J12: Q3 | K12: 12914 | L12: 7629 | M12: 2394 | N12: 7833
I13: 2010 | J13: Q3 | K13: 12885 | L13: 7281 | M13: 2523 | N13: 8089
I14: 2011 | J14: Q3 | K14: 12946 | L14: 7255 | M14: 2361 | N14: 7912
I15: 2012 | J15: Q3 | K15: 11891 | L15: 7246 | M15: 2408 | N15: 7849
I16: 2013 | J16: Q3 | K16: 11551 | L16: 7108 | M16: 2358 | N16: 7775
I17: 2014 | J17: Q3 | K17: 11559 | L17: 7307 | M17: 2423 | N17: 7650
I18: 2015 | J18: Q3 | K18: 12136 | L18: 7822 | M18: 2447 | N18: 7932
I19: 2016 | J19: Q3 | K19: 12007 | L19: 7993 | M19: 2459 | N19: 7754
I20: 2017 | J20: Q3 | K20: 12003 | L20: 7720 | M20: 2305 | N20: 7647
I21: 2018 | J21: Q3 | K21: 12039 | L21: 7749 | M21: 2299 | N21: 7377
... I29: 2026 | J29: Q3 | K29: 11659 | L29: 8109 | M29: 2364 | N29: 8955

Sheet Figure 8
B1: Go to Contents
B3: =Contents!B2 -> Quarterly Energy Dynamics - Q3 2026
B4: =Contents!B3 -> Figures from the report covering 1 July to 30 September 2026
B6: =Contents!B13 -> Figure 8 Queensland recorded new all-time minimum operational demand, while South Australia set new Q3 low
B7: =Contents!$C13 -> Minimum operational demand for mainland regions – Q3s
B8: MW
K9: NSW | L9: QLD | M9: SA | N9: VIC
I10: 2007 | J10: Q3 | K10: 6340 | L10: 4094 | M10: 1070 | N10: 4516
I11: 2008 | J11: Q3 | K11: 6266 | L11: 4109 | M11: 1118 | N11: 4416
I12: 2009 | J12: Q3 | K12: 6094 | L12: 4160 | M12: 1055 | N12: 4261
I13: 2010 | J13: Q3 | K13: 6266 | L13: 4245 | M13: 1201 | N13: 4495
I14: 2011 | J14: Q3 | K14: 6174 | L14: 4216 | M14: 1113 | N14: 4346
I15: 2012 | J15: Q3 | K15: 5766 | L15: 4315 | M15: 1097 | N15: 4129
I16: 2013 | J16: Q3 | K16: 5741 | L16: 4207 | M16: 993 | N16: 4065
I17: 2014 | J17: Q3 | K17: 5717 | L17: 4126 | M17: 931 | N17: 3688
I18: 2015 | J18: Q3 | K18: 5770 | L18: 4299 | M18: 900 | N18: 3846
I19: 2016 | J19: Q3 | K19: 5626 | L19: 4863 | M19: 642 | N19: 3836
I20: 2017 | J20: Q3 | K20: 5843 | L20: 4766 | M20: 793 | N20: 3601
I21: 2018 | J21: Q3 | K21: 5961 | L21: 4647 | M21: 661 | N21: 3752
... I29: 2026 | J29: Q3 | K29: 3538 | L29: 2741 | M29: -38 | N29: 2109

Sheet Figure 9
B1: Go to Contents
B3: =Contents!B2 -> Quarterly Energy Dynamics - Q3 2026
B4: =Contents!B3 -> Figures from the report covering 1 July to 30 September 2026
B6: =Contents!B14 -> Figure 9 CER solar capacity increased with growth in installations
B7: =Contents!$C14 -> Cumulative CER solar capacity and installations by region – end of Q3
B8: GW [LHS]; million [RHS]
B23: Source: Clean Energy Regulator (CER)

Sheet Figure 10
B1: Go to Contents
B3: =Contents!B2 -> Quarterly Energy Dynamics - Q3 2026
B4: =Contents!B3 -> Figures from the report covering 1 July to 30 September 2026
B6: =Contents!B15 -> Figure 10 Continued growth in CER battery capacity and installations across the NEM
B7: =Contents!$C15 -> Cumulative CER battery capacity and installations by region
B8: MWh [LHS]; thousand [RHS]
B23: Source: Clean Energy Regulator (CER)

Sheet Figure 11
B1: Go to Contents
B3: =Contents!B2 -> Quarterly Energy Dynamics - Q3 2026
B4: =Contents!B3 -> Figures from the report covering 1 July to 30 September 2026
B6: =Contents!B16 -> Figure 11 Households with PV and battery shift to net exports later and reduce net imports during peaks
B7: =Contents!$C16 -> Average household PV and battery net kW in Q3 2026 – NEM
B8: kW
B23: Source: National Metering Identifier (NMI) sample datasets

Sheet Figure 12
B1: Go to Contents
B3: =Contents!B2 -> Quarterly Energy Dynamics - Q3 2026
B4: =Contents!B3 -> Figures from the report covering 1 July to 30 September 2026
B6: =Contents!B17 -> Figure 12 Decrease in WDR dispatch
B7: =Contents!$C17 -> Total quarterly WDR energy dispatch
B8: MWh
H10: QTR YEAR | I10: NSW | J10: QLD | K10: SA | L10: VIC
H11: Q2 25 | I11: 166.5 | J11: 19.083333 | K11: 6.8333331 | L11: 44.75
H12: Q3 25 | I12: 21.166667 | J12: 0 | K12: 0 | L12: 0
H13: Q4 25 | I13: 143.91667 | J13: 0 | K13: 0 | L13: 0
H14: Q1 26 | I14: 0 | J14: 0 | K14: 2.9166665 | L14: 0
H15: Q2 26 | I15: 264.87167 | J15: 0 | K15: 0 | L15: 1.2133334
H16: Q3 26 | I16: 0 | J16: 0 | K16: 0 | L16: 0.8225

Sheet Figure 13
B1: Go to Contents
B3: =Contents!B2 -> Quarterly Energy Dynamics - Q3 2026
B4: =Contents!B3 -> Figures from the report covering 1 July to 30 September 2026
B6: =Contents!B18 -> Figure 13 Average NEM spot prices fell 27% year-on-year
B7: =Contents!$C18 -> NEM average wholesale electricity spot prices – quarterly since Q3 2023
B8: $/MWh
M9: QTR/YEAR | N9: NEM Average Price ($/MWh)
M10: Q3 23 | N10: 63.287134
M11: Q4 23 | N11: 48.267901
M12: Q1 24 | N12: 75.785552
M13: Q2 24 | N13: 133.42991
M14: Q3 24 | N14: 118.88055
M15: Q4 24 | N15: 88.331775
M16: Q1 25 | N16: 82.920736
M17: Q2 25 | N17: 140.18036
M18: Q3 25 | N18: 86.748283
M19: Q4 25 | N19: 49.61756
M20: Q1 26 | N20: 72.755975
M21: Q2 26 | N21: 74.123643
M22: Q3 26 | N22: 63.251312
M23: 46204 | N23: 76.849131
M24: 46235 | N24: 65.221875
M25: 46266 | N25: 47.163984

Sheet Figure 14
B1: Go to Contents
B3: =Contents!B2 -> Quarterly Energy Dynamics - Q3 2026
B4: =Contents!B3 -> Figures from the report covering 1 July to 30 September 2026
B6: =Contents!B19 -> Figure 14 Year-on-year declines in both energy and cap return prices across all regions
B7: =Contents!$C19 -> Average wholesale electricity spot price by region – energy and cap return components for selected quarters
B8: $/MWh
M10: Region | N10: Year | O10: Quarter | P10: Energy | Q10: Cap return
M11: QLD | N11: 2025 | O11: Q3 | P11: 71.493786 | Q11: 0.25596895
M12: QLD | N12: 2026 | O12: Q2 | P12: 67.11781 | Q12: 0.007746367
M13: QLD | N13: 2026 | O13: Q3 | P13: 60.944612 | Q13: 0.083001235
M15: NSW | N15: 2025 | O15: Q3 | P15: 88.401288 | Q15: 1.61423
M16: NSW | N16: 2026 | O16: Q2 | P16: 75.085267 | Q16: 0.006565628
M17: NSW | N17: 2026 | O17: Q3 | P17: 74.22652 | Q17: 0.053868842
M19: VIC | N19: 2025 | O19: Q3 | P19: 75.620462 | Q19: 1.4795154
M20: VIC | N20: 2026 | O20: Q2 | P20: 55.844048 | Q20: 0.00844585
M21: VIC | N21: 2026 | O21: Q3 | P21: 54.119998 | Q21: 1.9511749
M23: SA | N23: 2025 | O23: Q3 | P23: 79.353288 | Q23: 24.281289
M24: SA | N24: 2026 | O24: Q2 | P24: 72.122481 | Q24: 14.244439
M25: SA | N25: 2026 | O25: Q3 | P25: 64.966225 | Q25: 3.7728413
... M29: TAS | N29: 2026 | O29: Q3 | P29: 53.594625 | Q29: 2.5436939

Sheet Figure 15
B1: Go to Contents
B3: =Contents!B2 -> Quarterly Energy Dynamics - Q3 2026
B4: =Contents!B3 -> Figures from the report covering 1 July to 30 September 2026
B6: =Contents!B20 -> Figure 15 Significant reduction in spot prices during the evening peak, while morning peak and overnight prices also declined
B7: =Contents!$C20 -> NEM average spot price by time of day – Q3 2026 vs Q3 2025
B8: $/MWh
I10: 0.0034722222 | J10: 0.0069444444 | K10: 0.010416667 | L10: 0.013888889 | M10: 0.017361111 | N10: 0.020833333 | O10: 0.024305556 | P10: 0.027777778 | Q10: 0.03125 | R10: 0.034722222 | S10: 0.038194444 | T10: 0.041666667 | U10: 0.045138889 | V10: 0.048611111 | W10: 0.052083333 | X10: 0.055555556 | Y10: 0.059027778 | Z10: 0.0625 | AA10: 0.065972222 | AB10: 0.069444444 | AC10: 0.072916667 | AD10: 0.076388889 | AE10: 0.079861111 | AF10: 0.083333333 | AG10: 0.086805556 | AH10: 0.090277778 | AI10: 0.09375 | AJ10: 0.097222222 | AK10: 0.10069444 | AL10: 0.10416667 | AM10: 0.10763889 | AN10: 0.11111111 | AO10: 0.11458333 | AP10: 0.11805556 | AQ10: 0.12152778 | AR10: 0.125 | AS10: 0.12847222 | AT10: 0.13194444 | AU10: 0.13541667 | AV10: 0.13888889 | AW10: 0.14236111 | AX10: 0.14583333 | AY10: 0.14930556 | AZ10: 0.15277778 | BA10: 0.15625 | BB10: 0.15972222 | BC10: 0.16319444 | BD10: 0.16666667 | BE10: 0.17013889 | BF10: 0.17361111 | BG10: 0.17708333 | BH10: 0.18055556 | BI10: 0.18402778 | BJ10: 0.1875 | BK10: 0.19097222 | BL10: 0.19444444 | BM10: 0.19791667 | BN10: 0.20138889 | BO10: 0.20486111 | BP10: 0.20833333 | BQ10: 0.21180556 | BR10: 0.21527778 | BS10: 0.21875 | BT10: 0.22222222 | BU10: 0.22569444 | BV10: 0.22916667 | BW10: 0.23263889 | BX10: 0.23611111 | BY10: 0.23958333 | BZ10: 0.24305556 | CA10: 0.24652778 | CB10: 0.25 | CC10: 0.25347222 | CD10: 0.25694444 | CE10: 0.26041667 | CF10: 0.26388889 | CG10: 0.26736111 | CH10: 0.27083333 | CI10: 0.27430556 | CJ10: 0.27777778 | CK10: 0.28125 | CL10: 0.28472222 | CM10: 0.28819444 | CN10: 0.29166667 | CO10: 0.29513889 | CP10: 0.29861111 | CQ10: 0.30208333 | CR10: 0.30555556 | CS10: 0.30902778 | CT10: 0.3125 | CU10: 0.31597222 | CV10: 0.31944444 | CW10: 0.32291667 | CX10: 0.32638889 | CY10: 0.32986111 | CZ10: 0.33333333 | DA10: 0.33680556 | DB10: 0.34027778 | DC10: 0.34375 | DD10: 0.34722222 | DE10: 0.35069444 | DF10: 0.35416667 | DG10: 0.35763889 | DH10: 0.36111111 | DI10: 0.36458333 | DJ10: 0.36805556 | DK10: 0.37152778 | DL10: 0.375 | DM10: 0.37847222 | DN10: 0.38194444 | DO10: 0.38541667 | DP10: 0.38888889 | DQ10: 0.39236111 | DR10: 0.39583333 | DS10: 0.39930556 | DT10: 0.40277778 | DU10: 0.40625 | DV10: 0.40972222 | DW10: 0.41319444 | DX10: 0.41666667 | DY10: 0.42013889 | DZ10: 0.42361111 | EA10: 0.42708333 | EB10: 0.43055556 | EC10: 0.43402778 | ED10: 0.4375 | EE10: 0.44097222 | EF10: 0.44444444 | EG10: 0.44791667 | EH10: 0.45138889 | EI10: 0.45486111 | EJ10: 0.45833333 | EK10: 0.46180556 | EL10: 0.46527778 | EM10: 0.46875 | EN10: 0.47222222 | EO10: 0.47569444 | EP10: 0.47916667 | EQ10: 0.48263889 | ER10: 0.48611111 | ES10: 0.48958333 | ET10: 0.49305556 | EU10: 0.49652778 | EV10: 0.5 | EW10: 0.50347222 | EX10: 0.50694444 | EY10: 0.51041667 | EZ10: 0.51388889 | FA10: 0.51736111 | FB10: 0.52083333 | FC10: 0.52430556 | FD10: 0.52777778 | FE10: 0.53125 | FF10: 0.53472222 | FG10: 0.53819444 | FH10: 0.54166667 | FI10: 0.54513889 | FJ10: 0.54861111 | FK10: 0.55208333 | FL10: 0.55555556 | FM10: 0.55902778 | FN10: 0.5625 | FO10: 0.56597222 | FP10: 0.56944444 | FQ10: 0.57291667 | FR10: 0.57638889 | FS10: 0.57986111 | FT10: 0.58333333 | FU10: 0.58680556 | FV10: 0.59027778 | FW10: 0.59375 | FX10: 0.59722222 | FY10: 0.60069444 | FZ10: 0.60416667 | GA10: 0.60763889 | GB10: 0.61111111 | GC10: 0.61458333 | GD10: 0.61805556 | GE10: 0.62152778 | GF10: 0.625 | GG10: 0.62847222 | GH10: 0.63194444 | GI10: 0.63541667 | GJ10: 0.63888889 | GK10: 0.64236111 | GL10: 0.64583333 | GM10: 0.64930556 | GN10: 0.65277778 | GO10: 0.65625 | GP10: 0.65972222 | GQ10: 0.66319444 | GR10: 0.66666667 | GS10: 0.67013889 | GT10: 0.67361111 | GU10: 0.67708333 | GV10: 0.68055556 | GW10: 0.68402778 | GX10: 0.6875 | GY10: 0.69097222 | GZ10: 0.69444444 | HA10: 0.69791667 | HB10: 0.70138889 | HC10: 0.70486111 | HD10: 0.70833333 | HE10: 0.71180556 | HF10: 0.71527778 | HG10: 0.71875 | HH10: 0.72222222 | HI10: 0.72569444 | HJ10: 0.72916667 | HK10: 0.73263889 | HL10: 0.73611111 | HM10: 0.73958333 | HN10: 0.74305556 | HO10: 0.74652778 | HP10: 0.75 | HQ10: 0.75347222 | HR10: 0.75694444 | HS10: 0.76041667 | HT10: 0.76388889 | HU10: 0.76736111 | HV10: 0.77083333 | HW10: 0.77430556 | HX10: 0.77777778 | HY10: 0.78125 | HZ10: 0.78472222 | IA10: 0.78819444 | IB10: 0.79166667 | IC10: 0.79513889 | ID10: 0.79861111 | IE10: 0.80208333 | IF10: 0.80555556 | IG10: 0.80902778 | IH10: 0.8125 | II10: 0.81597222 | IJ10: 0.81944444 | IK10: 0.82291667 | IL10: 0.82638889 | IM10: 0.82986111 | IN10: 0.83333333 | IO10: 0.83680556 | IP10: 0.84027778 | IQ10: 0.84375 | IR10: 0.84722222 | IS10: 0.85069444 | IT10: 0.85416667 | IU10: 0.85763889 | IV10: 0.86111111 | IW10: 0.86458333 | IX10: 0.86805556 | IY10: 0.87152778 | IZ10: 0.875 | JA10: 0.87847222 | JB10: 0.88194444 | JC10: 0.88541667 | JD10: 0.88888889 | JE10: 0.89236111 | JF10: 0.89583333 | JG10: 0.89930556 | JH10: 0.90277778 | JI10: 0.90625 | JJ10: 0.90972222 | JK10: 0.91319444 | JL10: 0.91666667 | JM10: 0.92013889 | JN10: 0.92361111 | JO10: 0.92708333 | JP10: 0.93055556 | JQ10: 0.93402778 | JR10: 0.9375 | JS10: 0.94097222 | JT10: 0.94444444 | JU10: 0.94791667 | JV10: 0.95138889 | JW10: 0.95486111 | JX10: 0.95833333 | JY10: 0.96180556 | JZ10: 0.96527778 | KA10: 0.96875 | KB10: 0.97222222 | KC10: 0.97569444 | KD10: 0.97916667 | KE10: 0.98263889 | KF10: 0.98611111 | KG10: 0.98958333 | KH10: 0.99305556 | KI10: 0.99652778 | KJ10: 1
H11: Q3 2026 | I11: 70.103035 | J11: 76.536238 | K11: 74.2806 | L11: 72.954984 | M11: 72.693906 | N11: 70.942944 | O11: 72.25695 | P11: 71.721533 | Q11: 70.480131 | R11: 68.666055 | S11: 67.599643 | T11: 66.058759 | U11: 68.565934 | V11: 68.943169 | W11: 66.883832 | X11: 65.421938 | Y11: 66.555163 | Z11: 63.982669 | AA11: 65.939814 | AB11: 65.568905 | AC11: 65.266277 | AD11: 65.72778 | AE11: 64.353999 | AF11: 62.341177 | AG11: 66.189452 | AH11: 66.598101 | AI11: 64.830344 | AJ11: 64.11109 | AK11: 64.259308 | AL11: 63.64459 | AM11: 73.302372 | AN11: 64.163646 | AO11: 63.340935 | AP11: 63.341702 | AQ11: 70.047508 | AR11: 62.965487 | AS11: 63.568015 | AT11: 64.14534 | AU11: 64.05649 | AV11: 63.337292 | AW11: 64.111464 | AX11: 62.302332 | AY11: 61.868884 | AZ11: 63.327382 | BA11: 62.33191 | BB11: 62.500636 | BC11: 61.799522 | BD11: 61.055257 | BE11: 63.177433 | BF11: 62.867525 | BG11: 63.740187 | BH11: 62.300075 | BI11: 62.357928 | BJ11: 62.929262 | BK11: 62.612948 | BL11: 64.224236 | BM11: 64.183099 | BN11: 63.948772 | BO11: 65.619662 | BP11: 67.512473 | BQ11: 63.276012 | BR11: 66.842614 | BS11: 68.768603 | BT11: 69.650228 | BU11: 69.998758 | BV11: 71.774385 | BW11: 68.310722 | BX11: 71.299789 | BY11: 73.456634 | BZ11: 73.775757 | CA11: 74.196139 | CB11: 78.912488 | CC11: 72.620551 | CD11: 77.770597 | CE11: 77.437771 | CF11: 80.557843 | CG11: 79.664198 | CH11: 80.699794 | CI11: 75.889937 | CJ11: 78.106208 | CK11: 79.268077 | CL11: 77.332192 | CM11: 80.109194 | CN11: 77.919799 | CO11: 74.517355 | CP11: 71.732274 | CQ11: 72.348277 | CR11: 71.205248 | CS11: 71.12908 | CT11: 68.539996 | CU11: 69.271483 | CV11: 64.861373 | CW11: 66.016663 | CX11: 62.81085 | CY11: 59.668212 | CZ11: 55.073048 | DA11: 57.047311 | DB11: 55.757036 | DC11: 54.872075 | DD11: 51.619478 | DE11: 47.927866 | DF11: 44.786658 | DG11: 46.506161 | DH11: 46.39668 | DI11: 43.496494 | DJ11: 40.22376 | DK11: 39.436342 | DL11: 36.894959 | DM11: 41.512832 | DN11: 41.817027 | DO11: 38.720351 | DP11: 38.065761 | DQ11: 35.495224 | DR11: 31.973463 | DS11: 36.168507 | DT11: 38.379224 | DU11: 35.571597 | DV11: 31.573814 | DW11: 31.875966 | DX11: 30.136563 | DY11: 33.835502 | DZ11: 33.79256 | EA11: 30.687914 | EB11: 29.502034 | EC11: 28.348373 | ED11: 26.582736 | EE11: 30.533779 | EF11: 30.372239 | EG11: 28.641947 | EH11: 25.351551 | EI11: 26.338815 | EJ11: 24.154741 | EK11: 28.15784 | EL11: 32.604977 | EM11: 31.401404 | EN11: 28.74118 | EO11: 28.139946 | EP11: 27.994494 | EQ11: 29.673329 | ER11: 29.473784 | ES11: 27.93262 | ET11: 27.557241 | EU11: 26.4227 | EV11: 26.476763 | EW11: 28.30373 | EX11: 28.309931 | EY11: 26.517046 | EZ11: 27.178544 | FA11: 26.650184 | FB11: 25.613783 | FC11: 27.153519 | FD11: 27.132795 | FE11: 27.856376 | FF11: 26.968413 | FG11: 26.731659 | FH11: 27.129254 | FI11: 26.140739 | FJ11: 27.382646 | FK11: 25.16182 | FL11: 24.995534 | FM11: 25.586175 | FN11: 25.679072 | FO11: 26.755961 | FP11: 26.207443 | FQ11: 25.909159 | FR11: 26.555153 | FS11: 27.31419 | FT11: 27.094259 | FU11: 25.970285 | FV11: 26.098904 | FW11: 25.011705 | FX11: 24.612673 | FY11: 25.657861 | FZ11: 25.872237 | GA11: 26.055608 | GB11: 27.017426 | GC11: 26.679051 | GD11: 26.685252 | GE11: 28.374428 | GF11: 30.170642 | GG11: 25.856169 | GH11: 26.643823 | GI11: 28.207899 | GJ11: 30.815747 | GK11: 32.659829 | GL11: 35.018882 | GM11: 32.883531 | GN11: 36.598797 | GO11: 40.226097 | GP11: 44.471912 | GQ11: 48.760883 | GR11: 56.888559 | GS11: 50.318489 | GT11: 52.226833 | GU11: 61.249407 | GV11: 116.57837 | GW11: 74.594106 | GX11: 80.238671 | GY11: 74.085824 | GZ11: 79.914179 | HA11: 84.258507 | HB11: 88.551755 | HC11: 92.264716 | HD11: 96.216114 | HE11: 87.861393 | HF11: 88.473174 | HG11: 93.53836 | HH11: 101.12931 | HI11: 105.7328 | HJ11: 108.63941 | HK11: 95.981277 | HL11: 96.321576 | HM11: 99.610767 | HN11: 100.36908 | HO11: 102.26034 | HP11: 101.93911 | HQ11: 98.309574 | HR11: 97.026922 | HS11: 97.53826 | HT11: 98.680591 | HU11: 96.998436 | HV11: 97.359642 | HW11: 98.124088 | HX11: 97.452086 | HY11: 94.518573 | HZ11: 94.263128 | IA11: 96.590108 | IB11: 96.137694 | IC11: 96.668951 | ID11: 96.38762 | IE11: 95.045135 | IF11: 96.028765 | IG11: 97.590626 | IH11: 109.32506 | II11: 153.04814 | IJ11: 204.18106 | IK11: 95.479578 | IL11: 94.423059 | IM11: 95.285736 | IN11: 91.437459 | IO11: 90.562374 | IP11: 90.784065 | IQ11: 92.078904 | IR11: 89.529343 | IS11: 89.697294 | IT11: 87.265219 | IU11: 89.689764 | IV11: 91.793918 | IW11: 89.929707 | IX11: 89.374586 | IY11: 89.106256 | IZ11: 87.428873 | JA11: 91.323158 | JB11: 92.282616 | JC11: 89.67901 | JD11: 89.001087 | JE11: 88.370975 | JF11: 86.382192 | JG11: 90.130555 | JH11: 88.625936 | JI11: 86.830752 | JJ11: 82.700842 | JK11: 83.655852 | JL11: 79.701846 | JM11: 83.828709 | JN11: 86.638864 | JO11: 83.771031 | JP11: 82.634902 | JQ11: 80.474846 | JR11: 75.754264 | JS11: 79.358653 | JT11: 78.84719 | JU11: 78.223407 | JV11: 76.635153 | JW11: 73.827048 | JX11: 71.845136 | JY11: 76.052504 | JZ11: 78.804943 | KA11: 77.982901 | KB11: 74.081716 | KC11: 72.652368 | KD11: 72.589721 | KE11: 75.251802 | KF11: 76.666073 | KG11: 73.487747 | KH11: 71.213836 | KI11: 70.680945 | KJ11: 67.025663
H12: Q3 2025 | I12: 90.075032 | J12: 94.11153 | K12: 89.720207 | L12: 88.626198 | M12: 89.152333 | N12: 90.423044 | O12: 88.279604 | P12: 91.112429 | Q12: 87.269175 | R12: 90.882949 | S12: 85.762359 | T12: 79.403169 | U12: 85.882612 | V12: 86.939468 | W12: 81.156365 | X12: 81.372513 | Y12: 79.415587 | Z12: 77.250813 | AA12: 79.250495 | AB12: 79.637466 | AC12: 77.390517 | AD12: 75.369431 | AE12: 76.334905 | AF12: 71.180083 | AG12: 78.211265 | AH12: 79.921935 | AI12: 77.916181 | AJ12: 75.378241 | AK12: 75.400708 | AL12: 72.978485 | AM12: 73.719049 | AN12: 75.338734 | AO12: 74.287086 | AP12: 72.510459 | AQ12: 72.688238 | AR12: 71.074096 | AS12: 74.843675 | AT12: 78.09559 | AU12: 82.103836 | AV12: 73.907783 | AW12: 72.538342 | AX12: 70.796079 | AY12: 71.790139 | AZ12: 74.974951 | BA12: 73.576621 | BB12: 73.849024 | BC12: 72.841528 | BD12: 72.028098 | BE12: 72.325272 | BF12: 76.995147 | BG12: 76.382553 | BH12: 74.938505 | BI12: 75.665885 | BJ12: 74.865056 | BK12: 74.461867 | BL12: 75.905169 | BM12: 77.490511 | BN12: 76.277264 | BO12: 77.361576 | BP12: 79.197386 | BQ12: 74.007829 | BR12: 79.57771 | BS12: 81.168289 | BT12: 81.666515 | BU12: 84.863455 | BV12: 85.289063 | BW12: 84.995164 | BX12: 87.687918 | BY12: 91.074748 | BZ12: 91.736436 | CA12: 94.340936 | CB12: 98.630495 | CC12: 92.536669 | CD12: 106.1672 | CE12: 108.11783 | CF12: 111.54559 | CG12: 123.32324 | CH12: 117.04929 | CI12: 110.53357 | CJ12: 116.6615 | CK12: 118.65931 | CL12: 117.28185 | CM12: 117.99553 | CN12: 116.69064 | CO12: 118.89953 | CP12: 113.30358 | CQ12: 121.65424 | CR12: 114.17819 | CS12: 112.56048 | CT12: 111.24005 | CU12: 102.40139 | CV12: 104.20027 | CW12: 94.109758 | CX12: 94.00128 | CY12: 91.793713 | CZ12: 96.310879 | DA12: 88.947333 | DB12: 89.222501 | DC12: 87.409104 | DD12: 79.637272 | DE12: 74.81299 | DF12: 63.523512 | DG12: 65.058431 | DH12: 64.96843 | DI12: 62.775953 | DJ12: 58.503493 | DK12: 55.313694 | DL12: 50.582507 | DM12: 56.265215 | DN12: 64.543956 | DO12: 85.293471 | DP12: 49.925116 | DQ12: 50.197825 | DR12: 41.277078 | DS12: 61.373222 | DT12: 47.287689 | DU12: 44.283875 | DV12: 38.581347 | DW12: 38.515948 | DX12: 33.02149 | DY12: 34.584311 | DZ12: 43.28665 | EA12: 36.953152 | EB12: 36.894461 | EC12: 31.155837 | ED12: 29.19552 | EE12: 33.097665 | EF12: 33.39181 | EG12: 29.269712 | EH12: 27.812436 | EI12: 28.488116 | EJ12: 25.643378 | EK12: 27.683493 | EL12: 32.604337 | EM12: 26.831278 | EN12: 26.514621 | EO12: 26.318499 | EP12: 20.325771 | EQ12: 25.499311 | ER12: 24.547514 | ES12: 24.383206 | ET12: 24.853477 | EU12: 24.372689 | EV12: 23.362136 | EW12: 24.59124 | EX12: 26.222464 | EY12: 22.579909 | EZ12: 23.827514 | FA12: 21.796182 | FB12: 21.107294 | FC12: 20.466236 | FD12: 23.330713 | FE12: 19.516994 | FF12: 20.422944 | FG12: 23.265398 | FH12: 21.322916 | FI12: 22.159641 | FJ12: 24.105937 | FK12: 23.912739 | FL12: 21.960139 | FM12: 21.906831 | FN12: 22.262805 | FO12: 23.317371 | FP12: 24.763608 | FQ12: 23.066692 | FR12: 24.23261 | FS12: 25.265177 | FT12: 25.570725 | FU12: 26.585136 | FV12: 26.413745 | FW12: 26.218731 | FX12: 27.974135 | FY12: 29.100638 | FZ12: 32.273648 | GA12: 28.447786 | GB12: 31.756917 | GC12: 30.479994 | GD12: 31.400414 | GE12: 33.87806 | GF12: 37.200787 | GG12: 33.081846 | GH12: 36.179988 | GI12: 34.971135 | GJ12: 36.179872 | GK12: 38.123653 | GL12: 44.537644 | GM12: 37.409338 | GN12: 43.755223 | GO12: 45.879463 | GP12: 54.62794 | GQ12: 57.295074 | GR12: 68.759491 | GS12: 53.434634 | GT12: 56.284625 | GU12: 64.528151 | GV12: 73.672109 | GW12: 82.842145 | GX12: 99.062726 | GY12: 89.487371 | GZ12: 97.284284 | HA12: 113.90828 | HB12: 123.27102 | HC12: 134.77951 | HD12: 138.93851 | HE12: 129.56156 | HF12: 127.59962 | HG12: 138.24828 | HH12: 153.74765 | HI12: 160.0879 | HJ12: 191.75431 | HK12: 162.14002 | HL12: 162.99937 | HM12: 179.59268 | HN12: 181.76484 | HO12: 181.89929 | HP12: 195.94361 | HQ12: 171.65418 | HR12: 174.306 | HS12: 176.53713 | HT12: 176.04556 | HU12: 177.8345 | HV12: 184.9802 | HW12: 172.08447 | HX12: 171.18542 | HY12: 169.36191 | HZ12: 167.19813 | IA12: 166.34913 | IB12: 165.7301 | IC12: 160.6742 | ID12: 161.70508 | IE12: 155.59385 | IF12: 170.06564 | IG12: 163.57461 | IH12: 164.20499 | II12: 164.1942 | IJ12: 163.5999 | IK12: 161.52734 | IL12: 160.48455 | IM12: 159.36274 | IN12: 142.33562 | IO12: 154.25545 | IP12: 151.44902 | IQ12: 152.27473 | IR12: 155.10416 | IS12: 147.69563 | IT12: 135.81105 | IU12: 155.10069 | IV12: 167.56784 | IW12: 155.40374 | IX12: 159.58178 | IY12: 155.63989 | IZ12: 134.11918 | JA12: 148.80287 | JB12: 155.91559 | JC12: 129.1357 | JD12: 129.46914 | JE12: 137.78663 | JF12: 130.47745 | JG12: 145.90525 | JH12: 125.59726 | JI12: 129.33464 | JJ12: 107.70547 | JK12: 103.98248 | JL12: 96.823719 | JM12: 127.23847 | JN12: 144.72267 | JO12: 145.01753 | JP12: 138.44501 | JQ12: 123.30797 | JR12: 116.69977 | JS12: 134.01156 | JT12: 99.785449 | JU12: 100.07329 | JV12: 96.687077 | JW12: 117.96922 | JX12: 86.114693 | JY12: 124.20622 | JZ12: 95.726448 | KA12: 95.067821 | KB12: 90.517976 | KC12: 89.664137 | KD12: 90.395064 | KE12: 92.472177 | KF12: 97.66239 | KG12: 89.824816 | KH12: 86.40812 | KI12: 83.960331 | KJ12: 82.381671

Sheet Figure 16
B1: Go to Contents
B3: =Contents!B2 -> Quarterly Energy Dynamics - Q3 2026
B4: =Contents!B3 -> Figures from the report covering 1 July to 30 September 2026
B6: =Contents!B21 -> Figure 16 Regional energy price separation was limited, with Tasmanian prices closely aligned with the mainland
B7: =Contents!$C21 -> Average regional energy price by time of day – Q3 2026
B8: $/MWh
I10: 0.0034722222 | J10: 0.0069444444 | K10: 0.010416667 | L10: 0.013888889 | M10: 0.017361111 | N10: 0.020833333 | O10: 0.024305556 | P10: 0.027777778 | Q10: 0.03125 | R10: 0.034722222 | S10: 0.038194444 | T10: 0.041666667 | U10: 0.045138889 | V10: 0.048611111 | W10: 0.052083333 | X10: 0.055555556 | Y10: 0.059027778 | Z10: 0.0625 | AA10: 0.065972222 | AB10: 0.069444444 | AC10: 0.072916667 | AD10: 0.076388889 | AE10: 0.079861111 | AF10: 0.083333333 | AG10: 0.086805556 | AH10: 0.090277778 | AI10: 0.09375 | AJ10: 0.097222222 | AK10: 0.10069444 | AL10: 0.10416667 | AM10: 0.10763889 | AN10: 0.11111111 | AO10: 0.11458333 | AP10: 0.11805556 | AQ10: 0.12152778 | AR10: 0.125 | AS10: 0.12847222 | AT10: 0.13194444 | AU10: 0.13541667 | AV10: 0.13888889 | AW10: 0.14236111 | AX10: 0.14583333 | AY10: 0.14930556 | AZ10: 0.15277778 | BA10: 0.15625 | BB10: 0.15972222 | BC10: 0.16319444 | BD10: 0.16666667 | BE10: 0.17013889 | BF10: 0.17361111 | BG10: 0.17708333 | BH10: 0.18055556 | BI10: 0.18402778 | BJ10: 0.1875 | BK10: 0.19097222 | BL10: 0.19444444 | BM10: 0.19791667 | BN10: 0.20138889 | BO10: 0.20486111 | BP10: 0.20833333 | BQ10: 0.21180556 | BR10: 0.21527778 | BS10: 0.21875 | BT10: 0.22222222 | BU10: 0.22569444 | BV10: 0.22916667 | BW10: 0.23263889 | BX10: 0.23611111 | BY10: 0.23958333 | BZ10: 0.24305556 | CA10: 0.24652778 | CB10: 0.25 | CC10: 0.25347222 | CD10: 0.25694444 | CE10: 0.26041667 | CF10: 0.26388889 | CG10: 0.26736111 | CH10: 0.27083333 | CI10: 0.27430556 | CJ10: 0.27777778 | CK10: 0.28125 | CL10: 0.28472222 | CM10: 0.28819444 | CN10: 0.29166667 | CO10: 0.29513889 | CP10: 0.29861111 | CQ10: 0.30208333 | CR10: 0.30555556 | CS10: 0.30902778 | CT10: 0.3125 | CU10: 0.31597222 | CV10: 0.31944444 | CW10: 0.32291667 | CX10: 0.32638889 | CY10: 0.32986111 | CZ10: 0.33333333 | DA10: 0.33680556 | DB10: 0.34027778 | DC10: 0.34375 | DD10: 0.34722222 | DE10: 0.35069444 | DF10: 0.35416667 | DG10: 0.35763889 | DH10: 0.36111111 | DI10: 0.36458333 | DJ10: 0.36805556 | DK10: 0.37152778 | DL10: 0.375 | DM10: 0.37847222 | DN10: 0.38194444 | DO10: 0.38541667 | DP10: 0.38888889 | DQ10: 0.39236111 | DR10: 0.39583333 | DS10: 0.39930556 | DT10: 0.40277778 | DU10: 0.40625 | DV10: 0.40972222 | DW10: 0.41319444 | DX10: 0.41666667 | DY10: 0.42013889 | DZ10: 0.42361111 | EA10: 0.42708333 | EB10: 0.43055556 | EC10: 0.43402778 | ED10: 0.4375 | EE10: 0.44097222 | EF10: 0.44444444 | EG10: 0.44791667 | EH10: 0.45138889 | EI10: 0.45486111 | EJ10: 0.45833333 | EK10: 0.46180556 | EL10: 0.46527778 | EM10: 0.46875 | EN10: 0.47222222 | EO10: 0.47569444 | EP10: 0.47916667 | EQ10: 0.48263889 | ER10: 0.48611111 | ES10: 0.48958333 | ET10: 0.49305556 | EU10: 0.49652778 | EV10: 0.5 | EW10: 0.50347222 | EX10: 0.50694444 | EY10: 0.51041667 | EZ10: 0.51388889 | FA10: 0.51736111 | FB10: 0.52083333 | FC10: 0.52430556 | FD10: 0.52777778 | FE10: 0.53125 | FF10: 0.53472222 | FG10: 0.53819444 | FH10: 0.54166667 | FI10: 0.54513889 | FJ10: 0.54861111 | FK10: 0.55208333 | FL10: 0.55555556 | FM10: 0.55902778 | FN10: 0.5625 | FO10: 0.56597222 | FP10: 0.56944444 | FQ10: 0.57291667 | FR10: 0.57638889 | FS10: 0.57986111 | FT10: 0.58333333 | FU10: 0.58680556 | FV10: 0.59027778 | FW10: 0.59375 | FX10: 0.59722222 | FY10: 0.60069444 | FZ10: 0.60416667 | GA10: 0.60763889 | GB10: 0.61111111 | GC10: 0.61458333 | GD10: 0.61805556 | GE10: 0.62152778 | GF10: 0.625 | GG10: 0.62847222 | GH10: 0.63194444 | GI10: 0.63541667 | GJ10: 0.63888889 | GK10: 0.64236111 | GL10: 0.64583333 | GM10: 0.64930556 | GN10: 0.65277778 | GO10: 0.65625 | GP10: 0.65972222 | GQ10: 0.66319444 | GR10: 0.66666667 | GS10: 0.67013889 | GT10: 0.67361111 | GU10: 0.67708333 | GV10: 0.68055556 | GW10: 0.68402778 | GX10: 0.6875 | GY10: 0.69097222 | GZ10: 0.69444444 | HA10: 0.69791667 | HB10: 0.70138889 | HC10: 0.70486111 | HD10: 0.70833333 | HE10: 0.71180556 | HF10: 0.71527778 | HG10: 0.71875 | HH10: 0.72222222 | HI10: 0.72569444 | HJ10: 0.72916667 | HK10: 0.73263889 | HL10: 0.73611111 | HM10: 0.73958333 | HN10: 0.74305556 | HO10: 0.74652778 | HP10: 0.75 | HQ10: 0.75347222 | HR10: 0.75694444 | HS10: 0.76041667 | HT10: 0.76388889 | HU10: 0.76736111 | HV10: 0.77083333 | HW10: 0.77430556 | HX10: 0.77777778 | HY10: 0.78125 | HZ10: 0.78472222 | IA10: 0.78819444 | IB10: 0.79166667 | IC10: 0.79513889 | ID10: 0.79861111 | IE10: 0.80208333 | IF10: 0.80555556 | IG10: 0.80902778 | IH10: 0.8125 | II10: 0.81597222 | IJ10: 0.81944444 | IK10: 0.82291667 | IL10: 0.82638889 | IM10: 0.82986111 | IN10: 0.83333333 | IO10: 0.83680556 | IP10: 0.84027778 | IQ10: 0.84375 | IR10: 0.84722222 | IS10: 0.85069444 | IT10: 0.85416667 | IU10: 0.85763889 | IV10: 0.86111111 | IW10: 0.86458333 | IX10: 0.86805556 | IY10: 0.87152778 | IZ10: 0.875 | JA10: 0.87847222 | JB10: 0.88194444 | JC10: 0.88541667 | JD10: 0.88888889 | JE10: 0.89236111 | JF10: 0.89583333 | JG10: 0.89930556 | JH10: 0.90277778 | JI10: 0.90625 | JJ10: 0.90972222 | JK10: 0.91319444 | JL10: 0.91666667 | JM10: 0.92013889 | JN10: 0.92361111 | JO10: 0.92708333 | JP10: 0.93055556 | JQ10: 0.93402778 | JR10: 0.9375 | JS10: 0.94097222 | JT10: 0.94444444 | JU10: 0.94791667 | JV10: 0.95138889 | JW10: 0.95486111 | JX10: 0.95833333 | JY10: 0.96180556 | JZ10: 0.96527778 | KA10: 0.96875 | KB10: 0.97222222 | KC10: 0.97569444 | KD10: 0.97916667 | KE10: 0.98263889 | KF10: 0.98611111 | KG10: 0.98958333 | KH10: 0.99305556 | KI10: 0.99652778 | KJ10: 1
H11: NSW | I11: 83.689971 | J11: 92.509031 | K11: 91.026736 | L11: 88.280486 | M11: 87.885783 | N11: 86.36704 | O11: 87.978066 | P11: 86.892178 | Q11: 85.286967 | R11: 83.558778 | S11: 81.511301 | T11: 79.306989 | U11: 83.166743 | V11: 83.549917 | W11: 81.180086 | X11: 79.880262 | Y11: 80.104464 | Z11: 78.125112 | AA11: 80.492679 | AB11: 80.123014 | AC11: 79.297808 | AD11: 80.828809 | AE11: 79.847981 | AF11: 76.723104 | AG11: 81.360761 | AH11: 81.951525 | AI11: 80.053412 | AJ11: 79.341332 | AK11: 79.02553 | AL11: 77.377093 | AM11: 79.318581 | AN11: 79.687312 | AO11: 78.91308 | AP11: 78.496371 | AQ11: 78.057664 | AR11: 77.44082 | AS11: 78.746309 | AT11: 79.248503 | AU11: 79.134278 | AV11: 78.401099 | AW11: 78.722685 | AX11: 78.572113 | AY11: 77.767847 | AZ11: 78.88058 | BA11: 78.768121 | BB11: 78.229732 | BC11: 78.000282 | BD11: 78.664935 | BE11: 78.495825 | BF11: 79.894757 | BG11: 81.49052 | BH11: 78.839804 | BI11: 79.267383 | BJ11: 80.35427 | BK11: 80.219393 | BL11: 81.573085 | BM11: 81.663183 | BN11: 81.568304 | BO11: 83.084436 | BP11: 86.2195 | BQ11: 80.261533 | BR11: 84.896517 | BS11: 87.214758 | BT11: 87.590974 | BU11: 88.470553 | BV11: 90.964251 | BW11: 86.784009 | BX11: 89.86881 | BY11: 92.187654 | BZ11: 92.792839 | CA11: 92.52504 | CB11: 98.436023 | CC11: 90.427315 | CD11: 95.375777 | CE11: 96.128889 | CF11: 99.24064 | CG11: 98.210611 | CH11: 98.291267 | CI11: 93.230694 | CJ11: 94.765807 | CK11: 95.284654 | CL11: 91.582692 | CM11: 92.168385 | CN11: 88.715798 | CO11: 84.554186 | CP11: 83.398662 | CQ11: 81.770813 | CR11: 80.402223 | CS11: 80.801902 | CT11: 72.739107 | CU11: 76.447845 | CV11: 71.378618 | CW11: 70.848737 | CX11: 66.624825 | CY11: 64.382564 | CZ11: 58.300466 | DA11: 61.412831 | DB11: 62.859987 | DC11: 57.368833 | DD11: 53.725055 | DE11: 51.427518 | DF11: 46.512836 | DG11: 50.395162 | DH11: 51.902664 | DI11: 46.416338 | DJ11: 44.398707 | DK11: 46.561291 | DL11: 42.624982 | DM11: 46.860644 | DN11: 46.647 | DO11: 45.30009 | DP11: 43.978197 | DQ11: 43.60928 | DR11: 38.233137 | DS11: 42.502414 | DT11: 46.084185 | DU11: 43.967219 | DV11: 42.799915 | DW11: 42.770034 | DX11: 40.144985 | DY11: 45.800415 | DZ11: 48.792404 | EA11: 44.957211 | EB11: 42.054093 | EC11: 40.298202 | ED11: 39.276825 | EE11: 43.458575 | EF11: 42.054383 | EG11: 39.64351 | EH11: 39.780628 | EI11: 40.268978 | EJ11: 38.541289 | EK11: 41.288506 | EL11: 46.472601 | EM11: 45.34907 | EN11: 43.630743 | EO11: 42.527542 | EP11: 41.43944 | EQ11: 44.204835 | ER11: 42.402173 | ES11: 41.037729 | ET11: 41.711394 | EU11: 40.611696 | EV11: 40.776784 | EW11: 43.010767 | EX11: 43.084243 | EY11: 39.374329 | EZ11: 40.14651 | FA11: 40.710903 | FB11: 41.377686 | FC11: 40.882934 | FD11: 39.822908 | FE11: 40.281437 | FF11: 42.043374 | FG11: 41.022517 | FH11: 39.543463 | FI11: 38.706732 | FJ11: 39.864738 | FK11: 39.30639 | FL11: 37.238591 | FM11: 39.967904 | FN11: 37.96887 | FO11: 40.307543 | FP11: 39.886097 | FQ11: 39.598168 | FR11: 39.684532 | FS11: 39.466225 | FT11: 38.545568 | FU11: 36.715583 | FV11: 36.393251 | FW11: 35.570284 | FX11: 34.839522 | FY11: 35.536404 | FZ11: 36.761439 | GA11: 36.039491 | GB11: 38.480297 | GC11: 36.979119 | GD11: 36.798342 | GE11: 38.114484 | GF11: 40.463379 | GG11: 35.692629 | GH11: 32.203496 | GI11: 36.294145 | GJ11: 37.741455 | GK11: 41.773031 | GL11: 45.182266 | GM11: 41.648452 | GN11: 46.16736 | GO11: 49.669269 | GP11: 53.038285 | GQ11: 58.533284 | GR11: 67.887428 | GS11: 60.988933 | GT11: 65.522931 | GU11: 73.491646 | GV11: 81.644497 | GW11: 89.432965 | GX11: 97.515085 | GY11: 91.039409 | GZ11: 96.119829 | HA11: 99.948665 | HB11: 102.12776 | HC11: 104.76623 | HD11: 105.68909 | HE11: 100.41379 | HF11: 100.10693 | HG11: 102.4208 | HH11: 107.16119 | HI11: 110.14194 | HJ11: 112.92736 | HK11: 104.90749 | HL11: 106.46558 | HM11: 110.60106 | HN11: 110.56891 | HO11: 109.5163 | HP11: 112.25552 | HQ11: 108.97831 | HR11: 105.86811 | HS11: 106.24544 | HT11: 106.90839 | HU11: 107.12497 | HV11: 105.65283 | HW11: 105.85874 | HX11: 105.46541 | HY11: 100.29247 | HZ11: 100.75992 | IA11: 103.09711 | IB11: 101.58538 | IC11: 101.17873 | ID11: 99.796214 | IE11: 99.522135 | IF11: 99.738812 | IG11: 99.168183 | IH11: 97.655483 | II11: 99.728621 | IJ11: 98.838083 | IK11: 97.600377 | IL11: 97.412558 | IM11: 98.099106 | IN11: 96.534315 | IO11: 99.373308 | IP11: 98.792711 | IQ11: 98.376144 | IR11: 98.593447 | IS11: 99.089336 | IT11: 98.53614 | IU11: 99.091434 | IV11: 101.35226 | IW11: 100.00953 | IX11: 99.747544 | IY11: 99.401438 | IZ11: 97.484229 | JA11: 101.7989 | JB11: 101.22032 | JC11: 99.557966 | JD11: 98.947516 | JE11: 99.567346 | JF11: 96.892787 | JG11: 99.100457 | JH11: 99.756331 | JI11: 100.19556 | JJ11: 95.433935 | JK11: 94.588305 | JL11: 90.652734 | JM11: 94.587667 | JN11: 98.958014 | JO11: 96.814184 | JP11: 95.927577 | JQ11: 93.452563 | JR11: 88.741448 | JS11: 92.515118 | JT11: 91.897084 | JU11: 91.388061 | JV11: 89.888303 | JW11: 86.873081 | JX11: 85.234425 | JY11: 89.635157 | JZ11: 91.426759 | KA11: 90.361041 | KB11: 87.065293 | KC11: 85.161827 | KD11: 85.52084 | KE11: 88.015866 | KF11: 89.134529 | KG11: 85.295273 | KH11: 83.793271 | KI11: 82.933137 | KJ11: 79.417304
H12: QLD | I12: 77.774511 | J12: 83.754173 | K12: 81.489683 | L12: 80.450465 | M12: 79.659948 | N12: 77.88058 | O12: 78.358525 | P12: 75.912356 | Q12: 74.946466 | R12: 73.61542 | S12: 73.522613 | T12: 72.066123 | U12: 74.786286 | V12: 74.400181 | W12: 72.757722 | X12: 70.297588 | Y12: 69.963645 | Z12: 69.087147 | AA12: 71.641433 | AB12: 71.261188 | AC12: 70.697578 | AD12: 73.327271 | AE12: 73.270694 | AF12: 69.841956 | AG12: 72.811813 | AH12: 72.244872 | AI12: 73.093957 | AJ12: 71.937753 | AK12: 72.179765 | AL12: 70.748793 | AM12: 71.796164 | AN12: 72.12973 | AO12: 71.997684 | AP12: 71.694046 | AQ12: 70.813669 | AR12: 70.268049 | AS12: 71.595517 | AT12: 72.527081 | AU12: 72.168947 | AV12: 71.289001 | AW12: 71.77043 | AX12: 71.51349 | AY12: 68.874872 | AZ12: 69.583801 | BA12: 69.311171 | BB12: 69.524719 | BC12: 70.952774 | BD12: 70.884094 | BE12: 70.748169 | BF12: 72.929491 | BG12: 73.63263 | BH12: 72.551764 | BI12: 73.154179 | BJ12: 73.89305 | BK12: 73.266768 | BL12: 74.579073 | BM12: 75.438407 | BN12: 76.081806 | BO12: 76.486287 | BP12: 79.325816 | BQ12: 75.004655 | BR12: 78.854846 | BS12: 81.294068 | BT12: 81.56082 | BU12: 82.340298 | BV12: 84.70195 | BW12: 80.806123 | BX12: 84.085137 | BY12: 85.528769 | BZ12: 86.381776 | CA12: 86.066852 | CB12: 91.042015 | CC12: 84.540162 | CD12: 88.767769 | CE12: 90.025958 | CF12: 91.577425 | CG12: 87.718795 | CH12: 88.850564 | CI12: 86.297982 | CJ12: 86.793604 | CK12: 88.429638 | CL12: 82.841803 | CM12: 84.795166 | CN12: 77.537351 | CO12: 73.97101 | CP12: 70.68628 | CQ12: 67.667707 | CR12: 63.324812 | CS12: 59.05319 | CT12: 52.556523 | CU12: 54.105305 | CV12: 48.354352 | CW12: 44.37047 | CX12: 38.351581 | CY12: 34.203 | CZ12: 30.104236 | DA12: 31.151916 | DB12: 30.869601 | DC12: 29.006122 | DD12: 26.554028 | DE12: 24.322922 | DF12: 22.817484 | DG12: 22.936516 | DH12: 25.590287 | DI12: 22.916828 | DJ12: 20.512639 | DK12: 19.520786 | DL12: 18.568472 | DM12: 19.768865 | DN12: 20.511746 | DO12: 19.226424 | DP12: 17.526812 | DQ12: 17.319404 | DR12: 15.009379 | DS12: 16.629274 | DT12: 17.191938 | DU12: 16.145513 | DV12: 14.37109 | DW12: 15.274249 | DX12: 15.508566 | DY12: 14.158974 | DZ12: 14.628301 | EA12: 14.023643 | EB12: 13.312616 | EC12: 13.807977 | ED12: 13.926946 | EE12: 13.730344 | EF12: 12.870685 | EG12: 13.19468 | EH12: 13.37583 | EI12: 13.728354 | EJ12: 14.079815 | EK12: 13.430929 | EL12: 16.120162 | EM12: 17.001659 | EN12: 15.996117 | EO12: 16.069912 | EP12: 15.970983 | EQ12: 16.080824 | ER12: 16.952802 | ES12: 17.04683 | ET12: 16.540959 | EU12: 18.116831 | EV12: 17.616657 | EW12: 17.568544 | EX12: 18.613788 | EY12: 17.544146 | EZ12: 17.925956 | FA12: 17.549958 | FB12: 18.805616 | FC12: 18.03403 | FD12: 18.331513 | FE12: 19.417978 | FF12: 19.031502 | FG12: 18.814487 | FH12: 18.687227 | FI12: 19.419574 | FJ12: 18.896902 | FK12: 17.982388 | FL12: 18.702439 | FM12: 20.066392 | FN12: 18.924952 | FO12: 19.385406 | FP12: 19.131422 | FQ12: 19.419033 | FR12: 20.09147 | FS12: 20.105216 | FT12: 20.063735 | FU12: 19.863808 | FV12: 20.324279 | FW12: 20.344077 | FX12: 19.936139 | FY12: 19.90757 | FZ12: 20.350191 | GA12: 21.161473 | GB12: 21.164467 | GC12: 21.665368 | GD12: 22.460635 | GE12: 22.373869 | GF12: 24.182955 | GG12: 22.942667 | GH12: 20.709455 | GI12: 23.550393 | GJ12: 24.024858 | GK12: 25.001163 | GL12: 29.352108 | GM12: 27.238252 | GN12: 32.045051 | GO12: 36.695084 | GP12: 41.871976 | GQ12: 49.498521 | GR12: 57.530122 | GS12: 54.118424 | GT12: 58.505664 | GU12: 66.049586 | GV12: 74.212742 | GW12: 81.591919 | GX12: 88.486684 | GY12: 84.143792 | GZ12: 87.439758 | HA12: 91.74641 | HB12: 92.948944 | HC12: 95.204882 | HD12: 97.247092 | HE12: 94.386121 | HF12: 92.553457 | HG12: 94.351446 | HH12: 97.712656 | HI12: 100.74484 | HJ12: 102.69234 | HK12: 97.235207 | HL12: 98.06226 | HM12: 100.13035 | HN12: 100.54212 | HO12: 100.47646 | HP12: 102.2027 | HQ12: 99.721464 | HR12: 97.040917 | HS12: 97.715727 | HT12: 96.907259 | HU12: 96.886425 | HV12: 96.848105 | HW12: 97.775729 | HX12: 96.279028 | HY12: 92.838687 | HZ12: 92.988518 | IA12: 93.602863 | IB12: 92.740368 | IC12: 93.36803 | ID12: 93.191359 | IE12: 92.233993 | IF12: 91.968946 | IG12: 92.000333 | IH12: 90.927999 | II12: 92.758374 | IJ12: 91.794171 | IK12: 90.914857 | IL12: 90.579799 | IM12: 90.653211 | IN12: 89.777871 | IO12: 90.136662 | IP12: 90.456499 | IQ12: 89.82194 | IR12: 89.529053 | IS12: 91.462528 | IT12: 88.103826 | IU12: 88.704144 | IV12: 92.549117 | IW12: 90.927072 | IX12: 90.264331 | IY12: 90.882201 | IZ12: 89.594362 | JA12: 92.287765 | JB12: 91.983765 | JC12: 90.906005 | JD12: 89.767368 | JE12: 92.064563 | JF12: 89.189667 | JG12: 90.200365 | JH12: 91.665014 | JI12: 91.944381 | JJ12: 87.621131 | JK12: 87.309362 | JL12: 84.118912 | JM12: 87.517024 | JN12: 90.894063 | JO12: 89.832609 | JP12: 88.608324 | JQ12: 85.721261 | JR12: 81.536244 | JS12: 84.603813 | JT12: 83.712127 | JU12: 83.069909 | JV12: 81.723311 | JW12: 78.915823 | JX12: 77.51173 | JY12: 81.025356 | JZ12: 82.543287 | KA12: 81.867481 | KB12: 78.859931 | KC12: 77.098186 | KD12: 77.29334 | KE12: 79.838678 | KF12: 80.414909 | KG12: 79.468314 | KH12: 78.211283 | KI12: 77.258124 | KJ12: 73.836243
H13: SA | I13: 72.242913 | J13: 79.731828 | K13: 76.185575 | L13: 77.626957 | M13: 76.854741 | N13: 75.385194 | O13: 74.775582 | P13: 77.590377 | Q13: 75.425275 | R13: 74.017302 | S13: 72.21836 | T13: 70.745559 | U13: 73.139527 | V13: 73.360735 | W13: 70.322115 | X13: 68.699809 | Y13: 71.594154 | Z13: 67.012847 | AA13: 71.01768 | AB13: 70.20464 | AC13: 70.255751 | AD13: 68.83174 | AE13: 66.007819 | AF13: 64.765913 | AG13: 68.490242 | AH13: 71.410722 | AI13: 66.396183 | AJ13: 66.1123 | AK13: 64.380593 | AL13: 64.432808 | AM13: 63.993392 | AN13: 65.877904 | AO13: 65.904293 | AP13: 62.375941 | AQ13: 65.855103 | AR13: 63.773898 | AS13: 63.112568 | AT13: 65.490854 | AU13: 65.396271 | AV13: 62.953597 | AW13: 66.249512 | AX13: 61.702983 | AY13: 63.410457 | AZ13: 64.740765 | BA13: 64.839522 | BB13: 64.112192 | BC13: 62.363413 | BD13: 61.54614 | BE13: 65.683613 | BF13: 63.133691 | BG13: 63.136607 | BH13: 60.688515 | BI13: 61.355819 | BJ13: 61.043086 | BK13: 61.927736 | BL13: 64.155835 | BM13: 62.936916 | BN13: 60.208934 | BO13: 63.779881 | BP13: 64.796558 | BQ13: 60.845971 | BR13: 64.026858 | BS13: 66.575971 | BT13: 67.484627 | BU13: 66.188206 | BV13: 69.082343 | BW13: 68.246977 | BX13: 70.99505 | BY13: 73.600391 | BZ13: 71.339574 | CA13: 72.870167 | CB13: 75.812631 | CC13: 70.56192 | CD13: 75.733718 | CE13: 74.831169 | CF13: 75.564951 | CG13: 76.981728 | CH13: 78.561575 | CI13: 72.446017 | CJ13: 75.316209 | CK13: 75.190702 | CL13: 75.348655 | CM13: 78.61063 | CN13: 77.707574 | CO13: 76.482264 | CP13: 73.973957 | CQ13: 74.692603 | CR13: 74.826223 | CS13: 74.747014 | CT13: 74.187641 | CU13: 75.666707 | CV13: 72.182871 | CW13: 78.072132 | CX13: 73.880672 | CY13: 72.674501 | CZ13: 71.395191 | DA13: 73.673039 | DB13: 72.632523 | DC13: 71.484853 | DD13: 68.882207 | DE13: 64.444876 | DF13: 60.80667 | DG13: 62.884048 | DH13: 61.794246 | DI13: 60.744103 | DJ13: 56.079211 | DK13: 53.876876 | DL13: 50.085442 | DM13: 53.283452 | DN13: 52.521512 | DO13: 49.655891 | DP13: 48.964005 | DQ13: 45.75787 | DR13: 40.476725 | DS13: 47.711728 | DT13: 47.920802 | DU13: 45.06184 | DV13: 38.29657 | DW13: 39.758464 | DX13: 34.4991 | DY13: 37.923453 | DZ13: 37.885225 | EA13: 37.396534 | EB13: 35.398839 | EC13: 34.021064 | ED13: 30.531799 | EE13: 33.576956 | EF13: 39.280076 | EG13: 37.825708 | EH13: 35.101196 | EI13: 34.459929 | EJ13: 29.958848 | EK13: 34.556358 | EL13: 37.72926 | EM13: 35.497736 | EN13: 30.984219 | EO13: 29.621104 | EP13: 30.494389 | EQ13: 32.658093 | ER13: 32.977016 | ES13: 31.538819 | ET13: 29.644121 | EU13: 27.149762 | EV13: 27.184825 | EW13: 31.508105 | EX13: 27.875273 | EY13: 27.495387 | EZ13: 28.066498 | FA13: 26.962657 | FB13: 24.340216 | FC13: 28.844577 | FD13: 28.328089 | FE13: 29.167165 | FF13: 29.484808 | FG13: 27.595099 | FH13: 27.872808 | FI13: 24.408545 | FJ13: 27.560801 | FK13: 24.323121 | FL13: 26.359308 | FM13: 22.320703 | FN13: 24.114783 | FO13: 30.835385 | FP13: 26.833612 | FQ13: 28.142943 | FR13: 28.965518 | FS13: 29.508373 | FT13: 26.822769 | FU13: 28.041005 | FV13: 30.493026 | FW13: 26.578049 | FX13: 26.917264 | FY13: 31.47321 | FZ13: 30.233264 | GA13: 29.549497 | GB13: 30.501479 | GC13: 31.13623 | GD13: 27.109193 | GE13: 32.492644 | GF13: 35.473054 | GG13: 28.651234 | GH13: 35.541939 | GI13: 33.676083 | GJ13: 38.024266 | GK13: 39.772995 | GL13: 38.214925 | GM13: 36.055199 | GN13: 41.616626 | GO13: 41.618476 | GP13: 44.710761 | GQ13: 46.805013 | GR13: 55.842612 | GS13: 45.585491 | GT13: 50.51415 | GU13: 56.058491 | GV13: 55.079103 | GW13: 66.623387 | GX13: 71.757689 | GY13: 64.815428 | GZ13: 69.77848 | HA13: 73.127203 | HB13: 80.567802 | HC13: 85.646683 | HD13: 89.110827 | HE13: 81.215656 | HF13: 82.379445 | HG13: 90.794915 | HH13: 94.047519 | HI13: 97.898261 | HJ13: 101.74746 | HK13: 95.370112 | HL13: 95.475885 | HM13: 99.846918 | HN13: 102.39161 | HO13: 103.87892 | HP13: 103.87571 | HQ13: 101.14988 | HR13: 100.78311 | HS13: 102.74636 | HT13: 104.58195 | HU13: 103.43131 | HV13: 103.1392 | HW13: 104.5407 | HX13: 102.82845 | HY13: 102.09676 | HZ13: 100.63532 | IA13: 101.59081 | IB13: 100.77974 | IC13: 99.342435 | ID13: 99.67547 | IE13: 97.27548 | IF13: 95.976939 | IG13: 96.625503 | IH13: 97.438475 | II13: 94.462096 | IJ13: 93.487028 | IK13: 93.441251 | IL13: 94.004084 | IM13: 95.404102 | IN13: 93.529471 | IO13: 94.368417 | IP13: 93.637657 | IQ13: 92.477078 | IR13: 91.956346 | IS13: 92.852038 | IT13: 89.125946 | IU13: 93.658966 | IV13: 94.230032 | IW13: 92.638248 | IX13: 92.572696 | IY13: 93.266229 | IZ13: 90.449628 | JA13: 93.554498 | JB13: 93.947933 | JC13: 91.312436 | JD13: 90.349448 | JE13: 91.863493 | JF13: 90.342952 | JG13: 91.220625 | JH13: 90.841195 | JI13: 87.018057 | JJ13: 85.478469 | JK13: 88.013699 | JL13: 84.296492 | JM13: 86.840691 | JN13: 89.318942 | JO13: 86.947116 | JP13: 85.843819 | JQ13: 84.062585 | JR13: 79.856503 | JS13: 81.393524 | JT13: 81.342819 | JU13: 82.730348 | JV13: 79.989965 | JW13: 77.837743 | JX13: 74.188073 | JY13: 78.755021 | JZ13: 80.323886 | KA13: 79.989134 | KB13: 75.955591 | KC13: 74.636329 | KD13: 74.284206 | KE13: 78.082052 | KF13: 83.075994 | KG13: 76.109416 | KH13: 72.827466 | KI13: 74.341426 | KJ13: 70.071816
H14: TAS | I14: 57.649252 | J14: 62.116785 | K14: 60.373155 | L14: 58.518321 | M14: 57.7012 | N14: 56.147212 | O14: 58.667312 | P14: 57.434299 | Q14: 56.291223 | R14: 54.292076 | S14: 53.660338 | T14: 52.213733 | U14: 54.166578 | V14: 54.801669 | W14: 52.952692 | X14: 52.04926 | Y14: 53.159673 | Z14: 50.725305 | AA14: 51.269344 | AB14: 51.329847 | AC14: 51.38037 | AD14: 52.061602 | AE14: 49.936985 | AF14: 48.032753 | AG14: 52.290766 | AH14: 51.910304 | AI14: 50.15693 | AJ14: 49.249682 | AK14: 49.602602 | AL14: 48.463112 | AM14: 49.079921 | AN14: 48.729535 | AO14: 46.516515 | AP14: 47.824393 | AQ14: 47.414458 | AR14: 47.802072 | AS14: 48.442835 | AT14: 48.131982 | AU14: 48.132964 | AV14: 48.954912 | AW14: 48.355728 | AX14: 47.697949 | AY14: 47.462513 | AZ14: 48.390062 | BA14: 47.559943 | BB14: 46.812856 | BC14: 46.769773 | BD14: 45.061242 | BE14: 46.561963 | BF14: 47.220187 | BG14: 49.054261 | BH14: 48.08918 | BI14: 47.449868 | BJ14: 48.274158 | BK14: 46.22298 | BL14: 48.66835 | BM14: 48.343856 | BN14: 49.346709 | BO14: 50.92623 | BP14: 51.603151 | BQ14: 48.403347 | BR14: 50.928882 | BS14: 51.971622 | BT14: 54.141784 | BU14: 54.94381 | BV14: 56.064621 | BW14: 51.722921 | BX14: 53.924583 | BY14: 57.719846 | BZ14: 58.58833 | CA14: 58.800007 | CB14: 63.246265 | CC14: 55.604098 | CD14: 61.335743 | CE14: 62.475214 | CF14: 68.519068 | CG14: 66.724599 | CH14: 67.288919 | CI14: 61.493102 | CJ14: 64.732546 | CK14: 66.523332 | CL14: 65.801287 | CM14: 69.256261 | CN14: 70.254682 | CO14: 64.892049 | CP14: 63.162425 | CQ14: 66.014148 | CR14: 66.798325 | CS14: 68.269941 | CT14: 65.028799 | CU14: 63.750481 | CV14: 63.624853 | CW14: 65.720875 | CX14: 63.925538 | CY14: 62.088322 | CZ14: 57.284811 | DA14: 60.256161 | DB14: 58.308221 | DC14: 59.406912 | DD14: 56.001285 | DE14: 50.349974 | DF14: 49.040937 | DG14: 52.078673 | DH14: 46.975186 | DI14: 43.947878 | DJ14: 41.04375 | DK14: 39.695915 | DL14: 37.396285 | DM14: 44.430305 | DN14: 44.236945 | DO14: 41.489397 | DP14: 41.262208 | DQ14: 36.330883 | DR14: 34.042327 | DS14: 38.822256 | DT14: 41.284634 | DU14: 36.378216 | DV14: 31.198323 | DW14: 29.747023 | DX14: 30.524694 | DY14: 37.509911 | DZ14: 35.184734 | EA14: 33.834818 | EB14: 28.819133 | EC14: 27.440928 | ED14: 24.179153 | EE14: 33.864678 | EF14: 29.770704 | EG14: 27.128555 | EH14: 14.325705 | EI14: 21.333271 | EJ14: 19.060091 | EK14: 27.155266 | EL14: 32.693838 | EM14: 30.699753 | EN14: 27.111852 | EO14: 27.404921 | EP14: 26.858714 | EQ14: 29.638057 | ER14: 29.033628 | ES14: 26.853772 | ET14: 25.950785 | EU14: 24.948086 | EV14: 23.40796 | EW14: 25.86838 | EX14: 26.293479 | EY14: 24.119191 | EZ14: 24.633365 | FA14: 24.248699 | FB14: 21.901419 | FC14: 24.603607 | FD14: 24.470671 | FE14: 25.952663 | FF14: 22.988643 | FG14: 22.649615 | FH14: 25.637493 | FI14: 24.759055 | FJ14: 24.88086 | FK14: 22.836872 | FL14: 21.205527 | FM14: 22.438689 | FN14: 24.323979 | FO14: 22.813605 | FP14: 23.471639 | FQ14: 22.207796 | FR14: 22.742777 | FS14: 25.905259 | FT14: 27.428984 | FU14: 23.730879 | FV14: 22.871564 | FW14: 23.512184 | FX14: 22.238254 | FY14: 20.99561 | FZ14: 22.031592 | GA14: 22.437591 | GB14: 22.555786 | GC14: 21.66241 | GD14: 23.792996 | GE14: 24.792033 | GF14: 26.418014 | GG14: 21.297651 | GH14: 22.010823 | GI14: 24.24409 | GJ14: 28.010967 | GK14: 28.646086 | GL14: 32.410372 | GM14: 30.299591 | GN14: 32.152266 | GO14: 37.032353 | GP14: 40.747544 | GQ14: 45.663255 | GR14: 51.102108 | GS14: 43.673001 | GT14: 45.268228 | GU14: 54.394103 | GV14: 60.85698 | GW14: 68.057016 | GX14: 71.836965 | GY14: 61.175679 | GZ14: 68.169865 | HA14: 74.006355 | HB14: 76.071389 | HC14: 81.64776 | HD14: 90.370537 | HE14: 72.593123 | HF14: 77.445645 | HG14: 84.427112 | HH14: 89.869062 | HI14: 94.152761 | HJ14: 99.05624 | HK14: 86.35878 | HL14: 86.153939 | HM14: 90.265784 | HN14: 90.500875 | HO14: 92.146163 | HP14: 92.364593 | HQ14: 86.716408 | HR14: 85.701754 | HS14: 85.392924 | HT14: 85.803497 | HU14: 85.253588 | HV14: 86.428417 | HW14: 85.62816 | HX14: 85.076113 | HY14: 82.689275 | HZ14: 83.231978 | IA14: 83.454599 | IB14: 85.160799 | IC14: 83.046244 | ID14: 82.060669 | IE14: 79.972804 | IF14: 79.032587 | IG14: 80.905224 | IH14: 79.81978 | II14: 81.667142 | IJ14: 81.922647 | IK14: 78.917231 | IL14: 79.279623 | IM14: 79.881993 | IN14: 78.009733 | IO14: 79.270774 | IP14: 79.241441 | IQ14: 78.983935 | IR14: 77.860605 | IS14: 77.698515 | IT14: 75.303997 | IU14: 78.144717 | IV14: 79.543643 | IW14: 78.029955 | IX14: 78.390434 | IY14: 77.993733 | IZ14: 76.039249 | JA14: 80.619455 | JB14: 79.685183 | JC14: 78.338018 | JD14: 77.186966 | JE14: 75.454743 | JF14: 73.397071 | JG14: 79.586955 | JH14: 77.212902 | JI14: 74.488882 | JJ14: 70.231586 | JK14: 71.569149 | JL14: 67.621478 | JM14: 73.567458 | JN14: 74.598463 | JO14: 70.41865 | JP14: 69.677594 | JQ14: 67.324672 | JR14: 61.447205 | JS14: 67.006143 | JT14: 67.439648 | JU14: 65.265539 | JV14: 63.669206 | JW14: 61.256615 | JX14: 59.534083 | JY14: 64.150191 | JZ14: 67.476002 | KA14: 67.088997 | KB14: 62.295925 | KC14: 61.127786 | KD14: 59.979199 | KE14: 62.600588 | KF14: 62.319391 | KG14: 61.130578 | KH14: 58.073342 | KI14: 56.979181 | KJ14: 54.991556
H15: VIC | I15: 58.038962 | J15: 63.482415 | K15: 61.240893 | L15: 58.811732 | M15: 58.162533 | N15: 56.723389 | O15: 58.332549 | P15: 57.605739 | Q15: 57.278007 | R15: 54.673983 | S15: 53.912883 | T15: 52.788671 | U15: 54.397817 | V15: 55.430625 | W15: 54.03383 | X15: 53.010055 | Y15: 54.781162 | Z15: 51.790218 | AA15: 53.09924 | AB15: 52.099746 | AC15: 51.873789 | AD15: 52.469913 | AE15: 50.601515 | AF15: 49.138104 | AG15: 52.877276 | AH15: 52.646995 | AI15: 51.246021 | AJ15: 50.427612 | AK15: 50.192879 | AL15: 50.378578 | AM15: 51.080698 | AN15: 50.972367 | AO15: 50.196588 | AP15: 49.614509 | AQ15: 49.10311 | AR15: 48.422315 | AS15: 50.071895 | AT15: 49.769733 | AU15: 49.791235 | AV15: 49.483397 | AW15: 49.775268 | AX15: 48.36536 | AY15: 48.656013 | AZ15: 49.693768 | BA15: 48.354709 | BB15: 48.327379 | BC15: 47.73865 | BD15: 46.293788 | BE15: 48.416944 | BF15: 48.976131 | BG15: 50.29996 | BH15: 48.887988 | BI15: 48.144254 | BJ15: 48.903048 | BK15: 49.113809 | BL15: 49.855053 | BM15: 49.989182 | BN15: 49.416532 | BO15: 51.512234 | BP15: 52.763648 | BQ15: 50.151267 | BR15: 52.312326 | BS15: 53.522645 | BT15: 54.096304 | BU15: 56.003916 | BV15: 55.667453 | BW15: 52.776077 | BX15: 55.234059 | BY15: 56.290097 | BZ15: 56.515503 | CA15: 57.445281 | CB15: 62.243164 | CC15: 56.056216 | CD15: 60.511632 | CE15: 60.49393 | CF15: 65.377566 | CG15: 67.487213 | CH15: 68.843603 | CI15: 64.764392 | CJ15: 67.705376 | CK15: 69.194665 | CL15: 69.476032 | CM15: 72.310853 | CN15: 72.072395 | CO15: 68.814135 | CP15: 65.886542 | CQ15: 67.907169 | CR15: 67.931908 | CS15: 67.826542 | CT15: 66.734289 | CU15: 67.947476 | CV15: 64.395851 | CW15: 65.740873 | CX15: 62.515151 | CY15: 60.128662 | CZ15: 57.533798 | DA15: 57.971072 | DB15: 53.36811 | DC15: 56.146265 | DD15: 52.188076 | DE15: 48.517954 | DF15: 44.212429 | DG15: 43.388472 | DH15: 44.508302 | DI15: 42.675694 | DJ15: 39.084492 | DK15: 37.466517 | DL15: 35.669069 | DM15: 41.854289 | DN15: 42.132277 | DO15: 37.818864 | DP15: 38.469649 | DQ15: 34.180856 | DR15: 31.99466 | DS15: 34.312078 | DT15: 38.327607 | DU15: 35.20139 | DV15: 30.116216 | DW15: 30.982127 | DX15: 27.679164 | DY15: 31.889867 | DZ15: 32.211159 | EA15: 22.966387 | EB15: 27.664511 | EC15: 25.912716 | ED15: 24.737979 | EE15: 27.775189 | EF15: 27.624371 | EG15: 25.41728 | EH15: 24.174394 | EI15: 21.903543 | EJ15: 19.13366 | EK15: 24.358143 | EL15: 29.897934 | EM15: 28.347716 | EN15: 25.871884 | EO15: 24.965163 | EP15: 25.208944 | EQ15: 25.67375 | ER15: 25.892217 | ES15: 23.074861 | ET15: 23.768726 | EU15: 21.116906 | EV15: 21.218895 | EW15: 21.384161 | EX15: 23.504176 | EY15: 21.873482 | EZ15: 22.941698 | FA15: 21.600007 | FB15: 19.465281 | FC15: 21.223752 | FD15: 21.538077 | FE15: 22.28394 | FF15: 20.206782 | FG15: 22.355488 | FH15: 20.922344 | FI15: 22.188703 | FJ15: 23.637649 | FK15: 20.27337 | FL15: 20.25072 | FM15: 20.143275 | FN15: 21.620058 | FO15: 18.995149 | FP15: 20.627487 | FQ15: 18.960355 | FR15: 20.073968 | FS15: 19.955009 | FT15: 21.523285 | FU15: 20.413194 | FV15: 19.325443 | FW15: 17.966977 | FX15: 18.871207 | FY15: 19.289553 | FZ15: 18.897742 | GA15: 20.00303 | GB15: 21.298144 | GC15: 20.865172 | GD15: 22.178138 | GE15: 23.01215 | GF15: 23.228851 | GG15: 20.435686 | GH15: 21.666447 | GI15: 22.053698 | GJ15: 24.885884 | GK15: 26.884784 | GL15: 28.713654 | GM15: 28.089207 | GN15: 29.925723 | GO15: 35.028346 | GP15: 40.257818 | GQ15: 42.217384 | GR15: 50.993569 | GS15: 46.022412 | GT15: 40.236233 | GU15: 55.166251 | GV15: 60.96441 | GW15: 65.085423 | GX15: 70.102131 | GY15: 66.448397 | GZ15: 73.392895 | HA15: 77.993607 | HB15: 82.153737 | HC15: 87.078717 | HD15: 92.991832 | HE15: 83.111539 | HF15: 80.01615 | HG15: 89.799593 | HH15: 94.37743 | HI15: 98.952285 | HJ15: 103.13515 | HK15: 91.66184 | HL15: 91.378729 | HM15: 93.645063 | HN15: 94.755937 | HO15: 94.543747 | HP15: 94.746615 | HQ15: 89.890489 | HR15: 89.470389 | HS15: 88.572748 | HT15: 92.116717 | HU15: 88.986759 | HV15: 90.433637 | HW15: 87.308257 | HX15: 89.769533 | HY15: 87.203659 | HZ15: 86.796888 | IA15: 88.760093 | IB15: 88.442094 | IC15: 85.927151 | ID15: 87.491575 | IE15: 85.349811 | IF15: 84.73917 | IG15: 86.027237 | IH15: 81.229218 | II15: 82.642739 | IJ15: 85.622177 | IK15: 82.96616 | IL15: 80.098146 | IM15: 81.427323 | IN15: 81.350923 | IO15: 82.459702 | IP15: 82.033653 | IQ15: 82.397155 | IR15: 81.896752 | IS15: 81.639699 | IT15: 79.628872 | IU15: 82.338587 | IV15: 82.554966 | IW15: 81.498505 | IX15: 82.397277 | IY15: 81.080455 | IZ15: 80.279107 | JA15: 83.012757 | JB15: 82.531065 | JC15: 81.05793 | JD15: 75.968584 | JE15: 80.399293 | JF15: 78.074194 | JG15: 79.526905 | JH15: 81.341095 | JI15: 76.678909 | JJ15: 73.652131 | JK15: 75.711788 | JL15: 70.971678 | JM15: 75.543746 | JN15: 77.24614 | JO15: 73.755641 | JP15: 72.030242 | JQ15: 70.726191 | JR15: 66.102966 | JS15: 70.187709 | JT15: 68.757316 | JU15: 67.576223 | JV15: 66.818024 | JW15: 63.382524 | JX15: 61.670412 | JY15: 65.609837 | JZ15: 70.076084 | KA15: 69.520894 | KB15: 65.144883 | KC15: 64.150757 | KD15: 64.784063 | KE15: 64.549109 | KF15: 65.212823 | KG15: 62.262435 | KH15: 59.991099 | KI15: 59.681553 | KJ15: 55.691833

Sheet Figure 17
B1: Go to Contents
B3: =Contents!B2 -> Quarterly Energy Dynamics - Q3 2026
B4: =Contents!B3 -> Figures from the report covering 1 July to 30 September 2026
B6: =Contents!B22 -> Figure 17 Volume-weighted average prices below Q3 2025 in all regions
B7: =Contents!$C22 -> Volume-weighted average prices by region – quarterly since Q4 2020
B8: $/MWh
M10: Year | N10: Quarter | O10: Queensland | P10: New South Wales | Q10: Victoria | R10: South Australia | S10: Tasmania
M11: 2020 | N11: Q4 | O11: 48.225295 | P11: 70.93193 | Q11: 40.06848 | R11: 34.62006 | S11: 45.751086
M12: 2021 | N12: Q1 | O12: 44.738582 | P12: 38.651665 | Q12: 26.905055 | R12: 52.63951 | S12: 33.596089
N13: Q2 | O13: 141.19946 | P13: 129.55604 | Q13: 77.657757 | R13: 77.119903 | S13: 46.880596
N14: Q3 | O14: 90.395828 | P14: 87.765873 | Q14: 64.226429 | R14: 63.589466 | S14: 26.592873
N15: Q4 | O15: 110.74924 | P15: 65.535304 | Q15: 32.646164 | R15: 60.500063 | S15: 30.427454
M16: 2022 | N16: Q1 | O16: 171.41816 | P16: 88.931707 | Q16: 63.838408 | R16: 85.951702 | S16: 70.604224
N17: Q2 | O17: 344.11417 | P17: 320.88029 | Q17: 241.10068 | R17: 280.02921 | S17: 227.74415
N18: Q3 | O18: 251.6917 | P18: 240.52033 | Q18: 210.15939 | R18: 257.08164 | S18: 209.78116
N19: Q4 | O19: 128.42327 | P19: 121.54829 | Q19: 70.541516 | R19: 80.475293 | S19: 103.49523
M20: 2023 | N20: Q1 | O20: 114.28958 | P20: 107.23411 | Q20: 63.782387 | R20: 99.564737 | S20: 81.005552
N21: Q2 | O21: 138.75811 | P21: 147.97341 | Q21: 95.74823 | R21: 136.05894 | S21: 64.600116
N22: Q3 | O22: 74.317347 | P22: 89.239983 | Q22: 58.611903 | R22: 114.21568 | S22: 30.72371
N23: Q4 | O23: 78.990777 | P23: 72.482489 | Q23: 33.834907 | R23: 53.469841 | S23: 50.570983
M24: 2024 | N24: Q1 | O24: 137.33167 | P24: 101.67615 | Q24: 69.738019 | R24: 83.590624 | S24: 68.805652
N25: Q2 | O25: 108.76369 | P25: 188.74441 | Q25: 138.5192 | R25: 148.5347 | S25: 135.66163
N26: Q3 | O26: 114.43375 | P26: 141.81795 | Q26: 125.66892 | R26: 201.01904 | S26: 119.91156
N27: Q4 | O27: 148.17939 | P27: 169.90467 | Q27: 57.779331 | R27: 81.265291 | S27: 75.281839
M28: 2025 | N28: Q1 | O28: 101.78769 | P28: 97.114902 | Q28: 72.38489 | R28: 97.808657 | S28: 112.4693
N29: Q2 | O29: 135.73744 | P29: 188.55903 | Q29: 168.16137 | R29: 165.91403 | S29: 149.14219
N30: Q3 | O30: 80.18059 | P30: 99.884033 | Q30: 86.428892 | R30: 124.28531 | S30: 93.947526
N31: Q4 | O31: 63.53899 | P31: 86.295464 | Q31: 43.701904 | R31: 54.478897 | S31: 41.931416
M32: 2026 | N32: Q1 | O32: 68.625617 | P32: 81.438653 | Q32: 50.084404 | R32: 143.72523 | S32: 95.25745
N33: Q2 | O33: 69.324454 | P33: 77.919132 | Q33: 60.244705 | R33: 95.08601 | S33: 86.888054
N34: Q3 | O34: 63.997126 | P34: 77.243101 | Q34: 61.258792 | R34: 75.972219 | S34: 59.597017

Sheet Figure 18
B1: Go to Contents
B3: =Contents!B2 -> Quarterly Energy Dynamics - Q3 2026
B4: =Contents!B3 -> Figures from the report covering 1 July to 30 September 2026
B6: =Contents!B23 -> Figure 18 Cap returns fell across the NEM with a notable drop in South Australia
B7: =Contents!$C23 -> Cap returns by region – quarterly
B8: $/MWh
C9: QTR/YEAR | D9: NSW | E9: QLD | F9: SA | G9: TAS | H9: VIC
C10: Q3 24 | D10: 26.894539 | E10: 15.083804 | F10: 76.695751 | G10: 12.193931 | H10: 24.50849
C11: Q4 24 | D11: 47.355372 | E11: 29.672234 | F11: 6.977895 | G11: 2.3000505 | H11: 0.14874037
C12: Q1 25 | D12: 11.045467 | E12: 12.507093 | F12: 10.975457 | G12: 0.32056577 | H12: 1.7444307
C13: Q2 25 | D13: 54.326642 | E13: 24.661002 | F13: 40.19833 | G13: 23.024051 | H13: 42.988556
C14: Q3 25 | D14: 1.61423 | E14: 0.25596895 | F14: 24.281289 | G14: 0.82396291 | H14: 1.4795154
C15: Q4 25 | D15: 10.992216 | E15: 0.13991556 | F15: 1.7052403 | G15: 0.017415108 | H15: 0.04822697
C16: Q1 26 | D16: 8.8194498 | E16: 1.5375915 | F16: 37.542701 | G16: 2.4043892 | H16: 1.1438549
C17: Q2 26 | D17: 0.006565628 | E17: 0.007746367 | F17: 14.244439 | G17: 0.83486261 | H17: 0.00844585
C18: Q3 26 | D18: 0.053868842 | E18: 0.083001235 | F18: 3.7728413 | G18: 2.5436939 | H18: 1.9511749

Sheet Figure 19
B1: Go to Contents
B3: =Contents!B2 -> Quarterly Energy Dynamics - Q3 2026
B4: =Contents!B3 -> Figures from the report covering 1 July to 30 September 2026
B6: =Contents!B24 -> Figure 19 Negative price occurrence decreased in all mainland regions, increased in Tasmania
B7: =Contents!$C24 -> Negative price occurrence in NEM regions – Q3s | P7: Neg Price Occurrence (%)
B8: % | N8: South Australia | O8: Q3 22 | P8: 0.17617754
O9: Q3 23 | P9: 0.24966033
O10: Q3 24 | P10: 0.29389342
O11: Q3 25 | P11: 0.2953276
O12: Q3 26 | P12: 0.22059934
N13: Victoria | O13: Q3 22 | P13: 0.13349185
O14: Q3 23 | P14: 0.22595864
O15: Q3 24 | P15: 0.23180857
O16: Q3 25 | P16: 0.20776721
O17: Q3 26 | P17: 0.17787591
N18: Tasmania | O18: Q3 22 | P18: 0.0038873792
O19: Q3 23 | P19: 0.16553442
O20: Q3 24 | P20: 0.11507397
O21: Q3 25 | P21: 0.03808122
O22: Q3 26 | P22: 0.12964221
N23: Queensland | O23: Q3 22 | P23: 0.091711957
O24: Q3 23 | P24: 0.22995924
O25: Q3 24 | P25: 0.20716335
O26: Q3 25 | P26: 0.25902023
O27: Q3 26 | P27: 0.13786987
N28: New South Wales | O28: Q3 22 | P28: 0.038873792
O29: Q3 23 | P29: 0.093183877
O30: Q3 24 | P30: 0.12473581
O31: Q3 25 | P31: 0.14368207
O32: Q3 26 | P32: 0.0522343

Sheet Figure 20
B1: Go to Contents
B3: =Contents!B2 -> Quarterly Energy Dynamics - Q3 2026
B4: =Contents!B3 -> Figures from the report covering 1 July to 30 September 2026
B6: =Contents!B25 -> Figure 20 NEM-wide negative price occurrence declined during daytime
B7: =Contents!$C25 -> Negative price occurrence by time of day – Q3 2026 | K7: Q3 2025 | L7: Q3 2026
B8: % | J8: 0 | K8: 0.05 | L8: 0.065217391
J9: 0.0034722222 | K9: 0.058695652 | L9: 0.063043478
J10: 0.0069444444 | K10: 0.052173913 | L10: 0.076086957
J11: 0.010416667 | K11: 0.060869565 | L11: 0.067391304
J12: 0.013888889 | K12: 0.073913043 | L12: 0.069565217
J13: 0.017361111 | K13: 0.076086957 | L13: 0.069565217
J14: 0.020833333 | K14: 0.067391304 | L14: 0.07173913
J15: 0.024305556 | K15: 0.063043478 | L15: 0.067391304
J16: 0.027777778 | K16: 0.080434783 | L16: 0.067391304
J17: 0.03125 | K17: 0.089130435 | L17: 0.065217391
J18: 0.034722222 | K18: 0.07173913 | L18: 0.07173913
J19: 0.038194444 | K19: 0.086956522 | L19: 0.07173913
J20: 0.041666667 | K20: 0.07826087 | L20: 0.069565217
... J295: 0.99652778 | K295: 0.07173913 | L295: 0.069565217

Sheet Figure 21
B1: Go to Contents
B3: =Contents!B2 -> Quarterly Energy Dynamics - Q3 2026
B4: =Contents!B3 -> Figures from the report covering 1 July to 30 September 2026
B6: =Contents!B26 -> Figure 21 Impact of negative prices decreased in Q3 2026
B7: =Contents!$C26 -> Cumulative distribution of negative prices – Q3 2026 vs Q3 2025
B8: $/MWh
J10: Q3 2026 | K10: Q3 2025
I11: 0 | J11: 0.13205465 | K11: 0.079691311
I12: -1 | J12: 0.29837099 | K12: 0.095045784
I13: -2 | J13: 0.3245402 | K13: 0.10976049
I14: -3 | J14: 0.37651077 | K14: 0.1216762
I15: -4 | J15: 0.41865476 | K15: 0.12855372
I16: -5 | J16: 0.51618497 | K16: 0.15030589
I17: -6 | J17: 0.59679453 | K17: 0.17993522
I18: -7 | J18: 0.72228061 | K18: 0.19381023
I19: -8 | J19: 0.7925381 | K19: 0.21560238
I20: -9 | J20: 0.82732528 | K20: 0.23463553
I21: -10 | J21: 0.84661061 | K21: 0.31904514
I22: -11 | J22: 0.85338939 | K22: 0.36246951
... I1011: -1000 | J1011: 1 | K1011: 1

Sheet Figure 22
B1: Go to Contents
B3: =Contents!B2 -> Quarterly Energy Dynamics - Q3 2026
B4: =Contents!B3 -> Figures from the report covering 1 July to 30 September 2026
B6: =Contents!B27 -> Figure 22 Batteries further increased price-setting across all NEM regions
B7: =Contents!$C27 -> Price-setting frequency by region and fuel type – Q3 2026 vs Q3 2025
B8: %
N9: Black Coal | O9: Brown Coal | P9: Gas | Q9: Hydro | R9: Wind | S9: Grid Solar | T9: Battery | U9: Battery Charge | V9: Other
L10: QLD | M10: Q3 25 | N10: 0.38002643 | O10: 0.011478195 | P10: 0.062261658 | Q10: 0.14781952 | R10: 0.02201246 | S10: 0.19022088 | T10: 0.096394185 | U10: 0.089182556 | V10: 0.00060411554
M11: Q3 26 | N11: 0.26077602 | O11: 0.0021891749 | P11: 0.018306032 | Q11: 0.079942629 | R11: 0.013097305 | S11: 0.087982185 | T11: 0.25715256 | U11: 0.28055409 | V11: 0
L12: NSW | M12: Q3 25 | N12: 0.39218278 | O12: 0.034327795 | P12: 0.067862538 | Q12: 0.18731118 | R12: 0.047205438 | S12: 0.091049849 | T12: 0.094977341 | U12: 0.084478852 | V12: 0.00060422961
M13: Q3 26 | N13: 0.2676455 | O13: 0.0082282781 | P13: 0.02464709 | Q13: 0.10364611 | R13: 0.011549785 | S13: 0.028421529 | T13: 0.2660225 | U13: 0.28983921 | V13: 0
L14: VIC | M14: Q3 25 | N14: 0.14579164 | O14: 0.15375902 | P14: 0.089755692 | Q14: 0.20379111 | R14: 0.14522524 | S14: 0.045765208 | T14: 0.10652116 | U14: 0.10844693 | V14: 0.00094400181
M15: Q3 26 | N15: 0.088356294 | O15: 0.11232308 | P15: 0.044951878 | Q15: 0.12511795 | R15: 0.14493301 | S15: 0.024797132 | T15: 0.2317041 | U15: 0.22781657 | V15: 0
L16: SA | M16: Q3 25 | N16: 0.099346751 | O16: 0.073783182 | P16: 0.18245667 | Q16: 0.13544538 | R16: 0.22429483 | S16: 0.039874637 | T16: 0.11286486 | U16: 0.12808217 | V16: 0.0038515274
M17: Q3 26 | N17: 0.065785997 | O17: 0.043479902 | P17: 0.1656539 | Q17: 0.090809587 | R17: 0.17229666 | S17: 0.025551991 | T17: 0.21830534 | U17: 0.21807888 | V17: 3.774297e-05
L18: TAS | M18: Q3 25 | N18: 0.066289166 | O18: 0.058663647 | P18: 0.030388826 | Q18: 0.70679502 | R18: 0.036428841 | S18: 0.013174783 | T18: 0.044205361 | U18: 0.043563609 | V18: 0.00049075123
M19: Q3 26 | N19: 0.084166824 | O19: 0.087224005 | P19: 0.040120778 | Q19: 0.25608605 | R19: 0.10813361 | S19: 0.020041517 | T19: 0.20569919 | U19: 0.19852802 | V19: 0

Sheet Figure 23
B1: Go to Contents
B3: =Contents!B2 -> Quarterly Energy Dynamics - Q3 2026
B4: =Contents!B3 -> Figures from the report covering 1 July to 30 September 2026
B6: =Contents!B28 -> Figure 23 Increased battery price setting reshaped market outcomes in Q3 2026
B7: =Contents!$C28 -> NEM price-setting frequency and average spot price when price-setter by fuel-type – Q3 2026 vs Q3 2025
B8: $/MWh
M10: Black Coal | N10: Brown Coal | O10: Gas | P10: Hydro | Q10: Wind | R10: Grid Solar | S10: Battery | T10: Battery Charge
L11: Q3 26 | M11: 0.15334613 | N11: 0.050688888 | O11: 0.058735935 | P11: 0.13112046 | Q11: 0.090002073 | R11: 0.037358871 | S11: 0.23577674 | T11: 0.24296335
L12: Q3 25 | M12: 0.21672735 | N12: 0.066402367 | O12: 0.086545077 | P12: 0.27623244 | Q12: 0.095033362 | R12: 0.076017071 | S12: 0.090992582 | T12: 0.090750822
L13: Q3 26 | M13: $74/MWh | N13: $17/MWh | O13: $117/MWh | P13: $70/MWh | Q13: -$5/MWh | R13: -$7/MWh | S13: $102/MWh | T13: $47/MWh
L14: Q3 25 | M14: $81/MWh | N14: $37/MWh | O14: $167/MWh | P14: $111/MWh | Q14: -$6/MWh | R14: -$12/MWh | S14: $185/MWh | T14: $63/MWh

Sheet Figure 24
B1: Go to Contents
B3: =Contents!B2 -> Quarterly Energy Dynamics - Q3 2026
B4: =Contents!B3 -> Figures from the report covering 1 July to 30 September 2026
B6: =Contents!B29 -> Figure 24 Battery charge and discharge drove time of day price-setting shifts in Q3 2026
B7: =Contents!$C29 -> NEM price-setting frequency by fuel type and time of day – Q3 2026 and Q3 2025
B8: %
O10: Battery Charge | P10: Battery | Q10: Grid Solar | R10: Wind | S10: Hydro | T10: Gas | U10: Brown Coal | V10: Black Coal | W10: Other
M11: Q3 2025 | N11: 0 | O11: 0.057678398 | P11: 0.030104027 | Q11: 0 | R11: 0.055172414 | S11: 0.29788461 | T11: 0.095047871 | U11: 0.090012888 | V11: 0.37409979 | W11: 0
N12: 0.020833333 | O12: 0.077898551 | P12: 0.024275362 | Q12: 0 | R12: 0.06557971 | S12: 0.26884058 | T12: 0.093115942 | U12: 0.082608696 | V12: 0.38623188 | W12: 0.0014492754
N13: 0.041666667 | O13: 0.085869565 | P13: 0.015942029 | Q13: 0 | R13: 0.084057971 | S13: 0.27101449 | T13: 0.089492754 | U13: 0.080072464 | V13: 0.37318841 | W13: 0.00036231884
N14: 0.0625 | O14: 0.11714274 | P14: 0.0072575554 | Q14: 0 | R14: 0.096176254 | S14: 0.26933573 | T14: 0.074733686 | U14: 0.060227123 | V14: 0.37512691 | W14: 0
N15: 0.083333333 | O15: 0.13442029 | P15: 0.021376812 | Q15: 0 | R15: 0.092391304 | S15: 0.23623188 | T15: 0.067753623 | U15: 0.071376812 | V15: 0.37608696 | W15: 0.00036231884
N16: 0.10416667 | O16: 0.14384058 | P16: 0.01884058 | Q16: 0 | R16: 0.10978261 | S16: 0.21521739 | T16: 0.071014493 | U16: 0.070652174 | V16: 0.37065217 | W16: 0
N17: 0.125 | O17: 0.16956522 | P17: 0.018478261 | Q17: 0 | R17: 0.10833333 | S17: 0.20615942 | T17: 0.058333333 | U17: 0.063768116 | V17: 0.37427536 | W17: 0.0010869565
N18: 0.14583333 | O18: 0.12876259 | P18: 0.013053999 | Q18: 0 | R18: 0.11143376 | S18: 0.23621281 | T18: 0.068583471 | U18: 0.064241563 | V18: 0.37734883 | W18: 0.00036297641
N19: 0.16666667 | O19: 0.10471014 | P19: 0.023550725 | Q19: 0 | R19: 0.10217391 | S19: 0.23478261 | T19: 0.071376812 | U19: 0.069927536 | V19: 0.3923913 | W19: 0.0010869565
N20: 0.1875 | O20: 0.077173913 | P20: 0.018115942 | Q20: 0 | R20: 0.11014493 | S20: 0.2384058 | T20: 0.070652174 | U20: 0.083333333 | V20: 0.40217391 | W20: 0
N21: 0.20833333 | O21: 0.069965675 | P21: 0.048959731 | Q21: 0 | R21: 0.10434783 | S21: 0.28853534 | T21: 0.06488532 | U21: 0.078265473 | V21: 0.34359136 | W21: 0.0014492754
N22: 0.22916667 | O22: 0.031884058 | P22: 0.070652174 | Q22: 0 | R22: 0.087318841 | S22: 0.34565217 | T22: 0.087318841 | U22: 0.088768116 | V22: 0.2884058 | W22: 0
N23: 0.25 | O23: 0.031884058 | P23: 0.15543478 | Q23: 0 | R23: 0.055434783 | S23: 0.33550725 | T23: 0.085144928 | U23: 0.082608696 | V23: 0.25326087 | W23: 0.00072463768
... N58: 0.97916667 | O58: 0.038768116 | P58: 0.029710145 | Q58: 0 | R58: 0.047463768 | S58: 0.29166667 | T58: 0.1076087 | U58: 0.10434783 | V58: 0.38007246 | W58: 0.00036231884
M59: Q3 2026 | N59: 0 | O59: 0.18188406 | P59: 0.090942029 | Q59: 0 | R59: 0.069927536 | S59: 0.18333333 | T59: 0.09384058 | U59: 0.069927536 | V59: 0.31014493 | W59: 0
N60: 0.020833333 | O60: 0.22789855 | P60: 0.077898551 | Q60: 0 | R60: 0.077536232 | S60: 0.15362319 | T60: 0.097101449 | U60: 0.068478261 | V60: 0.29746377 | W60: 0
N61: 0.041666667 | O61: 0.31050725 | P61: 0.045652174 | Q61: 0 | R61: 0.082246377 | S61: 0.17173913 | T61: 0.05615942 | U61: 0.061956522 | V61: 0.27173913 | W61: 0
N62: 0.0625 | O62: 0.34818841 | P62: 0.042753623 | Q62: 0 | R62: 0.095289855 | S62: 0.14021739 | T62: 0.073188406 | U62: 0.042391304 | V62: 0.25797101 | W62: 0
N63: 0.083333333 | O63: 0.31884058 | P63: 0.040217391 | Q63: 0 | R63: 0.10833333 | S63: 0.13043478 | T63: 0.069565217 | U63: 0.045289855 | V63: 0.28731884 | W63: 0
N64: 0.10416667 | O64: 0.30108696 | P64: 0.035144928 | Q64: 0 | R64: 0.11630435 | S64: 0.11195652 | T64: 0.069565217 | U64: 0.052173913 | V64: 0.31376812 | W64: 0
N65: 0.125 | O65: 0.3423913 | P65: 0.035507246 | Q65: 0 | R65: 0.12717391 | S65: 0.082971014 | T65: 0.045289855 | U65: 0.047463768 | V65: 0.3192029 | W65: 0
N66: 0.14583333 | O66: 0.33043478 | P66: 0.030072464 | Q66: 0 | R66: 0.1365942 | S66: 0.10181159 | T66: 0.061231884 | U66: 0.043115942 | V66: 0.29673913 | W66: 0
N67: 0.16666667 | O67: 0.28472803 | P67: 0.054394513 | Q67: 0 | R67: 0.13720508 | S67: 0.13493845 | T67: 0.058776533 | U67: 0.042831216 | V67: 0.28712617 | W67: 0
N68: 0.1875 | O68: 0.24927536 | P68: 0.075362319 | Q68: 0 | R68: 0.12355072 | S68: 0.14057971 | T68: 0.047101449 | U68: 0.046376812 | V68: 0.31775362 | W68: 0
N69: 0.20833333 | O69: 0.18586957 | P69: 0.14130435 | Q69: 0 | R69: 0.13152174 | S69: 0.15471014 | T69: 0.052898551 | U69: 0.043115942 | V69: 0.29057971 | W69: 0
N70: 0.22916667 | O70: 0.11630435 | P70: 0.27210145 | Q70: 0 | R70: 0.12608696 | S70: 0.16376812 | T70: 0.05326087 | U70: 0.042028986 | V70: 0.22644928 | W70: 0
N71: 0.25 | O71: 0.056521739 | P71: 0.39927536 | Q71: 0.00036231884 | R71: 0.094202899 | S71: 0.13550725 | T71: 0.067391304 | U71: 0.048550725 | V71: 0.19818841 | W71: 0
... N106: 0.97916667 | O106: 0.16594203 | P106: 0.1134058 | Q106: 0 | R106: 0.071014493 | S106: 0.19094203 | T106: 0.083695652 | U106: 0.066666667 | V106: 0.30833333 | W106: 0

Sheet Figure 25
B1: Go to Contents
B3: =Contents!B2 -> Quarterly Energy Dynamics - Q3 2026
B4: =Contents!B3 -> Figures from the report covering 1 July to 30 September 2026
B6: =Contents!B30 -> Figure 25 Most fuel types earned lower average spot prices
B7: =Contents!$C30 -> Volume weighted average prices by fuel type – Q3 2026 vs Q3 2025
B8: $/MWh
N11: Black Coal | O11: Brown Coal | P11: Gas | Q11: Hydro | R11: Battery Discharge | S11: Wind | T11: Grid Solar | U11: Battery Charge | V11: Hydro Pump Load
M12: Q3 2025 | N12: 95 | O12: 89 | P12: 182 | Q12: 120 | R12: 167 | S12: 63 | T12: 26 | U12: 34 | V12: 2
M13: Q3 2026 | N13: 75 | O13: 63 | P13: 111 | Q13: 88 | R13: 98 | S13: 49 | T13: 34 | U13: 32 | V13: 15

Sheet Figure 26
B1: Go to Contents
B3: =Contents!B2 -> Quarterly Energy Dynamics - Q3 2026
B4: =Contents!B3 -> Figures from the report covering 1 July to 30 September 2026
B6: =Contents!B31 -> Figure 26 Q3 2026 base futures declined through the quarter across all regions
B7: =Contents!$C31 -> ASX Energy – Regional daily Q3 2026 base future prices and daily average spot price for mainland regions
B8: $/MWh
B22: Source: ASX data

Sheet Figure 27
B1: Go to Contents
B3: =Contents!B2 -> Quarterly Energy Dynamics - Q3 2026
B4: =Contents!B3 -> Figures from the report covering 1 July to 30 September 2026
B6: =Contents!B32 -> Figure 27 FY27 futures increased towards the end of Q3 2026
B7: =Contents!$C32 -> ASX Energy – Daily FY27 base futures by region
B8: $/MWh
B22: Source: ASX data

Sheet Figure 28
B1: Go to Contents
B3: =Contents!B2 -> Quarterly Energy Dynamics - Q3 2026
B4: =Contents!B3 -> Figures from the report covering 1 July to 30 September 2026
B6: =Contents!B33 -> Figure 28 Future financial year contracts higher across most regions at the end of Q3 2026
B7: =Contents!$C33 -> ASX Energy – Financial year futures contract prices in mainland NEM regions – end of Q2 2026 and end of Q3 2026
B8: $/MWh
B22: Source: ASX data

Sheet Figure 29
B1: Go to Contents
B3: =Contents!B2 -> Quarterly Energy Dynamics - Q3 2026
B4: =Contents!B3 -> Figures from the report covering 1 July to 30 September 2026
B6: =Contents!B34 -> Figure 29 Shift in supply mix driven by higher renewable output
B7: =Contents!$C34 -> Change in NEM supply by fuel type – Q3 2026 vs Q3 2025
B8: MW
N9: Fuel type | O9: Decrease | P9: Increase
N10: Distributed PV | O10: 0 | P10: 371.87668
N11: Grid Solar | O11: 0 | P11: 511.99319
N12: Wind | O12: 280.21626 | P12: 0
N13: Black Coal | O13: 290.94886 | P13: 0
N14: Brown Coal | O14: 0 | P14: 313.31137
N15: Gas | O15: 452.82716 | P15: 0
N16: Hydro | O16: 0 | P16: 209.32372
N17: Other | O17: 0 | P17: 13.901918

Sheet Figure 30
B1: Go to Contents
B3: =Contents!B2 -> Quarterly Energy Dynamics - Q3 2026
B4: =Contents!B3 -> Figures from the report covering 1 July to 30 September 2026
B6: =Contents!B35 -> Figure 30 Renewables and storage continue to supply energy throughout the day
B7: =Contents!$C35 -> Change in NEM generation and storage by time of day – Q3 2026 vs Q3 2025
B8: MW
B10: Time | C10: Black Coal | D10: Brown Coal | E10: Gas | F10: Grid Solar | G10: Hydro + Pumped hydro | H10: Wind | I10: Battery | J10: Distributed PV
B11: 0 | C11: -196.14439 | D11: 273.22936 | E11: -235.87351 | F11: 0.0062021921 | G11: 317.71459 | H11: -223.09072 | I11: 29.489239 | J11: 0
B12: 0.00069444444 | C12: -194.95421 | D12: 274.22391 | E12: -234.46115 | F12: 0.0056613074 | G12: 318.07223 | H12: -219.36592 | I12: 29.036397 | J12: 0
B13: 0.0013888889 | C13: -193.76403 | D13: 275.21845 | E13: -233.0488 | F13: 0.0051204228 | G13: 318.42987 | H13: -215.64112 | I13: 28.583556 | J13: 0
B14: 0.0020833333 | C14: -192.57385 | D14: 276.213 | E14: -231.63645 | F14: 0.0045795381 | G14: 318.78751 | H14: -211.91633 | I14: 28.130714 | J14: 0
B15: 0.0027777778 | C15: -191.38367 | D15: 277.20754 | E15: -230.2241 | F15: 0.0040386534 | G15: 319.14515 | H15: -208.19153 | I15: 27.677873 | J15: 0
B16: 0.0034722222 | C16: -190.19348 | D16: 278.20209 | E16: -228.81174 | F16: 0.0034977688 | G16: 319.50279 | H16: -204.46673 | I16: 27.225031 | J16: 0
B17: 0.0041666667 | C17: -189.0033 | D17: 279.19664 | E17: -227.39939 | F17: 0.0029568841 | G17: 319.86043 | H17: -200.74193 | I17: 26.77219 | J17: 0
B18: 0.0048611111 | C18: -187.81312 | D18: 280.19118 | E18: -225.98704 | F18: 0.0024159995 | G18: 320.21806 | H18: -197.01713 | I18: 26.319348 | J18: 0
B19: 0.0055555556 | C19: -186.62294 | D19: 281.18573 | E19: -224.57469 | F19: 0.0018751148 | G19: 320.5757 | H19: -193.29233 | I19: 25.866506 | J19: 0
B20: 0.00625 | C20: -185.43276 | D20: 282.18027 | E20: -223.16233 | F20: 0.0013342301 | G20: 320.93334 | H20: -189.56753 | I20: 25.413665 | J20: 0
B21: 0.0069444444 | C21: -184.24258 | D21: 283.17482 | E21: -221.74998 | F21: 0.00079334547 | G21: 321.29098 | H21: -185.84274 | I21: 24.960823 | J21: 0
B22: 0.0076388889 | C22: -183.0524 | D22: 284.16936 | E22: -220.33763 | F22: 0.0002524608 | G22: 321.64862 | H22: -182.11794 | I22: 24.507982 | J22: 0
... B1451: 0 | C1451: -196.14439 | D1451: 273.22936 | E1451: -235.87351 | F1451: 0.0062021921 | G1451: 317.71459 | H1451: -223.09072 | I1451: 29.489239 | J1451: 0

Sheet Figure 31
B1: Go to Contents
B3: =Contents!B2 -> Quarterly Energy Dynamics - Q3 2026
B4: =Contents!B3 -> Figures from the report covering 1 July to 30 September 2026
B6: =Contents!B36 -> Figure 31 NEM black coal-fired generation reached new Q3 low
B7: =Contents!$C36 -> Quarterly average black coal-fired generation and availability by region – Q3s
B8: MW
K10: NSW generation | L10: NSW availability | M10: QLD generation | N10: QLD availability
J11: 2021 | K11: 5938 | L11: 1567 | M11: 5031 | N11: 937
J12: 2022 | K12: 5854 | L12: 1563 | M12: 4972 | N12: 1011
J13: 2023 | K13: 4945 | L13: 2006 | M13: 4774 | N13: 1161
J14: 2024 | K14: 5286 | L14: 1357 | M14: 4606 | N14: 1364
J15: 2025 | K15: 5249 | L15: 1483 | M15: 4724 | N15: 1367
J16: 2026 | K16: 4997 | L16: 1539 | M16: 4686 | N16: 1173

Sheet Figure 32
B1: Go to Contents
B3: =Contents!B2 -> Quarterly Energy Dynamics - Q3 2026
B4: =Contents!B3 -> Figures from the report covering 1 July to 30 September 2026
B6: =Contents!B37 -> Figure 32 Black coal-fired capacity on outage increased year-on-year
B7: =Contents!$C37 -> Average coal-fired capacity fully offline – Q3 2026 vs Q3 2025
B8: MW
J10: Planned outages | K10: Economic withdrawals | L10: Unplanned outages
H11: NSW Black Coal | I11: Q325 | J11: 507.08918 | K11: 0 | L11: 795.27174
I12: Q326 | J12: 756.06431 | K12: 0 | L12: 562.8176
H13: QLD Black Coal | I13: Q325 | J13: 921.36481 | K13: 112.59813 | L13: 205.7771
I14: Q326 | J14: 1283.8445 | K14: 177.25091 | L14: 205.9518
H15: VIC Brown Coal | I15: Q325 | J15: 309.63749 | K15: 0 | L15: 512.78967
I16: Q326 | J16: 202.28902 | K16: 35.069067 | L16: 215.54744

Sheet Figure 33
B1: Go to Contents
B3: =Contents!B2 -> Quarterly Energy Dynamics - Q3 2026
B4: =Contents!B3 -> Figures from the report covering 1 July to 30 September 2026
B6: =Contents!B38 -> Figure 33 Lower black coal generation during morning and evening peak periods
B7: =Contents!$C38 -> Black coal-fired output by time of day – Q3s
B8: MW
J9: Time | K9: NSW Q3 25 | L9: NSW Q3 26 | M9: QLD Q3 25 | N9: QLD Q3 26
J10: 0.0034722222 | K10: 6045.1951 | L10: 5602.7488 | M10: 5026.1258 | N10: 5264.5404
J11: 0.0069444444 | K11: 6037.591 | L11: 5590.817 | M11: 5012.529 | N11: 5243.9984
J12: 0.010416667 | K12: 6023.6814 | L12: 5587.1748 | M12: 5008.8324 | N12: 5247.2365
J13: 0.013888889 | K13: 5998.1887 | L13: 5585.568 | M13: 4974.938 | N13: 5242.0011
J14: 0.017361111 | K14: 5976.951 | L14: 5572.1597 | M14: 4954.8637 | N14: 5228.864
J15: 0.020833333 | K15: 5956.2356 | L15: 5548.8019 | M15: 4938.9417 | N15: 5206.3197
J16: 0.024305556 | K16: 5936.1782 | L16: 5530.8626 | M16: 4916.2945 | N16: 5188.7877
J17: 0.027777778 | K17: 5909.4602 | L17: 5501.7786 | M17: 4923.196 | N17: 5184.3392
J18: 0.03125 | K18: 5889.0974 | L18: 5475.0071 | M18: 4912.9391 | N18: 5177.2477
J19: 0.034722222 | K19: 5861.7954 | L19: 5458.884 | M19: 4898.7239 | N19: 5164.237
J20: 0.038194444 | K20: 5839.8301 | L20: 5442.7484 | M20: 4886.1567 | N20: 5156.4477
J21: 0.041666667 | K21: 5823.9299 | L21: 5427.7443 | M21: 4874.0747 | N21: 5148.9075
... J297: 1 | K297: 6047.7832 | L297: 5622.3122 | M297: 5046.2647 | N297: 5299.7939

Sheet Figure 34
B1: Go to Contents
B3: =Contents!B2 -> Quarterly Energy Dynamics - Q3 2026
B4: =Contents!B3 -> Figures from the report covering 1 July to 30 September 2026
B6: =Contents!B39 -> Figure 34 Decreased availability across all New South Wales black coal-fired stations except Vales Point B
B7: =Contents!$C39 -> Average quarterly availability and generation for New South Wales black coal-fired power stations – Q3 2026 vs Q3 2025
B8: MW
O11: Generation | P11: Availability | Q11: Utilisation
M12: Bayswater | N12: Q3 25 | O12: 1901.1639 | P12: 2428.0069 | Q12: 0.78301421
N13: Q3 26 | O13: 1809.4148 | P13: 2234.7101 | Q13: 0.80968657
M14: Eraring | N14: Q3 25 | O14: 1741.2734 | P14: 2121.5653 | Q14: 0.82074936
N15: Q3 26 | O15: 1630.8344 | P15: 1898.7509 | Q15: 0.85889855
M16: Vales Point B | N16: Q3 25 | O16: 723.73943 | P16: 931.42742 | Q16: 0.77702181
N17: Q3 26 | O17: 864.58352 | P17: 1226.4286 | Q17: 0.70496032
M18: Mt Piper | N18: Q3 25 | O18: 883.27043 | P18: 1251.3712 | Q18: 0.70584209
N19: Q3 26 | O19: 692.29066 | P19: 1176.1156 | Q19: 0.58862465

Sheet Figure 35
B1: Go to Contents
B3: =Contents!B2 -> Quarterly Energy Dynamics - Q3 2026
B4: =Contents!B3 -> Figures from the report covering 1 July to 30 September 2026
B6: =Contents!B40 -> Figure 35 Queensland black coal-fired output decreased year-on-year driven by Kogan Creek and Stanwell
B7: =Contents!$C40 -> Average quarterly availability and generation for Queensland black coal-fired power stations – Q3 2026 vs Q3 2025
B8: MW
O11: Generation | P11: Availbility | Q11: Utilisation
M12: Callide B | N12: Q3 25 | O12: 444.20376 | P12: 549.7309 | Q12: 0.80803854
N13: Q3 26 | O13: 499.59929 | P13: 680.81692 | Q13: 0.73382325
M14: Callide C | N14: Q3 25 | O14: 427.13407 | P14: 528.62311 | Q14: 0.80801248
N15: Q3 26 | O15: 634.49196 | P15: 767.26502 | Q15: 0.8269528
M16: Gladstone | N16: Q3 25 | O16: 684.31589 | P16: 1022.3045 | Q16: 0.66938558
N17: Q3 26 | O17: 735.91375 | P17: 1094.7741 | Q17: 0.67220602
M18: Kogan Creek | N18: Q3 25 | O18: 603.3798 | P18: 698.42833 | Q18: 0.86391083
N19: Q3 26 | O19: 119.32039 | P19: 134.72486 | Q19: 0.88565977
M20: Millmerran | N20: Q3 25 | O20: 568.37866 | P20: 625.7674 | Q20: 0.90829062
N21: Q3 26 | O21: 660.47661 | P21: 734.78442 | Q21: 0.89887127
M22: Stanwell | N22: Q3 25 | O22: 923.72046 | P22: 1345.702 | Q22: 0.68642277
N23: Q3 26 | O23: 764.86206 | P23: 997.53083 | Q23: 0.76675531
M24: Tarong | N24: Q3 25 | O24: 905.69114 | P24: 1134.7215 | Q24: 0.79816158
N25: Q3 26 | O25: 913.73832 | P25: 1056.0539 | Q25: 0.86523834
M26: Tarong North | N26: Q3 25 | O26: 167.64434 | P26: 186.63138 | Q26: 0.89826449
N27: Q3 26 | O27: 357.44065 | P27: 392.90931 | Q27: 0.90972812

Sheet Figure 36
B1: Go to Contents
B3: =Contents!B2 -> Quarterly Energy Dynamics - Q3 2026
B4: =Contents!B3 -> Figures from the report covering 1 July to 30 September 2026
B6: =Contents!B41 -> Figure 36 Brown coal-fired availability and generation increased
B7: =Contents!$C41 -> Quarterly average brown coal-fired generation and availability in Victoria (including decommissioned units) – Q3s
B8: MW
M9: Generation | N9: Avaliability
L10: Q3 15 | M10: 5448 | N10: 5578
L11: Q3 16 | M11: 5149 | N11: 5510
L12: Q3 17 | M12: 4111 | N12: 4165
L13: Q3 18 | M13: 4136 | N13: 4223
L14: Q3 19 | M14: 3521 | N14: 3537
L15: Q3 20 | M15: 3837 | N15: 3909
L16: Q3 21 | M16: 3720 | N16: 3973
L17: Q3 22 | M17: 3584 | N17: 3752
L18: Q3 23 | M18: 3730 | N18: 4229
L19: Q3 24 | M19: 3703 | N19: 4270
L20: Q3 25 | M20: 3518 | N20: 4018
L21: Q3 26 | M21: 3832 | N21: 4296

Sheet Figure 37
B1: Go to Contents
B3: =Contents!B2 -> Quarterly Energy Dynamics - Q3 2026
B4: =Contents!B3 -> Figures from the report covering 1 July to 30 September 2026
B6: =Contents!B42 -> Figure 37 Higher brown coal-fired generation across all hours
B7: =Contents!$C42 -> Brown coal-fired output by time of day – Q3s | L7: Vic Q3 25 | M7: Vic Q3 26
B8: MW | K8: 0 | L8: 3641.2252 | M8: 3929.7038
K9: 0.0034722222 | L9: 3650.979 | M9: 3947.7527
K10: 0.0069444444 | L10: 3629.4734 | M10: 3932.2687
K11: 0.010416667 | L11: 3627.7741 | M11: 3931.3675
K12: 0.013888889 | L12: 3620.5818 | M12: 3925.6026
K13: 0.017361111 | L13: 3611.9922 | M13: 3912.4076
K14: 0.020833333 | L14: 3595.9562 | M14: 3905.752
K15: 0.024305556 | L15: 3601.2452 | M15: 3906.1953
K16: 0.027777778 | L16: 3581.1355 | M16: 3896.5204
K17: 0.03125 | L17: 3576.9732 | M17: 3892.2925
K18: 0.034722222 | L18: 3570.2877 | M18: 3889.2707
K19: 0.038194444 | L19: 3567.7772 | M19: 3886.6372
K20: 0.041666667 | L20: 3566.7035 | M20: 3885.3971
... K295: 0.99652778 | L295: 3641.7345 | M295: 3939.0102

Sheet Figure 38
B1: Go to Contents
B3: =Contents!B2 -> Quarterly Energy Dynamics - Q3 2026
B4: =Contents!B3 -> Figures from the report covering 1 July to 30 September 2026
B6: =Contents!B43 -> Figure 38 Lowest Q3 gas-fired output across the NEM since 2000
B7: =Contents!$C43 -> Average gas-fired generation by region – Q3s
B8: MW
I10: YEAR | J10: NSW | K10: QLD | L10: SA | M10: TAS | N10: VIC
I11: 2000 | J11: 122.66806 | K11: 36.876504 | L11: 665.14637 | M11: 0 | N11: 21.786561
I12: 2001 | J12: 116.64232 | K12: 21.000995 | L12: 855.06536 | M12: 0 | N12: 105.28847
I13: 2002 | J13: 111.63681 | K13: 54.597619 | L13: 871.60035 | M13: 0 | N13: 176.27633
I14: 2003 | J14: 116.38598 | K14: 44.177369 | L14: 697.10591 | M14: 0 | N14: 50.052706
I15: 2004 | J15: 116.1247 | K15: 153.79078 | L15: 663.3131 | M15: 0 | N15: 127.2469
I16: 2005 | J16: 123.05628 | K16: 376.18571 | L16: 680.1011 | M16: 99.582581 | N16: 68.110096
I17: 2006 | J17: 118.6176 | K17: 523.59117 | L17: 723.01287 | M17: 80.499917 | N17: 98.887608
I18: 2007 | J18: 118.04305 | K18: 547.38036 | L18: 911.43272 | M18: 125.39708 | N18: 300.86351
I19: 2008 | J19: 119.99087 | K19: 670.80445 | L19: 909.25593 | M19: 73.744513 | N19: 309.103
I20: 2009 | J20: 442.96789 | K20: 647.75588 | L20: 708.25287 | M20: 58.421826 | N20: 152.6515
I21: 2010 | J21: 449.06628 | K21: 1379.0859 | L21: 837.64288 | M21: 184.32854 | N21: 59.286482
I22: 2011 | J22: 355.95394 | K22: 1155.5066 | L22: 750.48167 | M22: 186.31859 | N22: 61.482053
... I37: 2026 | J37: 71.361446 | K37: 202.85188 | L37: 391.51589 | M37: 101.22358 | N37: 114.25266

Sheet Figure 39
B1: Go to Contents
B3: =Contents!B2 -> Quarterly Energy Dynamics - Q3 2026
B4: =Contents!B3 -> Figures from the report covering 1 July to 30 September 2026
B6: =Contents!B44 -> Figure 39 Hydro generation increased year-on-year
B7: =Contents!$C44 -> Average hydro generation by region – Q3s
B8: MW
J10: NSW | K10: QLD | L10: TAS | M10: VIC | N10: Q3 26 average
I11: Q3 21 | J11: 155.46398 | K11: 62.285885 | L11: 1344.2702 | M11: 294.55134
I12: Q3 22 | J12: 293.21313 | K12: 84.216847 | L12: 1093.7207 | M12: 499.7133
I13: Q3 23 | J13: 317.77148 | K13: 68.545925 | L13: 1168.4514 | M13: 376.65652
I14: Q3 24 | J14: 239.30565 | K14: 83.209832 | L14: 791.13932 | M14: 307.58893
I15: Q3 25 | J15: 159.08432 | K15: 84.918441 | L15: 890.92896 | M15: 228.11397
I16: 46204 | J16: 287.12142 | K16: 99.681908 | L16: 1137.4668 | M16: 483.36474 | N16: 1572.3694
I17: 46235 | J17: 313.90219 | K17: 26.247063 | L17: 985.52116 | M17: 332.16574 | N17: 1572.3694
I18: 46266 | J18: 168.78098 | K18: 21.393987 | L18: 682.88309 | M18: 161.22141 | N18: 1572.3694

Sheet Figure 40
B1: Go to Contents
B3: =Contents!B2 -> Quarterly Energy Dynamics - Q3 2026
B4: =Contents!B3 -> Figures from the report covering 1 July to 30 September 2026
B6: =Contents!B45 -> Figure 40 Growth in VRE output
B7: =Contents!$C45 -> Average quarterly VRE generation by fuel type – Q3s
B8: MW
H9: QTR YEAR | I9: Wind | J9: Solar
H10: Q3 21 | I10: 3104.5644 | J10: 877.2181
H11: Q3 22 | I11: 3348.3657 | J11: 1116.4831
H12: Q3 23 | I12: 3339.5725 | J12: 1528.7886
H13: Q3 24 | I13: 4043.5653 | J13: 1460.73
H14: Q3 25 | I14: 4675.5535 | J14: 1698.5379
H15: Q3 26 | I15: 4395.3373 | J15: 2210.5311

Sheet Figure 41
B1: Go to Contents
B3: =Contents!B2 -> Quarterly Energy Dynamics - Q3 2026
B4: =Contents!B3 -> Figures from the report covering 1 July to 30 September 2026
B6: =Contents!B46 -> Figure 41 Increase in solar generation and decrease in wind generation across the NEM
B7: =Contents!$C46 -> Average MW change in output Q3 2026 vs Q3 2025
B8: MW
I10: QLD | J10: NSW | K10: VIC | L10: SA | M10: TAS
H11: Wind | I11: 199.65501 | J11: -141.03081 | K11: -196.29795 | L11: -123.85365 | M11: -18.688862
H12: Solar | I12: 216.80386 | J12: 225.83964 | K12: 83.367168 | L12: -14.017484

Sheet Figure 42
B1: Go to Contents
B3: =Contents!B2 -> Quarterly Energy Dynamics - Q3 2026
B4: =Contents!B3 -> Figures from the report covering 1 July to 30 September 2026
B6: =Contents!B47 -> Figure 42 Growth in grid-scale solar availability and generation
B7: =Contents!$C47 -> Changes in grid-scale solar availability and generation – Q3 2026 vs Q3 2025
B8: MW
I10: Value
H11: Net | I11: 512
H12: Offloading | I12: 177
H13: Curtailment | I13: -105
H14: Existing fleet | I14: 33
H15: Commissioning | I15: 156
H16: New Capacity | I16: 250

Sheet Figure 43
B1: Go to Contents
B3: =Contents!B2 -> Quarterly Energy Dynamics - Q3 2026
B4: =Contents!B3 -> Figures from the report covering 1 July to 30 September 2026
B6: =Contents!B48 -> Figure 43 Declines in grid-scale solar availability in Queensland and South Australia
B7: =Contents!$C48 -> Volume-weighted grid-scale solar available capacity factors – Q3s
B8: %
I10: Grid-solar | J10: QLD | K10: NSW | L10: VIC | M10: SA
I11: Q3 23 | J11: 0.24126643 | K11: 0.22699017 | L11: 0.20253875 | M11: 0.22209758
I12: Q3 24 | J12: 0.23996056 | K12: 0.19509925 | L12: 0.17099371 | M12: 0.21050682
I13: Q3 25 | J13: 0.25319686 | K13: 0.18049247 | L13: 0.19432399 | M13: 0.2088706
I14: Q3 26 | J14: 0.24331998 | K14: 0.2120289 | L14: 0.19656244 | M14: 0.17316558

Sheet Figure 44
B1: Go to Contents
B3: =Contents!B2 -> Quarterly Energy Dynamics - Q3 2026
B4: =Contents!B3 -> Figures from the report covering 1 July to 30 September 2026
B6: =Contents!B49 -> Figure 44 Lower output from established wind farms
B7: =Contents!$C49 -> Changes in wind availability and generation – Q3 2026 vs Q3 2025
B8: MW
J9: Value
I10: Net | J10: -280
I11: Offloading | J11: 177
I12: Curtailment | J12: -105
I13: Existing fleet | J13: 33
I14: Commissioning | J14: 156
I15: New Capacity | J15: 250

Sheet Figure 45
B1: Go to Contents
B3: =Contents!B2 -> Quarterly Energy Dynamics - Q3 2026
B4: =Contents!B3 -> Figures from the report covering 1 July to 30 September 2026
B6: =Contents!B50 -> Figure 45 Wind availability down across most regions
B7: =Contents!$C50 -> Volume-weighted wind available capacity factors – Q3s
B8: %
H10: Wind | I10: QLD | J10: NSW | K10: VIC | L10: SA | M10: TAS
H11: Q3 23 | I11: 0.37351444 | J11: 0.29102018 | K11: 0.35913931 | L11: 0.33025713 | M11: 0.47666592
H12: Q3 24 | I12: 0.36295606 | J12: 0.34886817 | K12: 0.40136336 | L12: 0.42150956 | M12: 0.47101747
H13: Q3 25 | I13: 0.34202109 | J13: 0.37382988 | K13: 0.41090061 | L13: 0.38526109 | M13: 0.47180496
H14: Q3 26 | I14: 0.35530422 | J14: 0.32007479 | K14: 0.3414424 | L14: 0.33317372 | M14: 0.43544943

Sheet Figure 46
B1: Go to Contents
B3: =Contents!B2 -> Quarterly Energy Dynamics - Q3 2026
B4: =Contents!B3 -> Figures from the report covering 1 July to 30 September 2026
B6: =Contents!B51 -> Figure 46 Increase in multi-day wind lulls in Q3 2026
B7: =Contents!$C51 -> Count of wind lulls (<10% availability) by region – Q3s
B8: #
B10: Number of lulls < 10% | D10: 1 day | E10: 2 days | F10: 3 days | G10: 4 days | H10: 5 days
B11: Q3 2024 | C11: QLD | D11: 1 | E11: 1 | F11: 0 | G11: 0 | H11: 0
C12: NSW | D12: 3 | E12: 0 | F12: 1 | G12: 0 | H12: 0
C13: VIC | D13: 2 | E13: 1 | F13: 2 | G13: 0 | H13: 0
C14: SA | D14: 6 | E14: 0 | F14: 0 | G14: 0 | H14: 0
C15: TAS | D15: 1 | E15: 0 | F15: 1 | G15: 0 | H15: 1
B16: Q3 2025 | C16: QLD | D16: 3 | E16: 0 | F16: 0 | G16: 0 | H16: 0
C17: NSW | D17: 7 | E17: 1 | F17: 0 | G17: 0 | H17: 0
C18: VIC | D18: 6 | E18: 0 | F18: 0 | G18: 0 | H18: 0
C19: SA | D19: 4 | E19: 2 | F19: 0 | G19: 0 | H19: 0
C20: TAS | D20: 2 | E20: 2 | F20: 2 | G20: 0 | H20: 0
B21: Q3 2026 | C21: QLD | D21: 0 | E21: 0 | F21: 0 | G21: 0 | H21: 0
C22: NSW | D22: 3 | E22: 2 | F22: 0 | G22: 0 | H22: 0
C23: VIC | D23: 6 | E23: 1 | F23: 3 | G23: 0 | H23: 0
C24: SA | D24: 8 | E24: 1 | F24: 0 | G24: 0 | H24: 0
C25: TAS | D25: 4 | E25: 2 | F25: 0 | G25: 1 | H25: 0

Sheet Figure 47
B1: Go to Contents
B3: =Contents!B2 -> Quarterly Energy Dynamics - Q3 2026
B4: =Contents!B3 -> Figures from the report covering 1 July to 30 September 2026
B6: =Contents!B52 -> Figure 47 Increased lows in wind availability across Q3 2026
B7: =Contents!$C52 -> Daily wind availability capacity factor – Q3 25 and Q3 26
B8: %
C10: NEM | D10: QLD | E10: NSW | F10: VIC | G10: SA | H10: TAS
B11: 45839 | C11: 0.28738582 | D11: 0.62359766 | E11: 0.55179337 | F11: 0.20721021 | G11: 0.073989267 | H11: 0.16479082
B12: 45840 | C12: 0.32381525 | D12: 0.65302636 | E12: 0.68326331 | F12: 0.237075 | G12: 0.019726576 | H12: 0.2464867
B13: 45841 | C13: 0.18329145 | D13: 0.5304564 | E13: 0.30407534 | F13: 0.043438476 | G13: 0.21262635 | H13: 0.11245533
B14: 45842 | C14: 0.36792949 | D14: 0.40444205 | E14: 0.095352715 | F14: 0.35439831 | G14: 0.6966239 | H14: 0.17081976
B15: 45843 | C15: 0.47881417 | D15: 0.61880791 | E15: 0.23187599 | F15: 0.54161556 | G15: 0.61465755 | H15: 0.21568418
B16: 45844 | C16: 0.23588008 | D16: 0.35575704 | E16: 0.33232732 | F16: 0.11632789 | G16: 0.35250423 | H16: 0.073832019
B17: 45845 | C17: 0.29280075 | D17: 0.23828409 | E17: 0.33528125 | F17: 0.23227319 | G17: 0.42790082 | H17: 0.074180665
B18: 45846 | C18: 0.66978927 | D18: 0.17888806 | E18: 0.56013963 | F18: 0.81541065 | G18: 0.69173687 | H18: 0.63586261
B19: 45847 | C19: 0.58043423 | D19: 0.22812518 | E19: 0.41415124 | F19: 0.69249033 | G19: 0.69111118 | H19: 0.45685008
B20: 45848 | C20: 0.62645991 | D20: 0.40509464 | E20: 0.82302021 | F20: 0.57146197 | G20: 0.64927221 | H20: 0.43725993
B21: 45849 | C21: 0.53419022 | D21: 0.62496352 | E21: 0.67392352 | F21: 0.49952987 | G21: 0.38741594 | H21: 0.7169309
B22: 45850 | C22: 0.34217539 | D22: 0.55569874 | E22: 0.36783378 | F22: 0.31133899 | G22: 0.28378516 | H22: 0.40665126
... B194: 46295 | C194: 0.35793664 | D194: 0.48245322 | E194: 0.30311617 | F194: 0.46188602 | G194: 0.12225608 | H194: 0.4572292

Sheet Figure 48
B1: Go to Contents
B3: =Contents!B2 -> Quarterly Energy Dynamics - Q3 2026
B4: =Contents!B3 -> Figures from the report covering 1 July to 30 September 2026
B6: =Contents!B53 -> Figure 48 Economic offloading declined for both fuel types
B7: =Contents!$C53 -> Average MW offloading and as percentage of availability by fuel type
B8: MW [LHS], % [RHS]
I9: Wind | J9: Grid Solar | K9: % Wind | L9: % Solar
H10: Q3 25 | I10: 310.52689 | J10: 326.50655 | K10: 0.064949787 | L10: 0.15732541
H11: Q4 25 | I11: 694.62058 | J11: 617.87217 | K11: 0.15229931 | L11: 0.1832769
H12: Q1 26 | I12: 315.46483 | J12: 193.73429 | K12: 0.079133688 | L12: 0.061441383
H13: Q2 26 | I13: 268.3429 | J13: 80.914287 | K13: 0.062512859 | L13: 0.040023814
H14: Q3 26 | I14: 266.15724 | J14: 149.4712 | K14: 0.058931613 | L14: 0.059033261

Sheet Figure 49
B1: Go to Contents
B3: =Contents!B2 -> Quarterly Energy Dynamics - Q3 2026
B4: =Contents!B3 -> Figures from the report covering 1 July to 30 September 2026
B6: =Contents!B54 -> Figure 49 Queensland experienced the largest reduction in offloading
B7: =Contents!$C54 -> Average MW offloading by region – Q3s
B8: MW
J9: Wind | K9: Grid Solar
H10: QLD | I10: Q3 25 | J10: 21.911364 | K10: 220.34332
I11: Q3 26 | J11: 13.331545 | K11: 81.162039
H12: NSW | I12: Q3 25 | J12: 12.33067 | K12: 61.565143
I13: Q3 26 | J13: 4.2008634 | K13: 24.227741
H14: VIC | I14: Q3 25 | J14: 161.57736 | K14: 13.410476
I15: Q3 26 | J15: 168.46671 | K15: 20.411386
H16: SA | I16: Q3 25 | J16: 114.603 | K16: 31.187605
I17: Q3 26 | J17: 79.368673 | K17: 23.670034
H18: TAS | I18: Q3 25 | J18: 0.10448469
I19: Q3 26 | J19: 0.78945293

Sheet Figure 50
B1: Go to Contents
B3: =Contents!B2 -> Quarterly Energy Dynamics - Q3 2026
B4: =Contents!B3 -> Figures from the report covering 1 July to 30 September 2026
B6: =Contents!B55 -> Figure 50 Curtailment increases for solar and wind farms
B7: =Contents!$C55 -> Average MW network curtailment and as percentage of availability by fuel type
B8: MW [LHS], % [RHS]
I10: Wind | J10: Grid Solar | K10: % Wind | L10: % Solar
H11: Q3 25 | I11: 78.297572 | J11: 64.191982 | K11: 0.016376716 | L11: 0.030930558
H12: Q4 25 | I12: 36.857 | J12: 213.34065 | K12: 0.0080810961 | L12: 0.063282368
H13: Q1 26 | I13: 50.641265 | J13: 245.71348 | K13: 0.012703255 | L13: 0.077926195
H14: Q2 26 | I14: 61.049257 | J14: 81.080242 | K14: 0.014221966 | L14: 0.040105903
H15: Q3 26 | I15: 112.71711 | J15: 168.73515 | K15: 0.024957431 | L15: 0.066641509

Sheet Figure 51
B1: Go to Contents
B3: =Contents!B2 -> Quarterly Energy Dynamics - Q3 2026
B4: =Contents!B3 -> Figures from the report covering 1 July to 30 September 2026
B6: =Contents!B56 -> Figure 51 Curtailment higher in New South Wales for solar and higher in Victoria for wind
B7: =Contents!$C56 -> Average MW network curtailment by region – Q3s
B8: MW
J10: Wind | K10: Solar
H11: QLD | I11: Q3 25 | J11: 2.592998 | K11: 7.4199905
I12: Q3 26 | J12: 26.585755 | K12: 48.125933
H13: NSW | I13: Q3 25 | J13: 2.6248117 | K13: 40.055588
I14: Q3 26 | J14: 3.3364703 | K14: 104.16965
H15: VIC | I15: Q3 25 | J15: 50.797469 | K15: 16.478096
I16: Q3 26 | J16: 75.558624 | K16: 15.461323
H17: SA | I17: Q3 25 | J17: 20.591443 | K17: 0.23830714
I18: Q3 26 | J18: 7.1384543 | K18: 0.97825006
H19: TAS | I19: Q3 25 | J19: 1.69085
I20: Q3 26 | J20: 0.097806265

Sheet Figure 52
B1: Go to Contents
B3: =Contents!B2 -> Quarterly Energy Dynamics - Q3 2026
B4: =Contents!B3 -> Figures from the report covering 1 July to 30 September 2026
B6: =Contents!B57 -> Figure 52 NEM total emissions remained broadly unchanged compared to Q3 2025
B7: =Contents!$C57 -> Quarterly NEM emissions and intensity – Q3s
B8: MtCO2-e [LHS]; tCO2-e/MWh [RHS]
C23: Emissions | D23: Emissions Intensity (CDEII) | E23: Emissions Intensity (Underlying Demand)
B24: 2016 | C24: 42.453402 | D24: 0.87933394 | E24: 0.83524101
B25: 2017 | C25: 38.967816 | D25: 0.80902146 | E25: 0.76785563
B26: 2018 | C26: 37.926119 | D26: 0.78400198 | E26: 0.74231533
B27: 2019 | C27: 34.193398 | D27: 0.70911126 | E27: 0.67247241
B28: 2020 | C28: 33.165275 | D28: 0.69913775 | E28: 0.65492577
B29: 2021 | C29: 31.281626 | D29: 0.66001544 | E29: 0.60972087
B30: 2022 | C30: 31.217909 | D30: 0.63207231 | E30: 0.59149244
B31: 2023 | C31: 27.747127 | D31: 0.59675988 | E31: 0.53930941
B32: 2024 | C32: 28.411069 | D32: 0.59363885 | E32: 0.5339281
B33: 2025 | C33: 28.072665 | D33: 0.56738748 | E33: 0.51100417
B34: 2026 | C34: 28.003311 | D34: 0.56810817 | E34: 0.50339429

Sheet Figure 53
B1: Go to Contents
B3: =Contents!B2 -> Quarterly Energy Dynamics - Q3 2026
B4: =Contents!B3 -> Figures from the report covering 1 July to 30 September 2026
B6: =Contents!B58 -> Figure 53 Increased daytime charging and stronger evening discharge
B7: =Contents!$C58 -> Change in average battery discharge/ charge by time of day – Q3 2026 vs Q3 2025
B8: MW
J9: Discharge | K9: Charge
I10: 0 | J10: 87.808375 | K10: -119.30813
I11: 0.0034722222 | J11: 148.6583 | K11: -86.971351
I12: 0.0069444444 | J12: 120.97831 | K12: -81.913616
I13: 0.010416667 | J13: 108.42312 | K13: -86.882575
I14: 0.013888889 | J14: 96.363153 | K14: -92.390155
I15: 0.017361111 | J15: 97.884342 | K15: -101.83255
I16: 0.020833333 | J16: 68.744581 | K16: -94.579602
I17: 0.024305556 | J17: 94.837391 | K17: -114.07779
I18: 0.027777778 | J18: 73.542702 | K18: -117.2257
I19: 0.03125 | J19: 58.598804 | K19: -148.27673
I20: 0.034722222 | J20: 52.178523 | K20: -169.81486
I21: 0.038194444 | J21: 52.506795 | K21: -199.70557
... I297: 0.99652778 | J297: 104.66314 | K297: -110.34868

Sheet Figure 54
B1: Go to Contents
B3: =Contents!B2 -> Quarterly Energy Dynamics - Q3 2026
B4: =Contents!B3 -> Figures from the report covering 1 July to 30 September 2026
B6: =Contents!B59 -> Figure 54 Decrease in FCAS and increase in battery arbitrage revenue
B7: =Contents!$C59 -> Quarterly net revenue from NEM battery systems by revenue stream
B8: $ million
I9: Energy | J9: Energy cost | K9: Charge (negative prices) | L9: Regulation FCAS | M9: Contingency FCAS | N9: Net Revenue
H10: Q3 24 | I10: 73.886657 | J10: -13.673443 | K10: 3.8930642 | L10: 2.4603091 | M10: 9.7636663 | N10: 76.330253
H11: Q4 24 | I11: 51.250146 | J11: -10.336518 | K11: 7.1936909 | L11: 2.4269309 | M11: 18.922075 | N11: 69.456325
H12: Q1 25 | I12: 43.065301 | J12: -9.7202638 | K12: 5.3942819 | L12: 2.281359 | M12: 3.0229499 | N12: 44.043628
H13: Q2 25 | I13: 148.07361 | J13: -29.795046 | K13: 2.5620195 | L13: 2.8989732 | M13: 6.8512934 | N13: 130.59085
H14: Q3 25 | I14: 77.82565 | J14: -24.541654 | K14: 4.890972 | L14: 3.0499102 | M14: 50.67672 | N14: 111.9016
H15: Q4 25 | I15: 62.112899 | J15: -13.119479 | K15: 12.406056 | L15: 2.9379807 | M15: 6.0882003 | N15: 70.425657
H16: Q1 26 | I16: 112.40341 | J16: -25.4057 | K16: 6.8562862 | L16: 1.6192587 | M16: 1.3979426 | N16: 96.871193
H17: Q2 26 | I17: 104.33764 | J17: -53.379079 | K17: 1.8317012 | L17: 1.8918493 | M17: 2.8676687 | N17: 57.549785
H18: Q3 26 | I18: 145.25563 | J18: -60.784267 | K18: 4.3513015 | L18: 1.2948132 | M18: 0.80102952 | N18: 90.91851

Sheet Figure 55
B1: Go to Contents
B3: =Contents!B2 -> Quarterly Energy Dynamics - Q3 2026
B4: =Contents!B3 -> Figures from the report covering 1 July to 30 September 2026
B6: =Contents!B60 -> Figure 55 Battery revenue share from FCAS markets decreased
B7: =Contents!$C60 -> Percentage share of battery net revenue – energy vs FCAS markets
B8: %
H9: FCAS markets | I9: Energy market
G10: Q3 23 | H10: 0.45894039 | I10: 0.54105961
G11: Q4 23 | H11: 0.57129855 | I11: 0.42870145
G12: Q1 24 | H12: 0.40229657 | I12: 0.59770343
G13: Q2 24 | H13: 0.38501837 | I13: 0.61498163
G14: Q3 24 | H14: 0.16014588 | I14: 0.83985412
G15: Q4 24 | H15: 0.3073731 | I15: 0.6926269
G16: Q1 25 | H16: 0.12043306 | I16: 0.87956694
G17: Q2 25 | H17: 0.074662711 | I17: 0.92533729
G18: Q3 25 | H18: 0.48012388 | I18: 0.51987612
G19: Q4 25 | H19: 0.12816609 | I19: 0.87183391
G20: Q1 26 | H20: 0.031146527 | I20: 0.96885347
G21: Q2 26 | H21: 0.082702621 | I21: 0.91729738
G22: Q3 26 | H22: 0.023051882 | I22: 0.97694812

Sheet Figure 56
B1: Go to Contents
B3: =Contents!B2 -> Quarterly Energy Dynamics - Q3 2026
B4: =Contents!B3 -> Figures from the report covering 1 July to 30 September 2026
B6: =Contents!B61 -> Figure 56 NEM-wide battery price spread
B7: =Contents!$C61 -> Average quarterly battery discharge (MW) and price spread ($/MWh)
B8: MW [LHS], $/MWh [RHS]
J10: Average Discharge | K10: Spread
I11: Q3 24 | J11: 85.671341 | K11: 339.01075
I12: Q4 24 | J12: 89.809321 | K12: 242.59993
I13: Q1 25 | J13: 97.750667 | K13: 183.48276
I14: Q2 25 | J14: 161.5832 | K14: 342.42381
I15: Q3 25 | J15: 214.5015 | K15: 122.83065
I16: Q4 25 | J16: 267.94395 | K16: 103.78191
I17: Q1 26 | J17: 359.41975 | K17: 120.89186
I18: Q2 26 | J18: 475.6302 | K18: 50.819665
I19: Q3 26 | J19: 679.99142 | K19: 59.159066

Sheet Figure 57
B1: Go to Contents
B3: =Contents!B2 -> Quarterly Energy Dynamics - Q3 2026
B4: =Contents!B3 -> Figures from the report covering 1 July to 30 September 2026
B6: =Contents!B62 -> Figure 57 Pumped hydro revenue decreased year-on-year
B7: =Contents!$C62 -> Quarterly revenue from NEM pumped hydro by revenue stream
B8: $ million
M9: Energy | N9: Energy cost | O9: Pump (price <$0/MWh) | P9: Regulation FCAS | Q9: Contingency FCAS | R9: Net Revenue
L10: Q3 24 | M10: 60.770319 | N10: -10.093599 | O10: 8.05792 | P10: 0.13002719 | Q10: 0 | R10: 58.864667
L11: Q4 24 | M11: 87.891234 | N11: -11.793966 | O11: 7.1391218 | P11: 0.10775239 | Q11: 0 | R11: 83.344142
L12: Q1 25 | M12: 41.843735 | N12: -7.8098634 | O12: 4.3199148 | P12: 0.099924986 | Q12: 0 | R12: 38.453711
L13: Q2 25 | M13: 60.518575 | N13: -10.271739 | O13: 2.2807899 | P13: 0.062289651 | Q13: 0 | R13: 52.589916
L14: Q3 25 | M14: 36.802585 | N14: -5.2566865 | O14: 4.9677513 | P14: 0.041660149 | Q14: 0 | R14: 36.55531
L15: Q4 25 | M15: 31.25379 | N15: -4.1185384 | O15: 4.0274369 | P15: 0.04407359 | Q15: 0 | R15: 31.206762
L16: Q1 26 | M16: 22.517832 | N16: -6.055324 | O16: 0.49645204 | P16: 0.018383188 | Q16: 0 | R16: 16.977343
L17: Q2 26 | M17: 13.674063 | N17: -3.848048 | O17: 0.27659965 | P17: 0.012803204 | Q17: 0 | R17: 10.115418
L18: Q3 26 | M18: 12.166766 | N18: -3.4996262 | O18: 0.37742694 | P18: 0.0045612383 | Q18: 0 | R18: 9.0491284

Sheet Figure 58
B1: Go to Contents
B3: =Contents!B2 -> Quarterly Energy Dynamics - Q3 2026
B4: =Contents!B3 -> Figures from the report covering 1 July to 30 September 2026
B6: =Contents!B63 -> Figure 58 Peak renewable and storage contribution sets a new record
B7: =Contents!$C63 -> Percentage of NEM supply from renewable energy sources and storage at time of peak renewable and storage contribution
B8: %
L10: QTR YEAR | M10: Max renewable contribution | N10: Max renewable potential | O10: Wind | P10: Grid-solar | Q10: Distributed PV | R10: Hydro | S10: Biomass | T10: Battery
L11: Q3 23 | M11: 0.699553 | N11: 0.985762 | O11: 0.079773659 | P11: 0.18860589 | Q11: 0.39029214 | R11: 0.037986442 | S11: 0.0018462053 | T11: 0.001048216
L12: Q4 23 | M12: 0.721178 | N12: 0.996887 | O12: 0.12219804 | P12: 0.16688946 | Q12: 0.41378271 | R12: 0.015785364 | S12: 0.0022026273 | T12: 0.0003201178
L13: Q1 24 | M13: 0.698746 | N13: 0.841969 | O13: 0.15020083 | P13: 0.17222193 | Q13: 0.3600334 | R13: 0.01570208 | S13: 0.00045934427 | T13: 0.0001281636
L14: Q2 24 | M14: 0.67128 | N14: 0.783811 | O14: 0.14692915 | P14: 0.15961014 | Q14: 0.33881096 | R14: 0.024725838 | S14: 0.00097517879 | T14: 0.00022862836
L15: Q3 24 | M15: 0.722404 | N15: 1.004545 | O15: 0.13423939 | P15: 0.18342681 | Q15: 0.3847747 | R15: 0.017237448 | S15: 0.0027178188 | T15: 7.8980472e-06
L16: Q4 24 | M16: 0.755642 | N16: 1.057365 | O16: 0.11496827 | P16: 0.1938052 | Q16: 0.431143 | R16: 0.013439554 | S16: 0.0020178066 | T16: 0.00026798291
L17: Q1 25 | M17: 0.72396 | N17: 0.941674 | O17: 0.14162402 | P17: 0.18226465 | Q17: 0.38692299 | R17: 0.012617391 | S17: 0.000235167 | T17: 0.00029597499
L18: Q2 25 | M18: 0.712538 | N18: 0.937353 | O18: 0.10514461 | P18: 0.13146964 | Q18: 0.46273933 | R18: 0.01260891 | S18: 0.00052353342 | T18: 5.1676946e-05
L19: Q3 25 | M19: 0.771908 | N19: 1.102728 | O19: 0.13697536 | P19: 0.15207956 | Q19: 0.45411145 | R19: 0.026837528 | S19: 0.0018798141 | T19: 2.38754e-05
L20: Q4 25 | M20: 0.786332 | N20: 1.139472 | O20: 0.14166979 | P20: 0.10611065 | Q20: 0.51305803 | R20: 0.023165613 | S20: 0.0021379255 | T20: 0.00019004427
L21: Q1 26 | M21: 0.767378 | N21: 0.921739 | O21: 0.14169081 | P21: 0.19787941 | Q21: 0.40612333 | R21: 0.019897906 | S21: 0.0012552897 | T21: 0.00053138491
L22: Q2 26 | M22: 0.738754 | N22: 0.939183 | O22: 0.17046657 | P22: 0.16224801 | Q22: 0.38372255 | R22: 0.021085969 | S22: 0.00064397594 | T22: 0.0005873673
L23: Q3 26 | M23: 0.804349 | N23: 1.149576 | O23: 0.11155017 | P23: 0.16410605 | Q23: 0.51797409 | R23: 0.0082784482 | S23: 0.0020007267 | T23: 0.00043930651

Sheet Figure 59
B1: Go to Contents
B3: =Contents!B2 -> Quarterly Energy Dynamics - Q3 2026
B4: =Contents!B3 -> Figures from the report covering 1 July to 30 September 2026
B6: =Contents!B64 -> Figure 59 Renewable and storage contribution at all time high
B7: =Contents!$C64 -> Range of NEM supply share from renewable sources and storage – Q3s
B8: %
H10: Settlementdate | I10: Year | J10: Quarter | K10: Region | L10: Renewable contribution
H11: 44378.021 | I11: 2021 | J11: Q3 | K11: NEM | L11: 21.7014
H12: 44378.042 | I12: 2021 | J12: Q3 | K12: NEM | L12: 21.2444
H13: 44378.062 | I13: 2021 | J13: Q3 | K13: NEM | L13: 20.0901
H14: 44378.083 | I14: 2021 | J14: Q3 | K14: NEM | L14: 18.6208
H15: 44378.104 | I15: 2021 | J15: Q3 | K15: NEM | L15: 17.6954
H16: 44378.125 | I16: 2021 | J16: Q3 | K16: NEM | L16: 17.3097
H17: 44378.146 | I17: 2021 | J17: Q3 | K17: NEM | L17: 16.9052
H18: 44378.167 | I18: 2021 | J18: Q3 | K18: NEM | L18: 16.2917
H19: 44378.188 | I19: 2021 | J19: Q3 | K19: NEM | L19: 15.9414
H20: 44378.208 | I20: 2021 | J20: Q3 | K20: NEM | L20: 15.5775
H21: 44378.229 | I21: 2021 | J21: Q3 | K21: NEM | L21: 16.0079
H22: 44378.25 | I22: 2021 | J22: Q3 | K22: NEM | L22: 16.8157
... H16453: 45540.562 | I16453: 2024 | J16453: Q3 | K16453: NEM | L16453: 52.1346
H16454: 45540.583 | I16454: 2024 | J16454: Q3 | K16454: NEM
H16455: 45540.604 | I16455: 2024 | J16455: Q3 | K16455: NEM | L16455: 69.351
H16456: 45540.625 | I16456: 2024 | J16456: Q3 | K16456: NEM | L16456: 63.9902
H16457: 45540.646 | I16457: 2024 | J16457: Q3 | K16457: NEM | L16457: 61.5784
H16458: 45540.667 | I16458: 2024 | J16458: Q3 | K16458: NEM | L16458: 57.6206
H16459: 45540.688 | I16459: 2024 | J16459: Q3 | K16459: NEM | L16459: 53.3808
H16460: 45540.708 | I16460: 2024 | J16460: Q3 | K16460: NEM | L16460: 46.7523
H16461: 45540.729 | I16461: 2024 | J16461: Q3 | K16461: NEM | L16461: 40.3572
H16462: 45540.75 | I16462: 2024 | J16462: Q3 | K16462: NEM | L16462: 37.6418
H16463: 45540.771 | I16463: 2024 | J16463: Q3 | K16463: NEM | L16463: 38.0682
H16464: 45540.792 | I16464: 2024 | J16464: Q3 | K16464: NEM | L16464: 37.7558
H16465: 45540.812 | I16465: 2024 | J16465: Q3 | K16465: NEM | L16465: 36.9933
H16466: 45540.833 | I16466: 2024 | J16466: Q3 | K16466: NEM | L16466: 35.1788
... H26506: 46296 | I26506: 2026 | J26506: Q3 | K26506: NEM | L26506: 29.9912

Sheet Figure 60
B1: Go to Contents
B3: =Contents!B2 -> Quarterly Energy Dynamics - Q3 2026
B4: =Contents!B3 -> Figures from the report covering 1 July to 30 September 2026
B6: =Contents!B65 -> Figure 60 Record highs for grid-scale solar, wind and distributed PV
B7: =Contents!$C65 -> Maximum quarterly peak (half-hourly) generation by fuel type
B8: MW
H10: QTR YEAR | I10: Grid Solar | J10: Wind | K10: Distributed PV | L10: VRE (Wind & Grid Solar)
H11: Q3 23 | I11: 5949.0191 | J11: 8040.0288 | K11: 11900.352 | L11: 11028.619
H12: Q4 23 | I12: 6443.3951 | J12: 6983.3092 | K12: 13058.207 | L12: 10320.597
H13: Q1 24 | I13: 6531.2742 | J13: 6445.6594 | K13: 13310.594 | L13: 10484.098
H14: Q2 24 | I14: 5849.4688 | J14: 8374.7801 | K14: 10451.937 | L14: 10745.711
H15: Q3 24 | I15: 6064.2256 | J15: 8065.3117 | K15: 13207.913 | L15: 11536.493
H16: Q4 24 | I16: 6994.8745 | J16: 7535.1397 | K16: 14980.471 | L16: 12132.574
H17: Q1 25 | I17: 7535.6006 | J17: 7796.5126 | K17: 14539.506 | L17: 11684.416
H18: Q2 25 | I18: 6958.634 | J18: 9472.203 | K18: 12518.12 | L18: 12516.271
H19: Q3 25 | I19: 6832.6584 | J19: 10080.822 | K19: 14915.603 | L19: 13230.613
H20: Q4 25 | I20: 8148.265 | J20: 9270.0909 | K20: 16318.964 | L20: 12797.59
H21: Q1 26 | I21: 8178.0189 | J21: 8758.4052 | K21: 16212.98 | L21: 13293.679
H22: Q2 26 | I22: 7382.7939 | J22: 9447.131 | K22: 13126.859 | L22: 13608.93
H23: Q3 26 | I23: 8289.669 | J23: 10309.427 | K23: 16993.314 | L23: 13502.212

Sheet Figure 61
B1: Go to Contents
B3: =Contents!B2 -> Quarterly Energy Dynamics - Q3 2026
B4: =Contents!B3 -> Figures from the report covering 1 July to 30 September 2026
B6: =Contents!B66 -> Figure 61 Renewable and storage contribution increased at time of daily maximum demand
B7: =Contents!$C66 -> Maximum, minimum and average renewable and storage share (%) and average renewable and storage contribution (MW) at time of daily maximum operational demand – quarterly
B8: MW [LHS]; % [RHS]
L10: QTR YEAR | M10: Avg renewable share [RHS] | N10: Max renewable share [RHS] | O10: Min renewable share [RHS] | P10: Wind | Q10: Grid-solar | R10: Battery | S10: Biomass | T10: Hydro
L11: Q3 23 | M11: 0.2771259 | N11: 0.386289 | O11: 0.189696 | P11: 3199.8626 | Q11: 1.6423724 | R11: 254.54542 | S11: 46.852122 | T11: 3991.8811
L12: Q4 23 | M12: 0.2971376 | N12: 0.369314 | O12: 0.205179 | P12: 3761.1178 | Q12: 309.7788 | R12: 238.91326 | S12: 55.959593 | T12: 3017.0855
L13: Q1 24 | M13: 0.27557196 | N13: 0.339966 | O13: 0.201752 | P13: 3359.1047 | Q13: 673.25762 | R13: 309.55064 | S13: 27.357159 | T13: 3095.5438
L14: Q2 24 | M14: 0.24109142 | N14: 0.336305 | O14: 0.173414 | P14: 2633.2963 | Q14: 7.5709902 | R14: 368.15443 | S14: 36.245611 | T14: 3575.6754
L15: Q3 24 | M15: 0.30051512 | N15: 0.412226 | O15: 0.181358 | P15: 4096.8817 | Q15: 1.301153 | R15: 448.77495 | S15: 60.390651 | T15: 3728.286
L16: Q4 24 | M16: 0.31942338 | N16: 0.403505 | O16: 0.244642 | P16: 3644.7936 | Q16: 367.1365 | R16: 486.43589 | S16: 66.504205 | T16: 3475.7502
L17: Q1 25 | M17: 0.31193868 | N17: 0.394334 | O17: 0.233836 | P17: 4219.0906 | Q17: 744.96547 | R17: 569.55437 | S17: 29.575205 | T17: 2948.366
L18: Q2 25 | M18: 0.29232921 | N18: 0.397408 | O18: 0.201883 | P18: 3376.1736 | Q18: 7.1051636 | R18: 899.26985 | S18: 27.186984 | T18: 3754.7165
L19: Q3 25 | M19: 0.32175289 | N19: 0.442909 | O19: 0.217061 | P19: 4660.2124 | Q19: 1.1016016 | R19: 1217.6132 | S19: 76.251081 | T19: 3193.0886
L20: Q4 25 | M20: 0.36630761 | N20: 0.465103 | O20: 0.270173 | P20: 4787.314 | Q20: 346.56552 | R20: 1299.0869 | S20: 62.42117 | T20: 2865.486
L21: Q1 26 | M21: 0.36532051 | N21: 0.453827 | O21: 0.267678 | P21: 4702.9681 | Q21: 649.43209 | R21: 1891.4148 | S21: 62.149086 | T21: 2616.8034
L22: Q2 26 | M22: 0.35448237 | N22: 0.485304 | O22: 0.22836 | P22: 3966.713 | Q22: 8.7218131 | R22: 2444.4444 | S22: 34.814668 | T22: 3119.0522
L23: Q3 26 | M23: 0.38420667 | N23: 0.513054 | O23: 0.27717 | P23: 4297.6939 | Q23: 28.74601 | R23: 3198.2021 | S23: 85.398012 | T23: 3113.373

Sheet Figure 62
B1: Go to Contents
B3: =Contents!B2 -> Quarterly Energy Dynamics - Q3 2026
B4: =Contents!B3 -> Figures from the report covering 1 July to 30 September 2026
B6: =Contents!B67 -> Figure 62 Data centre load connection projects submitted to AEMO
B7: =Contents!$C67 -> Number and connection capacity of data centre load connection applications submitted to AEMO

Sheet Figure 63
B1: Go to Contents
B3: =Contents!B2 -> Quarterly Energy Dynamics - Q3 2026
B4: =Contents!B3 -> Figures from the report covering 1 July to 30 September 2026
B6: =Contents!B68 -> Figure 63 Strong quarter for battery project milestones
B7: =Contents!$C68 -> Application approved, registrations and plant commissioned to full output during Q3 2026
B8: GW
B23: Refer to Connections Scorecard for details
B24: https://aemo.com.au/energy-systems/electricity/national-electricity-market-nem/participate-in-the-market/network-connections/connections-scorecard

Sheet Figure 64
B1: Go to Contents
B3: =Contents!B2 -> Quarterly Energy Dynamics - Q3 2026
B4: =Contents!B3 -> Figures from the report covering 1 July to 30 September 2026
B6: =Contents!B69 -> Figure 64 Increased capacity progressing through application stage driven by recent Queensland applications
B7: =Contents!$C69 -> 12-month trend of connection capacity in progress
B8: GW
B25: Refer to Connections Scorecard for details
B26: https://aemo.com.au/energy-systems/electricity/national-electricity-market-nem/participate-in-the-market/network-connections/connections-scorecard

Sheet Figure 65
B1: Go to Contents
B3: =Contents!B2 -> Quarterly Energy Dynamics - Q3 2026
B4: =Contents!B3 -> Figures from the report covering 1 July to 30 September 2026
B6: =Contents!B70 -> Figure 65 Inter-regional transfers increased in Q3 2026
B7: =Contents!$C70 -> Quarterly inter-regional transfers
B8: MW
J10: NSW-QLD | K10: positive | L10: negative | M10: net flow
J11: Q3 25 | K11: 31.121046 | L11: -507.51243 | M11: -476.39138
J12: Q2 26 | K12: 30.656664 | L12: -437.16259 | M12: -406.50593
J13: Q3 26 | K13: 12.817316 | L13: -624.74175 | M13: -611.92443
J15: VIC-NSW
J16: Q3 25 | K16: 402.14207 | L16: -99.960973 | M16: 302.1811
J17: Q2 26 | K17: 401.35794 | L17: -80.881629 | M17: 320.47631
J18: Q3 26 | K18: 331.0407 | L18: -99.506096 | M18: 231.5346
J20: VIC-SA
J21: Q3 25 | K21: 140.53389 | L21: -137.01488 | M21: 3.5190114
J22: Q2 26 | K22: 237.98265 | L22: -78.413348 | M22: 159.56931
J23: Q3 26 | K23: 218.60887 | L23: -95.138405 | M23: 123.47047
J25: TAS-VIC
J26: Q3 25 | K26: 41.904095 | L26: -78.250307 | M26: -36.346212
J27: Q2 26 | K27: 17.997987 | L27: -54.403754 | M27: -36.405767
J28: Q3 26 | K28: 190.42473 | L28: -114.42487 | M28: 75.999857

Sheet Figure 66
B1: Go to Contents
B3: =Contents!B2 -> Quarterly Energy Dynamics - Q3 2026
B4: =Contents!B3 -> Figures from the report covering 1 July to 30 September 2026
B6: =Contents!B71 -> Figure 66 Increased Basslink flows into Victoria and Tasmania in Q3 2026
B7: =Contents!$C71 -> Average Basslink imports and exports by time of day – Q3 2026 vs Q3 2025
B8: MW
I9: 0.0034722222 | J9: 0.0069444444 | K9: 0.010416667 | L9: 0.013888889 | M9: 0.017361111 | N9: 0.020833333 | O9: 0.024305556 | P9: 0.027777778 | Q9: 0.03125 | R9: 0.034722222 | S9: 0.038194444 | T9: 0.041666667 | U9: 0.045138889 | V9: 0.048611111 | W9: 0.052083333 | X9: 0.055555556 | Y9: 0.059027778 | Z9: 0.0625 | AA9: 0.065972222 | AB9: 0.069444444 | AC9: 0.072916667 | AD9: 0.076388889 | AE9: 0.079861111 | AF9: 0.083333333 | AG9: 0.086805556 | AH9: 0.090277778 | AI9: 0.09375 | AJ9: 0.097222222 | AK9: 0.10069444 | AL9: 0.10416667 | AM9: 0.10763889 | AN9: 0.11111111 | AO9: 0.11458333 | AP9: 0.11805556 | AQ9: 0.12152778 | AR9: 0.125 | AS9: 0.12847222 | AT9: 0.13194444 | AU9: 0.13541667 | AV9: 0.13888889 | AW9: 0.14236111 | AX9: 0.14583333 | AY9: 0.14930556 | AZ9: 0.15277778 | BA9: 0.15625 | BB9: 0.15972222 | BC9: 0.16319444 | BD9: 0.16666667 | BE9: 0.17013889 | BF9: 0.17361111 | BG9: 0.17708333 | BH9: 0.18055556 | BI9: 0.18402778 | BJ9: 0.1875 | BK9: 0.19097222 | BL9: 0.19444444 | BM9: 0.19791667 | BN9: 0.20138889 | BO9: 0.20486111 | BP9: 0.20833333 | BQ9: 0.21180556 | BR9: 0.21527778 | BS9: 0.21875 | BT9: 0.22222222 | BU9: 0.22569444 | BV9: 0.22916667 | BW9: 0.23263889 | BX9: 0.23611111 | BY9: 0.23958333 | BZ9: 0.24305556 | CA9: 0.24652778 | CB9: 0.25 | CC9: 0.25347222 | CD9: 0.25694444 | CE9: 0.26041667 | CF9: 0.26388889 | CG9: 0.26736111 | CH9: 0.27083333 | CI9: 0.27430556 | CJ9: 0.27777778 | CK9: 0.28125 | CL9: 0.28472222 | CM9: 0.28819444 | CN9: 0.29166667 | CO9: 0.29513889 | CP9: 0.29861111 | CQ9: 0.30208333 | CR9: 0.30555556 | CS9: 0.30902778 | CT9: 0.3125 | CU9: 0.31597222 | CV9: 0.31944444 | CW9: 0.32291667 | CX9: 0.32638889 | CY9: 0.32986111 | CZ9: 0.33333333 | DA9: 0.33680556 | DB9: 0.34027778 | DC9: 0.34375 | DD9: 0.34722222 | DE9: 0.35069444 | DF9: 0.35416667 | DG9: 0.35763889 | DH9: 0.36111111 | DI9: 0.36458333 | DJ9: 0.36805556 | DK9: 0.37152778 | DL9: 0.375 | DM9: 0.37847222 | DN9: 0.38194444 | DO9: 0.38541667 | DP9: 0.38888889 | DQ9: 0.39236111 | DR9: 0.39583333 | DS9: 0.39930556 | DT9: 0.40277778 | DU9: 0.40625 | DV9: 0.40972222 | DW9: 0.41319444 | DX9: 0.41666667 | DY9: 0.42013889 | DZ9: 0.42361111 | EA9: 0.42708333 | EB9: 0.43055556 | EC9: 0.43402778 | ED9: 0.4375 | EE9: 0.44097222 | EF9: 0.44444444 | EG9: 0.44791667 | EH9: 0.45138889 | EI9: 0.45486111 | EJ9: 0.45833333 | EK9: 0.46180556 | EL9: 0.46527778 | EM9: 0.46875 | EN9: 0.47222222 | EO9: 0.47569444 | EP9: 0.47916667 | EQ9: 0.48263889 | ER9: 0.48611111 | ES9: 0.48958333 | ET9: 0.49305556 | EU9: 0.49652778 | EV9: 0.5 | EW9: 0.50347222 | EX9: 0.50694444 | EY9: 0.51041667 | EZ9: 0.51388889 | FA9: 0.51736111 | FB9: 0.52083333 | FC9: 0.52430556 | FD9: 0.52777778 | FE9: 0.53125 | FF9: 0.53472222 | FG9: 0.53819444 | FH9: 0.54166667 | FI9: 0.54513889 | FJ9: 0.54861111 | FK9: 0.55208333 | FL9: 0.55555556 | FM9: 0.55902778 | FN9: 0.5625 | FO9: 0.56597222 | FP9: 0.56944444 | FQ9: 0.57291667 | FR9: 0.57638889 | FS9: 0.57986111 | FT9: 0.58333333 | FU9: 0.58680556 | FV9: 0.59027778 | FW9: 0.59375 | FX9: 0.59722222 | FY9: 0.60069444 | FZ9: 0.60416667 | GA9: 0.60763889 | GB9: 0.61111111 | GC9: 0.61458333 | GD9: 0.61805556 | GE9: 0.62152778 | GF9: 0.625 | GG9: 0.62847222 | GH9: 0.63194444 | GI9: 0.63541667 | GJ9: 0.63888889 | GK9: 0.64236111 | GL9: 0.64583333 | GM9: 0.64930556 | GN9: 0.65277778 | GO9: 0.65625 | GP9: 0.65972222 | GQ9: 0.66319444 | GR9: 0.66666667 | GS9: 0.67013889 | GT9: 0.67361111 | GU9: 0.67708333 | GV9: 0.68055556 | GW9: 0.68402778 | GX9: 0.6875 | GY9: 0.69097222 | GZ9: 0.69444444 | HA9: 0.69791667 | HB9: 0.70138889 | HC9: 0.70486111 | HD9: 0.70833333 | HE9: 0.71180556 | HF9: 0.71527778 | HG9: 0.71875 | HH9: 0.72222222 | HI9: 0.72569444 | HJ9: 0.72916667 | HK9: 0.73263889 | HL9: 0.73611111 | HM9: 0.73958333 | HN9: 0.74305556 | HO9: 0.74652778 | HP9: 0.75 | HQ9: 0.75347222 | HR9: 0.75694444 | HS9: 0.76041667 | HT9: 0.76388889 | HU9: 0.76736111 | HV9: 0.77083333 | HW9: 0.77430556 | HX9: 0.77777778 | HY9: 0.78125 | HZ9: 0.78472222 | IA9: 0.78819444 | IB9: 0.79166667 | IC9: 0.79513889 | ID9: 0.79861111 | IE9: 0.80208333 | IF9: 0.80555556 | IG9: 0.80902778 | IH9: 0.8125 | II9: 0.81597222 | IJ9: 0.81944444 | IK9: 0.82291667 | IL9: 0.82638889 | IM9: 0.82986111 | IN9: 0.83333333 | IO9: 0.83680556 | IP9: 0.84027778 | IQ9: 0.84375 | IR9: 0.84722222 | IS9: 0.85069444 | IT9: 0.85416667 | IU9: 0.85763889 | IV9: 0.86111111 | IW9: 0.86458333 | IX9: 0.86805556 | IY9: 0.87152778 | IZ9: 0.875 | JA9: 0.87847222 | JB9: 0.88194444 | JC9: 0.88541667 | JD9: 0.88888889 | JE9: 0.89236111 | JF9: 0.89583333 | JG9: 0.89930556 | JH9: 0.90277778 | JI9: 0.90625 | JJ9: 0.90972222 | JK9: 0.91319444 | JL9: 0.91666667 | JM9: 0.92013889 | JN9: 0.92361111 | JO9: 0.92708333 | JP9: 0.93055556 | JQ9: 0.93402778 | JR9: 0.9375 | JS9: 0.94097222 | JT9: 0.94444444 | JU9: 0.94791667 | JV9: 0.95138889 | JW9: 0.95486111 | JX9: 0.95833333 | JY9: 0.96180556 | JZ9: 0.96527778 | KA9: 0.96875 | KB9: 0.97222222 | KC9: 0.97569444 | KD9: 0.97916667 | KE9: 0.98263889 | KF9: 0.98611111 | KG9: 0.98958333 | KH9: 0.99305556 | KI9: 0.99652778 | KJ9: 1
H10: Q3 2025 - Exports | I10: 43.356867 | J10: 48.741004 | K10: 47.259178 | L10: 45.121462 | M10: 47.162178 | N10: 45.122038 | O10: 46.106373 | P10: 48.970799 | Q10: 44.413091 | R10: 42.16898 | S10: 39.744999 | T10: 36.024089 | U10: 40.766099 | V10: 45.269691 | W10: 42.33758 | X10: 41.801246 | Y10: 43.493246 | Z10: 37.844062 | AA10: 36.125461 | AB10: 37.087893 | AC10: 37.451251 | AD10: 35.061192 | AE10: 35.994042 | AF10: 33.691233 | AG10: 35.693661 | AH10: 35.840308 | AI10: 34.761902 | AJ10: 31.765559 | AK10: 32.514795 | AL10: 31.462407 | AM10: 29.053799 | AN10: 30.049759 | AO10: 29.9384 | AP10: 29.649301 | AQ10: 30.279763 | AR10: 26.881589 | AS10: 32.745084 | AT10: 33.082864 | AU10: 30.165626 | AV10: 30.199998 | AW10: 25.674254 | AX10: 26.416654 | AY10: 26.317062 | AZ10: 29.971599 | BA10: 28.219555 | BB10: 26.69718 | BC10: 28.554618 | BD10: 26.95505 | BE10: 25.510297 | BF10: 28.549415 | BG10: 27.156177 | BH10: 27.594777 | BI10: 26.614948 | BJ10: 25.704967 | BK10: 26.861809 | BL10: 28.011448 | BM10: 30.774708 | BN10: 29.372792 | BO10: 29.737088 | BP10: 31.512967 | BQ10: 31.669561 | BR10: 32.020291 | BS10: 32.723569 | BT10: 34.372538 | BU10: 35.121452 | BV10: 35.122376 | BW10: 40.82038 | BX10: 41.603303 | BY10: 42.765939 | BZ10: 44.008447 | CA10: 44.183004 | CB10: 47.002329 | CC10: 47.381545 | CD10: 53.550679 | CE10: 50.160236 | CF10: 57.635413 | CG10: 58.764515 | CH10: 58.035157 | CI10: 55.811033 | CJ10: 62.449555 | CK10: 62.477358 | CL10: 61.730023 | CM10: 62.66063 | CN10: 63.780883 | CO10: 62.966001 | CP10: 58.841447 | CQ10: 57.875973 | CR10: 56.883835 | CS10: 58.734516 | CT10: 50.652391 | CU10: 48.375131 | CV10: 41.087891 | CW10: 48.515715 | CX10: 38.719788 | CY10: 41.795203 | CZ10: 31.893858 | DA10: 32.202728 | DB10: 35.357709 | DC10: 41.338661 | DD10: 34.583407 | DE10: 32.07315 | DF10: 24.546211 | DG10: 23.977378 | DH10: 18.777101 | DI10: 19.282834 | DJ10: 20.797421 | DK10: 19.987665 | DL10: 13.700811 | DM10: 18.283264 | DN10: 22.711089 | DO10: 22.413155 | DP10: 11.833189 | DQ10: 11.918694 | DR10: 9.8866709 | DS10: 9.5975824 | DT10: 11.255689 | DU10: 11.316386 | DV10: 9.99433 | DW10: 11.64007 | DX10: 9.4271071 | DY10: 9.6520152 | DZ10: 8.9482698 | EA10: 8.5713104 | EB10: 8.955279 | EC10: 8.8555215 | ED10: 6.2079902 | EE10: 5.0876691 | EF10: 5.7675984 | EG10: 4.3193439 | EH10: 2.4938309 | EI10: 2.7610472 | EJ10: 3.7718504 | EK10: 4.1664871 | EL10: 8.0669553 | EM10: 5.828209 | EN10: 6.0359095 | EO10: 4.7758566 | EP10: 4.781402 | EQ10: 4.437968 | ER10: 2.9237249 | ES10: 4.8382223 | ET10: 4.6195652 | EU10: 6.0992461 | EV10: 5.0290516 | EW10: 6.2512285 | EX10: 3.7157329 | EY10: 3.1583447 | EZ10: 1.7670482 | FA10: 2.2333075 | FB10: 3.2295135 | FC10: 3.9289977 | FD10: 3.476971 | FE10: 4.703979 | FF10: 6.2662902 | FG10: 5.7649384 | FH10: 4.4243909 | FI10: 5.952227 | FJ10: 5.5959355 | FK10: 5.6483604 | FL10: 5.2223521 | FM10: 4.9893445 | FN10: 5.260471 | FO10: 5.8590868 | FP10: 6.7768116 | FQ10: 6.5951353 | FR10: 6.5041158 | FS10: 7.7399463 | FT10: 6.1499102 | FU10: 6.5556158 | FV10: 6.3129034 | FW10: 6.6921601 | FX10: 6.7139367 | FY10: 6.5772216 | FZ10: 6.1638682 | GA10: 7.3391058 | GB10: 9.351191 | GC10: 9.756251 | GD10: 9.4721476 | GE10: 8.6757708 | GF10: 8.0857903 | GG10: 6.9245492 | GH10: 5.8164496 | GI10: 6.2985554 | GJ10: 8.2509636 | GK10: 11.438184 | GL10: 9.2763715 | GM10: 8.9015222 | GN10: 12.234541 | GO10: 13.122775 | GP10: 17.897227 | GQ10: 18.123091 | GR10: 21.21875 | GS10: 17.818716 | GT10: 19.226278 | GU10: 22.207436 | GV10: 23.967431 | GW10: 30.264692 | GX10: 40.752336 | GY10: 37.56697 | GZ10: 47.345903 | HA10: 49.048556 | HB10: 68.158893 | HC10: 74.553669 | HD10: 88.916911 | HE10: 75.617865 | HF10: 72.83374 | HG10: 86.531587 | HH10: 94.251137 | HI10: 99.498998 | HJ10: 111.09559 | HK10: 96.161372 | HL10: 97.3285 | HM10: 102.30614 | HN10: 104.87985 | HO10: 111.75882 | HP10: 107.87029 | HQ10: 109.52486 | HR10: 100.8952 | HS10: 105.72052 | HT10: 102.34209 | HU10: 99.357843 | HV10: 104.49406 | HW10: 99.381086 | HX10: 103.11455 | HY10: 101.51972 | HZ10: 98.238035 | IA10: 96.813721 | IB10: 101.48096 | IC10: 92.826953 | ID10: 94.02754 | IE10: 90.377989 | IF10: 91.342218 | IG10: 85.667828 | IH10: 84.704034 | II10: 82.390802 | IJ10: 84.144891 | IK10: 82.217558 | IL10: 81.733912 | IM10: 86.623737 | IN10: 78.028981 | IO10: 80.229255 | IP10: 83.281937 | IQ10: 81.128633 | IR10: 85.33041 | IS10: 86.409313 | IT10: 80.053372 | IU10: 79.51799 | IV10: 86.117024 | IW10: 87.737572 | IX10: 90.695153 | IY10: 89.749797 | IZ10: 80.565262 | JA10: 86.457126 | JB10: 87.7943 | JC10: 88.479953 | JD10: 83.801906 | JE10: 80.936575 | JF10: 71.236662 | JG10: 74.894035 | JH10: 81.169253 | JI10: 75.96132 | JJ10: 72.920102 | JK10: 69.285051 | JL10: 61.024697 | JM10: 66.841453 | JN10: 77.152465 | JO10: 82.155206 | JP10: 77.320324 | JQ10: 71.436381 | JR10: 62.47668 | JS10: 60.422017 | JT10: 57.483661 | JU10: 58.239484 | JV10: 55.141184 | JW10: 48.60834 | JX10: 48.189722 | JY10: 52.608009 | JZ10: 60.665082 | KA10: 58.452119 | KB10: 59.40304 | KC10: 59.395388 | KD10: 56.637917 | KE10: 55.061097 | KF10: 59.767716 | KG10: 59.351229 | KH10: 53.431853 | KI10: 48.116223 | KJ10: 44.852171
H11: Q3 2026 - Exports | I11: 234.75182 | J11: 241.6633 | K11: 241.23902 | L11: 244.31513 | M11: 239.55824 | N11: 242.92323 | O11: 238.26176 | P11: 242.99213 | Q11: 241.58916 | R11: 235.67006 | S11: 231.36525 | T11: 232.59885 | U11: 228.97448 | V11: 233.52977 | W11: 232.09704 | X11: 230.55337 | Y11: 226.34841 | Z11: 224.14104 | AA11: 220.15788 | AB11: 221.21052 | AC11: 217.29063 | AD11: 216.06012 | AE11: 216.01649 | AF11: 214.35897 | AG11: 212.45989 | AH11: 208.8828 | AI11: 208.01285 | AJ11: 201.21629 | AK11: 199.3021 | AL11: 198.77249 | AM11: 196.63915 | AN11: 194.6824 | AO11: 196.32809 | AP11: 195.27456 | AQ11: 195.08198 | AR11: 193.19277 | AS11: 194.34781 | AT11: 193.89093 | AU11: 191.85317 | AV11: 193.92213 | AW11: 195.14087 | AX11: 195.22074 | AY11: 195.15685 | AZ11: 193.18233 | BA11: 194.77909 | BB11: 196.24495 | BC11: 192.66098 | BD11: 191.94044 | BE11: 188.79566 | BF11: 186.82505 | BG11: 185.44944 | BH11: 186.83904 | BI11: 188.90682 | BJ11: 189.15144 | BK11: 197.225 | BL11: 195.43167 | BM11: 198.37275 | BN11: 194.34915 | BO11: 196.20326 | BP11: 195.23534 | BQ11: 195.21215 | BR11: 193.11254 | BS11: 192.17467 | BT11: 189.25604 | BU11: 187.9674 | BV11: 188.59597 | BW11: 199.9443 | BX11: 200.35059 | BY11: 198.48742 | BZ11: 204.30313 | CA11: 201.1394 | CB11: 203.8827 | CC11: 211.66675 | CD11: 207.17359 | CE11: 202.8312 | CF11: 206.04007 | CG11: 204.37436 | CH11: 204.57391 | CI11: 218.50346 | CJ11: 212.33751 | CK11: 210.32198 | CL11: 206.37894 | CM11: 204.96485 | CN11: 194.93807 | CO11: 203.27058 | CP11: 205.20693 | CQ11: 200.38216 | CR11: 194.79926 | CS11: 188.15535 | CT11: 188.08358 | CU11: 187.25373 | CV11: 179.78675 | CW11: 176.88999 | CX11: 168.9036 | CY11: 161.67825 | CZ11: 159.90106 | DA11: 157.0404 | DB11: 158.51084 | DC11: 158.65168 | DD11: 156.47302 | DE11: 154.5737 | DF11: 148.55686 | DG11: 135.46481 | DH11: 137.58658 | DI11: 136.14901 | DJ11: 129.8896 | DK11: 127.71991 | DL11: 130.17976 | DM11: 123.17662 | DN11: 126.29526 | DO11: 119.67738 | DP11: 120.49504 | DQ11: 119.7889 | DR11: 115.17727 | DS11: 104.54494 | DT11: 108.22369 | DU11: 108.07461 | DV11: 111.26017 | DW11: 107.47981 | DX11: 104.43975 | DY11: 96.316497 | DZ11: 97.444618 | EA11: 93.612259 | EB11: 96.289857 | EC11: 92.796998 | ED11: 97.955638 | EE11: 86.424888 | EF11: 90.668824 | EG11: 89.363433 | EH11: 89.869855 | EI11: 86.738941 | EJ11: 91.876794 | EK11: 89.474411 | EL11: 95.574194 | EM11: 100.04742 | EN11: 100.59219 | EO11: 101.02692 | EP11: 101.16311 | EQ11: 98.154347 | ER11: 98.072247 | ES11: 95.596101 | ET11: 89.904698 | EU11: 90.240279 | EV11: 92.702403 | EW11: 87.701745 | EX11: 84.421054 | EY11: 87.348498 | EZ11: 90.896613 | FA11: 91.2387 | FB11: 87.934036 | FC11: 80.431994 | FD11: 84.476239 | FE11: 82.965138 | FF11: 76.840333 | FG11: 79.737875 | FH11: 78.256252 | FI11: 75.696433 | FJ11: 81.898897 | FK11: 79.948777 | FL11: 76.581682 | FM11: 81.197954 | FN11: 77.567462 | FO11: 76.030273 | FP11: 76.461399 | FQ11: 76.872323 | FR11: 74.436554 | FS11: 72.724977 | FT11: 73.891646 | FU11: 71.261124 | FV11: 67.347635 | FW11: 64.968169 | FX11: 66.705514 | FY11: 70.457156 | FZ11: 68.786511 | GA11: 71.347553 | GB11: 68.954348 | GC11: 69.002264 | GD11: 69.385607 | GE11: 70.907364 | GF11: 70.994503 | GG11: 67.29886 | GH11: 68.598636 | GI11: 68.15059 | GJ11: 65.865794 | GK11: 73.809598 | GL11: 71.43935 | GM11: 76.980655 | GN11: 81.014528 | GO11: 86.603466 | GP11: 91.562656 | GQ11: 96.177994 | GR11: 101.13224 | GS11: 108.78774 | GT11: 120.67363 | GU11: 131.57798 | GV11: 136.72381 | GW11: 143.03966 | GX11: 152.09527 | GY11: 173.58514 | GZ11: 191.68373 | HA11: 198.95572 | HB11: 204.51422 | HC11: 208.33454 | HD11: 211.90573 | HE11: 232.33544 | HF11: 235.61056 | HG11: 243.97944 | HH11: 250.81857 | HI11: 254.1498 | HJ11: 256.8301 | HK11: 277.11651 | HL11: 280.26335 | HM11: 278.70498 | HN11: 278.30836 | HO11: 273.52435 | HP11: 274.38115 | HQ11: 284.57896 | HR11: 282.67043 | HS11: 283.46707 | HT11: 289.69261 | HU11: 291.92017 | HV11: 290.44968 | HW11: 289.72558 | HX11: 293.97994 | HY11: 291.35508 | HZ11: 292.03896 | IA11: 293.35266 | IB11: 294.91448 | IC11: 288.47746 | ID11: 292.26602 | IE11: 292.38342 | IF11: 292.71666 | IG11: 297.52668 | IH11: 297.74243 | II11: 286.66575 | IJ11: 290.09227 | IK11: 284.6573 | IL11: 285.87744 | IM11: 288.80582 | IN11: 284.40151 | IO11: 281.98124 | IP11: 278.71275 | IQ11: 279.65368 | IR11: 282.01092 | IS11: 287.04237 | IT11: 287.50524 | IU11: 284.91764 | IV11: 286.01435 | IW11: 286.02929 | IX11: 286.94598 | IY11: 293.20591 | IZ11: 291.42123 | JA11: 278.28197 | JB11: 284.6001 | JC11: 282.69747 | JD11: 283.52414 | JE11: 291.88223 | JF11: 292.10993 | JG11: 273.81144 | JH11: 283.02725 | JI11: 286.65495 | JJ11: 284.96972 | JK11: 287.90529 | JL11: 279.06644 | JM11: 271.93745 | JN11: 285.42317 | JO11: 286.10315 | JP11: 282.4219 | JQ11: 278.80343 | JR11: 278.65099 | JS11: 262.91841 | JT11: 262.3513 | JU11: 261.6733 | JV11: 266.08945 | JW11: 266.1673 | JX11: 265.06825 | JY11: 255.79964 | JZ11: 261.13302 | KA11: 266.13347 | KB11: 265.30611 | KC11: 267.15746 | KD11: 269.4935 | KE11: 258.49142 | KF11: 260.09111 | KG11: 251.43955 | KH11: 252.04063 | KI11: 252.99898 | KJ11: 247.64171
H12: Q3 2025 - Imports | I12: -66.272758 | J12: -67.664577 | K12: -70.92449 | L12: -72.956556 | M12: -72.114296 | N12: -75.383854 | O12: -76.361047 | P12: -77.495402 | Q12: -81.905217 | R12: -81.393692 | S12: -80.688405 | T12: -83.125671 | U12: -84.766399 | V12: -86.101233 | W12: -85.758947 | X12: -86.121346 | Y12: -88.301813 | Z12: -89.533944 | AA12: -95.150211 | AB12: -96.710741 | AC12: -99.358363 | AD12: -99.99032 | AE12: -99.601315 | AF12: -98.422186 | AG12: -98.308376 | AH12: -96.906542 | AI12: -96.81066 | AJ12: -99.291645 | AK12: -102.21461 | AL12: -100.82627 | AM12: -102.2042 | AN12: -103.79978 | AO12: -106.24103 | AP12: -107.59582 | AQ12: -106.67862 | AR12: -107.18224 | AS12: -105.8679 | AT12: -105.55855 | AU12: -105.98176 | AV12: -105.42941 | AW12: -104.47887 | AX12: -104.82159 | AY12: -105.14443 | AZ12: -102.67706 | BA12: -102.58612 | BB12: -102.86076 | BC12: -102.02162 | BD12: -103.82096 | BE12: -98.164266 | BF12: -98.478904 | BG12: -100.88059 | BH12: -102.319 | BI12: -102.31489 | BJ12: -101.73816 | BK12: -100.0605 | BL12: -100.42765 | BM12: -100.88289 | BN12: -99.192728 | BO12: -99.653104 | BP12: -99.74777 | BQ12: -97.159486 | BR12: -94.692307 | BS12: -94.507291 | BT12: -92.418212 | BU12: -93.807491 | BV12: -91.732247 | BW12: -87.411282 | BX12: -83.716402 | BY12: -80.772336 | BZ12: -78.193216 | CA12: -75.342098 | CB12: -69.539135 | CC12: -62.866197 | CD12: -56.289943 | CE12: -48.911531 | CF12: -50.675559 | CG12: -49.08441 | CH12: -48.028656 | CI12: -44.346381 | CJ12: -39.987312 | CK12: -40.976338 | CL12: -39.159362 | CM12: -37.702023 | CN12: -29.725226 | CO12: -25.08695 | CP12: -29.242341 | CQ12: -28.387976 | CR12: -28.02811 | CS12: -32.882128 | CT12: -31.358375 | CU12: -34.877124 | CV12: -35.865598 | CW12: -39.268343 | CX12: -42.194906 | CY12: -46.137399 | CZ12: -48.061437 | DA12: -50.221597 | DB12: -48.273241 | DC12: -55.621074 | DD12: -60.524742 | DE12: -66.135725 | DF12: -71.082702 | DG12: -66.887292 | DH12: -66.989429 | DI12: -69.332711 | DJ12: -71.859582 | DK12: -75.457308 | DL12: -78.647405 | DM12: -74.721744 | DN12: -71.151451 | DO12: -75.465906 | DP12: -79.847855 | DQ12: -78.031187 | DR12: -85.232432 | DS12: -95.659404 | DT12: -95.900992 | DU12: -95.391116 | DV12: -101.16576 | DW12: -102.73383 | DX12: -112.00238 | DY12: -115.90969 | DZ12: -112.74404 | EA12: -120.97503 | EB12: -126.20561 | EC12: -126.0455 | ED12: -130.29043 | EE12: -128.19643 | EF12: -126.26648 | EG12: -132.99842 | EH12: -133.41547 | EI12: -131.50274 | EJ12: -135.2786 | EK12: -144.65318 | EL12: -139.65459 | EM12: -141.6137 | EN12: -142.98873 | EO12: -139.57634 | EP12: -139.40167 | EQ12: -140.05149 | ER12: -137.86315 | ES12: -136.32914 | ET12: -136.83007 | EU12: -130.97442 | EV12: -132.74886 | EW12: -131.40805 | EX12: -132.85609 | EY12: -134.66486 | EZ12: -136.50414 | FA12: -136.32527 | FB12: -136.92198 | FC12: -137.57258 | FD12: -139.37526 | FE12: -142.02394 | FF12: -135.81752 | FG12: -129.99856 | FH12: -135.52996 | FI12: -131.5605 | FJ12: -132.00406 | FK12: -137.22696 | FL12: -136.45018 | FM12: -139.3914 | FN12: -139.20213 | FO12: -139.63061 | FP12: -140.6408 | FQ12: -140.91843 | FR12: -141.45533 | FS12: -135.74344 | FT12: -138.28159 | FU12: -133.424 | FV12: -133.72608 | FW12: -126.70896 | FX12: -124.50354 | FY12: -130.62889 | FZ12: -126.09403 | GA12: -125.7178 | GB12: -118.32335 | GC12: -123.69045 | GD12: -121.75333 | GE12: -119.97344 | GF12: -118.67566 | GG12: -116.89038 | GH12: -117.2438 | GI12: -120.27396 | GJ12: -118.23931 | GK12: -117.55741 | GL12: -111.9705 | GM12: -117.92647 | GN12: -113.48417 | GO12: -113.86312 | GP12: -101.76159 | GQ12: -93.332923 | GR12: -80.28714 | GS12: -89.380604 | GT12: -79.269624 | GU12: -73.800709 | GV12: -67.85686 | GW12: -56.99915 | GX12: -46.594318 | GY12: -37.744176 | GZ12: -34.570585 | HA12: -32.015866 | HB12: -30.05645 | HC12: -25.202985 | HD12: -22.346739 | HE12: -23.654968 | HF12: -20.70285 | HG12: -21.453355 | HH12: -19.701364 | HI12: -19.297804 | HJ12: -16.409237 | HK12: -18.304666 | HL12: -16.044859 | HM12: -15.793804 | HN12: -19.897901 | HO12: -21.717155 | HP12: -18.809912 | HQ12: -19.627317 | HR12: -21.973019 | HS12: -22.734126 | HT12: -23.115069 | HU12: -23.719857 | HV12: -20.979332 | HW12: -21.484389 | HX12: -21.19642 | HY12: -22.907745 | HZ12: -21.235828 | IA12: -22.15662 | IB12: -22.819876 | IC12: -21.597556 | ID12: -22.590731 | IE12: -24.921386 | IF12: -24.492671 | IG12: -23.80863 | IH12: -24.524284 | II12: -24.631018 | IJ12: -26.21973 | IK12: -25.482033 | IL12: -26.488722 | IM12: -26.790471 | IN12: -29.34614 | IO12: -29.944675 | IP12: -30.853668 | IQ12: -31.530308 | IR12: -32.45295 | IS12: -32.439418 | IT12: -35.539187 | IU12: -29.394153 | IV12: -29.16088 | IW12: -29.601258 | IX12: -29.776396 | IY12: -30.226714 | IZ12: -33.761807 | JA12: -34.18146 | JB12: -36.196933 | JC12: -36.122764 | JD12: -37.228649 | JE12: -37.688819 | JF12: -40.143779 | JG12: -42.377574 | JH12: -41.882176 | JI12: -45.335295 | JJ12: -49.329914 | JK12: -48.295533 | JL12: -52.50366 | JM12: -52.969389 | JN12: -50.047496 | JO12: -42.712335 | JP12: -45.822916 | JQ12: -47.752303 | JR12: -48.475866 | JS12: -53.025285 | JT12: -57.016208 | JU12: -56.361226 | JV12: -58.906663 | JW12: -58.927141 | JX12: -61.652789 | JY12: -60.758874 | JZ12: -55.343059 | KA12: -54.249375 | KB12: -54.180084 | KC12: -53.435236 | KD12: -54.583266 | KE12: -59.138932 | KF12: -56.687318 | KG12: -62.381835 | KH12: -62.675566 | KI12: -64.648902 | KJ12: -65.231648
H13: Q3 2026 - Imports | I13: -63.257471 | J13: -62.599651 | K13: -64.356901 | L13: -63.468344 | M13: -63.473573 | N13: -66.149589 | O13: -72.351067 | P13: -74.080135 | Q13: -74.516345 | R13: -74.880792 | S13: -75.028576 | T13: -76.500239 | U13: -77.650402 | V13: -78.893183 | W13: -78.419168 | X13: -79.336484 | Y13: -77.583853 | Z13: -80.114232 | AA13: -83.763703 | AB13: -85.461069 | AC13: -85.837811 | AD13: -85.566255 | AE13: -88.718694 | AF13: -87.714727 | AG13: -88.945642 | AH13: -89.238024 | AI13: -89.964379 | AJ13: -90.271917 | AK13: -90.648292 | AL13: -90.929639 | AM13: -90.823696 | AN13: -94.205978 | AO13: -92.570062 | AP13: -94.877353 | AQ13: -93.032696 | AR13: -93.424181 | AS13: -93.995903 | AT13: -95.447079 | AU13: -94.784339 | AV13: -95.52599 | AW13: -97.319746 | AX13: -99.857662 | AY13: -99.449292 | AZ13: -100.44742 | BA13: -99.422154 | BB13: -99.152541 | BC13: -102.61298 | BD13: -102.84631 | BE13: -105.54451 | BF13: -103.95923 | BG13: -105.52394 | BH13: -105.89676 | BI13: -105.27521 | BJ13: -104.95115 | BK13: -102.40891 | BL13: -104.08897 | BM13: -106.28643 | BN13: -105.65263 | BO13: -104.92647 | BP13: -103.85643 | BQ13: -105.69062 | BR13: -106.26439 | BS13: -109.29044 | BT13: -107.14791 | BU13: -106.50876 | BV13: -107.46589 | BW13: -98.128646 | BX13: -96.292174 | BY13: -97.425754 | BZ13: -98.522301 | CA13: -97.427235 | CB13: -96.540325 | CC13: -90.178412 | CD13: -86.796347 | CE13: -85.515672 | CF13: -85.846212 | CG13: -86.308724 | CH13: -89.958432 | CI13: -83.784597 | CJ13: -85.554322 | CK13: -85.408755 | CL13: -86.231241 | CM13: -86.785293 | CN13: -89.77816 | CO13: -89.895901 | CP13: -92.932706 | CQ13: -96.615763 | CR13: -100.96157 | CS13: -101.90366 | CT13: -101.60745 | CU13: -98.520271 | CV13: -100.21898 | CW13: -102.99137 | CX13: -105.30913 | CY13: -103.71635 | CZ13: -110.88708 | DA13: -111.3002 | DB13: -118.29421 | DC13: -119.2064 | DD13: -125.75238 | DE13: -131.75281 | DF13: -134.42304 | DG13: -144.78597 | DH13: -143.5998 | DI13: -148.18533 | DJ13: -151.17057 | DK13: -156.50993 | DL13: -162.08905 | DM13: -168.29168 | DN13: -168.25439 | DO13: -174.83081 | DP13: -173.76942 | DQ13: -176.92595 | DR13: -174.10238 | DS13: -187.14987 | DT13: -186.56606 | DU13: -192.15161 | DV13: -194.19489 | DW13: -195.19628 | DX13: -198.21342 | DY13: -206.36178 | DZ13: -204.23546 | EA13: -209.99673 | EB13: -206.96639 | EC13: -204.86654 | ED13: -200.88661 | EE13: -215.89196 | EF13: -215.22719 | EG13: -215.09481 | EH13: -215.1995 | EI13: -211.80063 | EJ13: -218.17148 | EK13: -227.09711 | EL13: -221.23426 | EM13: -219.31498 | EN13: -215.22142 | EO13: -217.41905 | EP13: -219.31786 | EQ13: -223.16042 | ER13: -220.72119 | ES13: -218.95181 | ET13: -217.45449 | EU13: -216.94277 | EV13: -219.52308 | EW13: -220.36095 | EX13: -220.38155 | EY13: -224.12947 | EZ13: -219.34372 | FA13: -220.78597 | FB13: -219.50853 | FC13: -220.2733 | FD13: -221.12937 | FE13: -220.47665 | FF13: -221.53689 | FG13: -224.32353 | FH13: -222.3358 | FI13: -218.33032 | FJ13: -221.97071 | FK13: -221.73929 | FL13: -225.55981 | FM13: -226.15722 | FN13: -220.11173 | FO13: -226.35185 | FP13: -226.7386 | FQ13: -227.4936 | FR13: -227.45658 | FS13: -237.56779 | FT13: -233.03442 | FU13: -230.49706 | FV13: -228.97664 | FW13: -229.70309 | FX13: -232.58877 | FY13: -232.36149 | FZ13: -235.32133 | GA13: -227.34709 | GB13: -224.00725 | GC13: -231.12153 | GD13: -237.33806 | GE13: -236.38188 | GF13: -235.84151 | GG13: -232.67672 | GH13: -233.0877 | GI13: -226.48464 | GJ13: -222.82897 | GK13: -220.10787 | GL13: -216.74587 | GM13: -203.96595 | GN13: -201.47398 | GO13: -197.05426 | GP13: -192.3907 | GQ13: -185.94116 | GR13: -182.19804 | GS13: -166.85313 | GT13: -158.20515 | GU13: -149.49688 | GV13: -135.13849 | GW13: -126.10948 | GX13: -119.60502 | GY13: -97.53704 | GZ13: -80.826876 | HA13: -71.807291 | HB13: -72.074061 | HC13: -69.555153 | HD13: -70.347492 | HE13: -53.163687 | HF13: -49.118836 | HG13: -43.452723 | HH13: -41.000125 | HI13: -37.412195 | HJ13: -37.794239 | HK13: -29.805312 | HL13: -28.320404 | HM13: -27.973746 | HN13: -30.125698 | HO13: -30.113337 | HP13: -28.693889 | HQ13: -26.144497 | HR13: -25.553337 | HS13: -26.506214 | HT13: -26.084802 | HU13: -27.891555 | HV13: -30.714123 | HW13: -31.587625 | HX13: -27.400284 | HY13: -27.032606 | HZ13: -26.608802 | IA13: -26.004916 | IB13: -26.173207 | IC13: -26.725552 | ID13: -24.491682 | IE13: -25.349843 | IF13: -24.670685 | IG13: -23.246872 | IH13: -23.929543 | II13: -27.314391 | IJ13: -25.425065 | IK13: -27.955454 | IL13: -26.33087 | IM13: -27.353765 | IN13: -27.023821 | IO13: -32.719507 | IP13: -30.549467 | IQ13: -31.093674 | IR13: -30.242717 | IS13: -28.896082 | IT13: -29.939182 | IU13: -35.377461 | IV13: -33.637892 | IW13: -35.32937 | IX13: -35.375405 | IY13: -33.843719 | IZ13: -33.986813 | JA13: -36.815677 | JB13: -37.618067 | JC13: -36.778417 | JD13: -36.284608 | JE13: -36.787841 | JF13: -36.142541 | JG13: -41.879761 | JH13: -39.918207 | JI13: -40.12876 | JJ13: -39.557839 | JK13: -37.702112 | JL13: -40.122123 | JM13: -44.910019 | JN13: -45.073612 | JO13: -42.735711 | JP13: -41.357359 | JQ13: -42.574 | JR13: -42.749562 | JS13: -49.376517 | JT13: -50.452644 | JU13: -48.462493 | JV13: -47.57884 | JW13: -47.324377 | JX13: -50.297776 | JY13: -54.028792 | JZ13: -54.548564 | KA13: -56.40225 | KB13: -53.748649 | KC13: -51.732179 | KD13: -50.458982 | KE13: -54.755744 | KF13: -54.779362 | KG13: -55.813327 | KH13: -56.621595 | KI13: -55.088267 | KJ13: -58.548649

Sheet Figure 67
B1: Go to Contents
B3: =Contents!B2 -> Quarterly Energy Dynamics - Q3 2026
B4: =Contents!B3 -> Figures from the report covering 1 July to 30 September 2026
B6: =Contents!B72 -> Figure 67 Positive IRSR decreased year-on-year
B7: =Contents!$C72 -> Quarterly positive IRSR by region
B8: $ million
H10: Quarter/Year | I10: Into NSW | J10: Into QLD | K10: Into SA | L10: Into VIC
H11: Q3 24 | I11: 92.964548 | J11: 2.6048744 | K11: 43.701415 | L11: 21.079174
H12: Q4 24 | I12: 96.221487 | J12: 7.4620637 | K12: 11.492151 | L12: 6.6877433
H13: Q1 25 | I13: 48.73298 | J13: 10.422531 | K13: 14.303201 | L13: 10.938664
H14: Q2 25 | I14: 115.17743 | J14: 1.1792876 | K14: 10.167899 | L14: 10.605807
H15: Q3 25 | I15: 66.550017 | J15: 0.44157133 | K15: 16.507246 | L15: 10.887141
H16: Q4 25 | I16: 67.612668 | J16: 4.8392732 | K16: 9.9493876 | L16: 8.3207882
H17: Q1 26 | I17: 52.919487 | J17: 5.9417946 | K17: 56.744454 | L17: 2.9266088
H18: Q2 26 | I18: 46.741562 | J18: 0.8946466 | K18: 19.559026 | L18: 2.8494445
H19: Q3 26 | I19: 47.132196 | J19: 0.24146023 | K19: 13.264869 | L19: 6.1636498

Sheet Figure 68
B1: Go to Contents
B3: =Contents!B2 -> Quarterly Energy Dynamics - Q3 2026
B4: =Contents!B3 -> Figures from the report covering 1 July to 30 September 2026
B6: =Contents!B73 -> Figure 68 Increase in negative IRSR into Victoria and South Australia
B7: =Contents!$C73 -> Quarterly negative IRSR by region
B8: $ million
H10: Quarter/Year | I10: Into NSW | J10: Into QLD | K10: Into SA | L10: Into VIC
H11: Q3 24 | I11: -1.7408946 | J11: -0.032275558 | K11: -0.079170143 | L11: -1.9956541
H12: Q4 24 | I12: -3.5776145 | J12: -0.1218415 | K12: -0.65314738 | L12: -34.329261
H13: Q1 25 | I13: -0.90866431 | J13: -0.34068159 | K13: -5.7575335 | L13: -15.069119
H14: Q2 25 | I14: -0.62508684 | J14: -0.0096042853 | K14: -1.2887707 | L14: -19.880382
H15: Q3 25 | I15: -1.5964276 | J15: -0.0077035339 | K15: -1.4102673 | L15: -1.1820928
H16: Q4 25 | I16: -0.62580983 | J16: -0.31090614 | K16: -2.9777534 | L16: -18.010614
H17: Q1 26 | I17: -0.76706656 | J17: -0.24185638 | K17: -6.2736243 | L17: -9.0803458
H18: Q2 26 | I18: -0.89910316 | J18: -0.0046743376 | K18: -0.30013819 | L18: -1.9036007
H19: Q3 26 | I19: -0.85891834 | J19: -0.0042897011 | K19: -2.1560237 | L19: -3.7001786

Sheet Figure 69
B1: Go to Contents
B3: =Contents!B2 -> Quarterly Energy Dynamics - Q3 2026
B4: =Contents!B3 -> Figures from the report covering 1 July to 30 September 2026
B6: =Contents!B74 -> Figure 69 FCAS costs decreased across all regions
B7: =Contents!$C74 -> Quarterly FCAS costs by region
B8: $m
H10: Quarter/Year | I10: NSW | J10: QLD | K10: SA | L10: TAS | M10: VIC
H11: Q3 24 | I11: 6.3475277 | J11: 5.790683 | K11: 5.5499204 | L11: 4.6135202 | M11: 4.2884197
H12: Q4 24 | I12: 3.3193205 | J12: 46.707075 | K12: 1.0899993 | L12: 7.1078949 | M12: 2.281768
H13: Q1 25 | I13: 2.5296933 | J13: 5.6450556 | K13: 0.50637031 | L13: 3.1649928 | M13: 1.4528401
H14: Q2 25 | I14: 4.5928553 | J14: 9.0123217 | K14: 1.3983752 | L14: 5.7528661 | M14: 2.6035665
H15: Q3 25 | I15: 2.995346 | J15: 6.0448577 | K15: 52.385309 | L15: 9.7041298 | M15: 2.2836118
H16: Q4 25 | I16: 2.0208457 | J16: 7.8980689 | K16: 0.62822772 | L16: 6.4352018 | M16: 1.444637
H17: Q1 26 | I17: 0.98719389 | J17: 2.0004428 | K17: 0.25268879 | L17: 9.7424265 | M17: 0.65420553
H18: Q2 26 | I18: 0.93410898 | J18: 3.3078511 | K18: 0.66303239 | L18: 3.5184902 | M18: 0.73846591
H19: Q3 26 | I19: 0.62249692 | J19: 0.70690464 | K19: 0.77807222 | L19: 2.4404413 | M19: 0.5073465

Sheet Figure 70
B1: Go to Contents
B3: =Contents!B2 -> Quarterly Energy Dynamics - Q3 2026
B4: =Contents!B3 -> Figures from the report covering 1 July to 30 September 2026
B6: =Contents!B75 -> Figure 70 RREG and LREG accounted for the highest shares of total FCAS costs
B7: =Contents!$C75 -> NEM quarterly FCAS costs per service – Q3 2026 ($m)
B8: %
I10: Q3 26
H11: RREG | I11: 1.929798
H12: LREG | I12: 0.98018236
H13: R1SE | I13: 0.31751415
H14: R6SE | I14: 0.68664627
H15: R60S | I15: 0.15592409
H16: R5MIN | I16: 0.034271096
H17: L1SE | I17: 0.10178357
H18: L6SE | I18: 0.64038238
H19: L60S | I19: 0.15262582
H20: L5MIN | I20: 0.056133878

Sheet Figure 71
B1: Go to Contents
B3: =Contents!B2 -> Quarterly Energy Dynamics - Q3 2026
B4: =Contents!B3 -> Figures from the report covering 1 July to 30 September 2026
B6: =Contents!B76 -> Figure 71 Batteries FCAS market share rose to 75%
B7: =Contents!$C76 -> FCAS volume market share by technology – Q3 2026
B8: %
I9: Market Share
H10: Battery | I10: 0.74590351
H11: DR | I11: 0.070563377
H12: VPP | I12: 0.069884834
H13: Hydro | I13: 0.059470458
H14: Black Coal | I14: 0.027329831
H15: Brown Coal | I15: 0.02074541
H16: Other | I16: 0.0061025801

Sheet Figure 72
B1: Go to Contents
B3: =Contents!B2 -> Quarterly Energy Dynamics - Q3 2026
B4: =Contents!B3 -> Figures from the report covering 1 July to 30 September 2026
B6: =Contents!B77 -> Figure 72 Battery enablement increased across contingency FCAS services
B7: =Contents!$C77 -> Change in FCAS enablement by technology – Q3 2026 vs Q3 2025
B8: MW
H10: Change | I10: Battery | J10: Black Coal | K10: Brown Coal | L10: Gas | M10: Hydro | N10: Liquid Fuel | O10: Wind | P10: DR | Q10: VPP | R10: Solar
H11: Regulation | I11: -6.9667836 | J11: -34.909896 | K11: -13.004813 | L11: 3.6106541 | M11: -0.42106325 | N11: 0 | O11: 0 | P11: 0 | Q11: 0 | R11: 0
H12: Contingency Raise | I12: 331.17538 | J12: -72.767433 | K12: -16.353161 | L12: -1.1286814 | M12: -66.565378 | N12: 0 | O12: 0 | P12: -337.68803 | Q12: 14.062265 | R12: 0
H13: Contingency Lower | I13: 234.40427 | J13: -3.6788084 | K13: -10.951642 | L13: -3.7875481 | M13: -147.66758 | N13: 0 | O13: 0.28616293 | P13: 0 | Q13: -12.795552 | R13: -9.6440888
H14: Net change | I14: 558.61286 | J14: -111.35614 | K14: -40.309615 | L14: -1.3055755 | M14: -214.65403 | N14: 0 | O14: 0.28616293 | P14: -337.68803 | Q14: 1.2667125 | R14: -9.6440888

Sheet Figure 73
B1: Go to Contents
B3: =Contents!B2 -> Quarterly Energy Dynamics - Q3 2026
B4: =Contents!B3 -> Figures from the report covering 1 July to 30 September 2026
B6: =Contents!B78 -> Figure 73 Batteries received highest share of FPP and FCAS net settlements
B7: =Contents!$C78 -> Sum of FPP and regulation FCAS recovery and payments by fuel type – Q3 2026
B8: $ million
M10: Black Coal | N10: Brown Coal | O10: Gas | P10: Battery | Q10: Wind | R10: Grid Solar | S10: Hydro | T10: Residual | U10: Other
L11: FPP - Credit | M11: 0.28216239 | N11: 0.14413964 | O11: 0.0800093 | P11: 0.71474415 | Q11: 0.89605787 | R11: 0.66623982 | S11: 0.28805696 | T11: 0.22471581 | U11: 0.028762158
L12: FPP - Debit | M12: -0.12861041 | N12: -0.02966116 | O12: -0.048715101 | P12: -0.19084299 | Q12: -1.0222032 | R12: -0.97207769 | S12: -0.24433708 | T12: -0.65787126 | U12: -0.030569151
L13: Regulation FCAS - Payment | M13: 0.18292039 | N13: 0.083606039 | O13: 0.043913976 | P13: 1.2948132 | Q13: 0 | R13: 0 | S13: 1.33225 | T13: 0 | U13: 0
L14: Regulation FCAS - Recovery | M14: -0.069102746 | N14: -0.01456615 | O14: -0.042834068 | P14: -0.096484448 | Q14: -0.94616401 | R14: -0.54773111 | S14: -0.35210117 | T14: -0.82309818 | U14: -0.017898406
L15: Net FPP and Regulation FCAS | M15: 0.26736962 | N15: 0.18351836 | O15: 0.032374106 | P15: 1.7222299 | Q15: -1.0723093 | R15: -0.85356899 | S15: 1.0238687 | T15: -1.2562536 | U15: -0.019705399

Sheet Figure 74
B1: Go to Contents
B3: =Contents!B2 -> Quarterly Energy Dynamics - Q3 2026
B4: =Contents!B3 -> Figures from the report covering 1 July to 30 September 2026
B6: =Contents!B79 -> Figure 74 Estimated power system management costs decreased year-on-year
B7: =Contents!$C79 -> Estimated quarterly system security costs by category
B8: $m
L10: Year | M10: Quarter | N10: RERT (short notice) | O10: IRR | P10: Directions (system security) | Q10: NSCAS (voltage control) | R10: Type 1 - MSL | S10: Type 1 - GRTS
L11: 2022 | M11: Q3 | N11: 0.658211 | O11: 0 | P11: 17.786693 | Q11: 0 | R11: 0 | S11: 0
M12: Q4 | N12: 0 | O12: 0 | P12: 29.532614 | Q12: 0 | R12: 0 | S12: 0
L13: 2023 | M13: Q1 | N13: 1.475 | O13: 0 | P13: 26.03501 | Q13: 0 | R13: 0 | S13: 0
M14: Q2 | N14: 0 | O14: 0 | P14: 23.058985 | Q14: 0 | R14: 0 | S14: 0
M15: Q3 | N15: 0 | O15: 0 | P15: 19.102431 | Q15: 0 | R15: 0 | S15: 0
M16: Q4 | N16: 0 | O16: 0.74543265 | P16: 27.698481 | Q16: 0 | R16: 0 | S16: 0
L17: 2024 | M17: Q1 | N17: 0 | O17: 3.5129335 | P17: 27.610236 | Q17: 0 | R17: 0 | S17: 0
M18: Q2 | N18: 0 | O18: 0 | P18: 8.88337 | Q18: 0 | R18: 0 | S18: 0
M19: Q3 | N19: 0 | O19: 0 | P19: 17.622987 | Q19: 0 | R19: 0 | S19: 0
M20: Q4 | N20: 3.589945 | O20: 1.201336 | P20: 25.603248 | Q20: 0 | R20: 0 | S20: 0
L21: 2025 | M21: Q1 | N21: 0 | O21: 19.089765 | P21: 21.910359 | Q21: 0 | R21: 0 | S21: 0
M22: Q2 | N22: 0 | O22: 0 | P22: 11.23706 | Q22: 3.0475338 | R22: 0 | S22: 0
M23: Q3 | N23: 0 | O23: 0 | P23: 3.8925479 | Q23: 13.65531 | R23: 0 | S23: 0
M24: Q4 | N24: 0 | O24: 0 | P24: 2.2715571 | Q24: 26.294645 | R24: 0 | S24: 0
L25: 2026 | M25: Q1 | N25: 0 | O25: 0 | P25: 0.51839626 | Q25: 19.334478 | R25: 0.0104 | S25: 0
M26: Q2 | N26: 0 | O26: 0 | P26: 0.47502777 | Q26: 17.837317 | R26: 0 | S26: 0
M27: Q3 | N27: 0 | O27: 0 | P27: 0.31047774 | Q27: 0 | R27: 0 | S27: 9.81745

Sheet Figure 75
B1: Go to Contents
B3: =Contents!B2 -> Quarterly Energy Dynamics - Q3 2026
B4: =Contents!B3 -> Figures from the report covering 1 July to 30 September 2026
B6: =Contents!B80 -> Figure 75 Decrease in two-unit requirement for system security
B7: =Contents!$C80 -> Percentage of time units simultaneously directed or contracted
B8: %
H10: Quarter/Year | I10: 1 unit | J10: 2 units | K10: 3 units | L10: 4 units
H11: Q3 25 | I11: 15.258907 | J11: 30.695199 | K11: 0.011322464 | L11: 0
H12: Q4 25 | I12: 38.341636 | J12: 34.295743 | K12: 0.14719203 | L12: 0
H13: Q1 26 | I13: 25.219907 | J13: 28.78858 | K13: 0 | L13: 0
H14: Q2 26 | I14: 25.465507 | J14: 23.382173 | K14: 0 | L14: 0
H15: Q3 26 | I15: 30.06869 | J15: 11.579106 | K15: 0.14719203 | L15: 0

Sheet Figure 76
B1: Go to Contents
B3: =Contents!B2 -> Quarterly Energy Dynamics - Q3 2026
B4: =Contents!B3 -> Figures from the report covering 1 July to 30 September 2026
B6: =Contents!B81 -> Figure 76 Reduction in South Australian gas generation used for system security
B7: =Contents!$C81 -> South Australian gas-fired generation directed or contracted– volume and share
B8: MW [LHS]; % [RHS]
I10: Output for system security [LHS] | J10: % of gas generation output [RHS]
H11: Q3 25 | I11: 32.140198 | J11: 0.074453611
H12: Q4 25 | I12: 46.126997 | J12: 0.24800237
H13: Q1 26 | I13: 36.291581 | J13: 0.19116236
H14: Q2 26 | I14: 34.197942 | J14: 0.13470341
H15: Q3 26 | I15: 23.508872 | J15: 0.083549604

Sheet Figure 77
B1: Go to Contents
B3: =Contents!B2 -> Quarterly Energy Dynamics - Q3 2026
B4: =Contents!B3 -> Figures from the report covering 1 July to 30 September 2026
B6: =Contents!B82 -> Figure 77 Domestic prices continue to diverge from international prices
B7: =Contents!$C82 -> ACCC netback and forward prices, DWGM and STTM Brisbane average gas prices by month
B8: $/GJ
B10: Years | C10: Months | D10: DWGM | E10: BRI | F10: ACCC Netback | G10: ACCC Forward Price
B11: 2024 | C11: Jul | D11: 13.121855 | E11: 12.992903 | F11: 15.55
B12: 2024 | C12: Aug | D12: 11.846561 | E12: 12.602258 | F12: 15.65
B13: 2024 | C13: Sep | D13: 11.25599 | E13: 12.283333 | F13: 16.28
B14: 2024 | C14: Oct | D14: 11.602981 | E14: 13.282258 | F14: 17.34
B15: 2024 | C15: Nov | D15: 12.07904 | E15: 14.527 | F15: 16.49
B16: 2024 | C16: Dec | D16: 13.056358 | E16: 16.300968 | F16: 17.86
B17: 2025 | C17: Jan | D17: 12.176842 | E17: 13.944516 | F17: 19.79
B18: 2025 | C18: Feb | D18: 12.555579 | E18: 13.408929 | F18: 19.46
B19: 2025 | C19: Mar | D19: 11.830977 | E19: 13.549677 | F19: 20.59
B20: 2025 | C20: Apr | D20: 12.041697 | E20: 13.269 | F20: 18.45
B21: 2025 | C21: May | D21: 9.9278968 | E21: 10.502258 | F21: 16.88
B22: 2025 | C22: Jun | D22: 12.877593 | E22: 13.5 | F22: 15.21
... B37: 2026 | C37: Sep | D37: 9.2816567 | E37: 10.930667 | F37: 25.74
B38: 2026 | C38: Oct | F38: 30.24
B39: 2026 | C39: Nov | G39: 31.02
B40: 2026 | C40: Dec | G40: 29.46
B41: 2027 | C41: Jan | G41: 29.18
B42: 2027 | C42: Feb | G42: 28.12
B43: 2027 | C43: Mar | G43: 26.6
B44: 2027 | C44: Apr | G44: 22.8

Sheet Figure 78
B1: Go to Contents
B3: =Contents!B2 -> Quarterly Energy Dynamics - Q3 2026
B4: =Contents!B3 -> Figures from the report covering 1 July to 30 September 2026
B6: =Contents!B83 -> Figure 78 Increased proportion of DWGM bids across all months at lower prices compared to 2026
B7: =Contents!$C83 -> DWGM – proportion of marginal bids by price band – Q3 2026 vs Q3 2025 by month
B8: %
D10: $5-12/GJ | E10: $12-14/GJ | F10: $14-16/GJ | G10: $16-20/GJ | H10: $20-40/GJ
B11: July | C11: 2025 | D11: 0.04248423 | E11: 0.22726653 | F11: 0.21112753 | G11: 0.22625922 | H11: 0.2928625
C12: 2026 | D12: 0.22481827 | E12: 0.28629234 | F12: 0.14017926 | G12: 0.11492364 | H12: 0.23378649
B13: August | C13: 2025 | D13: 0.030961237 | E13: 0.2426302 | F13: 0.262099 | G13: 0.19128011 | H13: 0.27302946
C14: 2026 | D14: 0.26105343 | E14: 0.23637669 | F14: 0.14368122 | G14: 0.12472147 | H14: 0.23416719
B15: September | C15: 2025 | D15: 0.046651746 | E15: 0.237889 | F15: 0.29460768 | G15: 0.16504976 | H15: 0.25580182
C16: 2026 | D16: 0.30613098 | E16: 0.23215031 | F16: 0.11989463 | G16: 0.095412095 | H16: 0.24641198

Sheet Figure 79
B1: Go to Contents
B3: =Contents!B2 -> Quarterly Energy Dynamics - Q3 2026
B4: =Contents!B3 -> Figures from the report covering 1 July to 30 September 2026
B6: =Contents!B84 -> Figure 79 Traded thermal coal prices remained elevated across the quarter, lifting further in September
B7: =Contents!$C84 -> Newcastle 6,000 kcal/kg thermal coal price in A$/Tonne daily
B8: AUD/tonne
B23: Source: Bloomberg ICE data

Sheet Figure 80
B1: Go to Contents
B3: =Contents!B2 -> Quarterly Energy Dynamics - Q3 2026
B4: =Contents!B3 -> Figures from the report covering 1 July to 30 September 2026
B6: =Contents!B85 -> Figure 80 Asian LNG spot prices continued to rise over the quarter as Asian and European LNG importers compete for cargoes
B7: =Contents!$C85 -> Asian LNG price in A$/GJ daily
B8: A$/GJ
B23: Source: Bloomberg ICE data

Sheet Figure 81
B1: Go to Contents
B3: =Contents!B2 -> Quarterly Energy Dynamics - Q3 2026
B4: =Contents!B3 -> Figures from the report covering 1 July to 30 September 2026
B6: =Contents!B86 -> Figure 81 Brent Crude prices averaged A$129/barrel ending the quarter at A$149/barrel
B7: =Contents!$C86 -> Brent Crude Oil in A$/Barrel daily
B8: A$/Barrel
B23: Source: Bloomberg ICE data

Sheet Figure 82
B1: Go to Contents
B3: =Contents!B2 -> Quarterly Energy Dynamics - Q3 2026
B4: =Contents!B3 -> Figures from the report covering 1 July to 30 September 2026
B6: =Contents!B87 -> Figure 82 Large reduction in market demand offset by large increase in Queensland LNG demand
B7: =Contents!$C87 -> Components of east coast gas demand change – Q3 2026 to Q3 2025
B8: PJ
B10: Q3 2025 | C10: 463.63028
B11: QLD LNG | C11: 16.3699
B12: C&I and Residential | C12: -7.912886
B13: Gas Generation | C13: -8.945463
B14: Q3 2026 | C14: 463.14183

Sheet Figure 83
B1: Go to Contents
B3: =Contents!B2 -> Quarterly Energy Dynamics - Q3 2026
B4: =Contents!B3 -> Figures from the report covering 1 July to 30 September 2026
B6: =Contents!B88 -> Figure 83 Queensland LNG export demand increases to new Q3 high mostly due to APLNG
B7: =Contents!$C88 -> Total quarterly pipeline flows to Curtis Island
B8: PJ
B10: Year | C10: Quarter | D10: APLNG | E10: GLNG | F10: QCLNG
B11: 2021 | C11: Q1 | D11: 140.35095 | E11: 94.910772 | F11: 121.56466
B12: 2021 | C12: Q2 | D12: 136.4582 | E12: 88.559964 | F12: 110.81975
B13: 2021 | C13: Q3 | D13: 121.74644 | E13: 105.90272 | F13: 117.99915
B14: 2021 | C14: Q4 | D14: 142.81334 | E14: 97.673294 | F14: 128.55636
B15: 2022 | C15: Q1 | D15: 138.96417 | E15: 91.873338 | F15: 127.81537
B16: 2022 | C16: Q2 | D16: 141.28359 | E16: 87.562902 | F16: 105.1902
B17: 2022 | C17: Q3 | D17: 118.11266 | E17: 91.440765 | F17: 115.4266
B18: 2022 | C18: Q4 | D18: 142.762 | E18: 101.05705 | F18: 96.095496
B19: 2023 | C19: Q1 | D19: 137.74835 | E19: 93.211403 | F19: 94.202396
B20: 2023 | C20: Q2 | D20: 139.85298 | E20: 76.026825 | F20: 123.33854
B21: 2023 | C21: Q3 | D21: 128.51211 | E21: 82.637074 | F21: 130.3228
B22: 2023 | C22: Q4 | D22: 130.55977 | E22: 103.85179 | F22: 130.85513
... B33: 2026 | C33: Q3 | D33: 147.99885 | E33: 79.891019 | F33: 133.96252

Sheet Figure 84
B1: Go to Contents
B3: =Contents!B2 -> Quarterly Energy Dynamics - Q3 2026
B4: =Contents!B3 -> Figures from the report covering 1 July to 30 September 2026
B6: =Contents!B89 -> Figure 84 Large decrease in gas-fired generation demand across all mainland regions
B7: =Contents!$C89 -> Average daily gas-fired generation by state
B8: TJ/day
B10: Years | C10: Months | D10: VIC | E10: SA | F10: TAS | G10: NSW | H10: QLD
B11: 2025 | C11: Jul | D11: 50.966839 | E11: 116.7861 | F11: 4.7528387 | G11: 49.957 | H11: 96.813129
B12: 2025 | C12: Aug | D12: 50.938935 | E12: 109.04687 | F12: 21.269839 | G12: 47.389065 | H12: 110.86374
B13: 2025 | C13: Sep | D13: 34.858233 | E13: 64.5112 | F13: 0.26363333 | G13: 27.1838 | H13: 63.5124
B14: 2025 | C14: Oct | D14: 29.107323 | E14: 63.908839 | F14: 0.074032258 | G14: 24.676581 | H14: 66.085839
B15: 2025 | C15: Nov | D15: 9.7721333 | E15: 34.267667 | F15: 0.0066666667 | G15: 20.884067 | H15: 81.687633
B16: 2025 | C16: Dec | D16: 15.823161 | E16: 45.423097 | F16: 0.023935484 | G16: 26.729258 | H16: 62.927613
B17: 2026 | C17: Jan | D17: 17.491484 | E17: 56.964065 | F17: 0.367 | G17: 6.5181613 | H17: 52.45471
B18: 2026 | C18: Feb | D18: 11.435857 | E18: 52.688143 | F18: 0.00064285714 | G18: 18.814679 | H18: 76.618286
B19: 2026 | C19: Mar | D19: 18.295677 | E19: 56.01429 | F19: 0.0013870968 | G19: 3.5006774 | H19: 72.448
B20: 2026 | C20: Apr | D20: 3.3627333 | E20: 54.7591 | F20: 0.028466667 | G20: 5.1121 | H20: 47.216867
B21: 2026 | C21: May | D21: 37.446645 | E21: 92.076 | F21: 1.8385161 | G21: 12.049806 | H21: 84.577742
B22: 2026 | C22: Jun | D22: 58.3369 | E22: 104.47663 | F22: 2.0044 | G22: 55.7467 | H22: 111.8816
... B25: 2026 | C25: Sep | D25: 25.4287 | E25: 52.790767 | F25: 18.8977 | G25: 4.5873333 | H25: 31.9906

Sheet Figure 85
B1: Go to Contents
B3: =Contents!B2 -> Quarterly Energy Dynamics - Q3 2026
B4: =Contents!B3 -> Figures from the report covering 1 July to 30 September 2026
B6: =Contents!B90 -> Figure 85 Lowest Q3 demand for gas-fired generation since 2003
B7: =Contents!$C90 -> Q3 gas-fired generation by state
B8: PJ
C10: VIC | D10: SA | E10: TAS | F10: NSW | G10: QLD
B11: 1999 | C11: 2854.936 | D11: 8292.8422 | E11: 0 | F11: 0 | G11: 748.53124
B12: 2000 | C12: 630.8363 | D12: 15171.718 | E12: 0 | F12: 0 | G12: 1014.5757
B13: 2001 | C13: 2428.5261 | D13: 17177.761 | E13: 0 | F13: 0 | G13: 590.32008
B14: 2002 | C14: 4204.6227 | D14: 17718.49 | E14: 0 | F14: 0 | G14: 1233.9252
B15: 2003 | C15: 1211.3814 | D15: 14162.321 | E15: 0 | F15: 0 | G15: 741.54399
B16: 2004 | C16: 2952.0013 | D16: 14516.493 | E16: 0 | F16: 0 | G16: 3001.6274
B17: 2005 | C17: 1589.4118 | D17: 13957.542 | E17: 0 | F17: 0 | G17: 6441.3818
B18: 2006 | C18: 2253.3891 | D18: 14265.551 | E18: 81.657931 | F18: 0 | G18: 9513.7043
B19: 2007 | C19: 5352.615 | D19: 18275.254 | E19: 17.664828 | F19: 0 | G19: 11380.947
B20: 2008 | C20: 6918.7424 | D20: 17858.079 | E20: 0.74482759 | F20: 0 | G20: 13716.603
B21: 2009 | C21: 3433.2514 | D21: 13468.834 | E21: 1103.0089 | F21: 5478.6415 | G21: 13974.22
B22: 2010 | C22: 1413.2141 | D22: 16514.694 | E22: 3023.8692 | F22: 5519.3828 | G22: 27612.353
... B38: 2026 | C38: 2771.525 | D38: 8336.47 | E38: 1964.707 | F38: 602.686 | G38: 3560.664

Sheet Figure 86
B1: Go to Contents
B3: =Contents!B2 -> Quarterly Energy Dynamics - Q3 2026
B4: =Contents!B3 -> Figures from the report covering 1 July to 30 September 2026
B6: =Contents!B91 -> Figure 86 DWGM Tariff D demand continues to decline
B7: =Contents!$C91 -> Q3 DWGM Tariff D Demand
B8: PJ
B10: Year | C10: Tariff D
B11: 2000 | C11: 26.392773
B12: 2001 | C12: 24.2181
B13: 2002 | C13: 24.769942
B14: 2003 | C14: 25.580809
B15: 2004 | C15: 25.423978
B16: 2005 | C16: 24.652552
B17: 2006 | C17: 24.850284
B18: 2007 | C18: 24.971623
B19: 2008 | C19: 24.920128
B20: 2009 | C20: 23.430019
B21: 2010 | C21: 23.945728
B22: 2011 | C22: 23.016478
... B37: 2026 | C37: 13.878

Sheet Figure 87
B1: Go to Contents
B3: =Contents!B2 -> Quarterly Energy Dynamics - Q3 2026
B4: =Contents!B3 -> Figures from the report covering 1 July to 30 September 2026
B6: =Contents!B92 -> Figure 87 Tariff V demand has significantly decreased since 2023 and is not solely weather-driven
B7: =Contents!$C92 -> Q3 Tariff V demand versus cumulative EDD 2001-2026
B8: PJ
B10: Year | C10: Tariff V | D10: EDD
B11: 2001 | C11: 40.5609 | D11: 679.27
B12: 2002 | C12: 44.366755 | D12: 696.59
B13: 2003 | C13: 47.819507 | D13: 744.281
B14: 2004 | C14: 46.02125 | D14: 698.665
B15: 2005 | C15: 44.63488 | D15: 643.451
B16: 2006 | C16: 45.096036 | D16: 676.671
B17: 2007 | C17: 47.207924 | D17: 698.453
B18: 2008 | C18: 52.096381 | D18: 771.902
B19: 2009 | C19: 47.463071 | D19: 669.719
B20: 2010 | C20: 55.369425 | D20: 830.08
B21: 2011 | C21: 47.167176 | D21: 664.924
B22: 2012 | C22: 51.208642 | D22: 719.753
... B36: 2026 | C36: 37.8764 | D36: 656.328

Sheet Figure 88
B1: Go to Contents
B3: =Contents!B2 -> Quarterly Energy Dynamics - Q3 2026
B4: =Contents!B3 -> Figures from the report covering 1 July to 30 September 2026
B6: =Contents!B93 -> Figure 88 Production fell mainly due to lower Queensland output
B7: =Contents!$C93 -> Change in east coast supply – Q3 2026 vs Q3 2025
B8: PJ
B10: Non-QLD | C10: NGP | D10: -1.159355
C11: Longford | D11: 2.035817
C12: Otway | D12: -3.443657
C13: Moomba | D13: 0.25
C14: Bass Gas | D14: -0.473201
C15: Athena | D15: 0.041666
C16: Orbost | D16: 0.590709
B17: QLD | C17: APLNG | D17: -8.013921
C18: GLNG | D18: -2.5106
C19: QCLNG | D19: 2.377617
C20: Other | D20: 0.087033

Sheet Figure 89
B1: Go to Contents
B3: =Contents!B2 -> Quarterly Energy Dynamics - Q3 2026
B4: =Contents!B3 -> Figures from the report covering 1 July to 30 September 2026
B6: =Contents!B94 -> Figure 89 Queensland Q3 2026 net domestic supply decreased to lowest level since 2016
B7: =Contents!$C94 -> Queensland net domestic supply during Q3
B8: PJ
D10: Net Domestic Supply
B11: 2016 | C11: Q3 | D11: 15.642609
B12: 2017 | C12: Q3 | D12: 29.41467
B13: 2018 | C13: Q3 | D13: 24.27098
B14: 2019 | C14: Q3 | D14: 48.81939
B15: 2020 | C15: Q3 | D15: 52.521412
B16: 2021 | C16: Q3 | D16: 37.22588
B17: 2022 | C17: Q3 | D17: 45.282188
B18: 2023 | C18: Q3 | D18: 44.285974
B19: 2024 | C19: Q3 | D19: 46.445831
B20: 2025 | C20: Q3 | D20: 44.474
B21: 2026 | C21: Q3 | D21: 20.042

Sheet Figure 90
B1: Go to Contents
B3: =Contents!B2 -> Quarterly Energy Dynamics - Q3 2026
B4: =Contents!B3 -> Figures from the report covering 1 July to 30 September 2026
B6: =Contents!B95 -> Figure 90 Longford Q3 production slightly higher
B7: =Contents!$C95 -> Longford Q3 production and unutilised capacity
B8: PJ
B10: Years | C10: Quarters | D10: Longford Production | E10: Unutilised Capacity
B11: 2009 | C11: Qtr3 | D11: 70.5405 | E11: 16.6505
B12: 2010 | C12: Qtr3 | D12: 88.209 | E12: 9.021
B13: 2011 | C13: Qtr3 | D13: 71.572 | E13: 14.513
B14: 2012 | C14: Qtr3 | D14: 90.399 | E14: 5.262
B15: 2013 | C15: Qtr3 | D15: 77.582 | E15: 12.398
B16: 2014 | C16: Qtr3 | D16: 73.636 | E16: 11.193
B17: 2015 | C17: Qtr3 | D17: 87.691 | E17: 5.304
B18: 2016 | C18: Qtr3 | D18: 92.163 | E18: 1.697
B19: 2017 | C19: Qtr3 | D19: 100.79 | E19: 2
B20: 2018 | C20: Qtr3 | D20: 84.226229 | E20: 4.023771
B21: 2019 | C21: Qtr3 | D21: 84.219074 | E21: 12.995926
B22: 2020 | C22: Qtr3 | D22: 80.08028 | E22: 8.96472
... B28: 2026 | C28: Qtr3 | D28: 56.42137 | E28: 2.97863

Sheet Figure 91
B1: Go to Contents
B3: =Contents!B2 -> Quarterly Energy Dynamics - Q3 2026
B4: =Contents!B3 -> Figures from the report covering 1 July to 30 September 2026
B6: =Contents!B96 -> Figure 91 Longford planned outage on 20 August dropped production to 300 TJ
B7: =Contents!$C96 -> Daily Longford production 2017-2026, maximum capacity profile 2026
B8: TJ/d
C10: 2017-24 | K10: 2025 | L10: 2026 | M10: Maximum Capacity
B11: 1-Jan | C11: 559 | D11: 595 | E11: 526.312 | F11: 458.377 | G11: 526.124 | H11: 611.115 | I11: 423.593 | J11: 347.692 | K11: 366.839 | L11: 359.33 | M11: 590
B12: 2-Jan | C12: 592 | D12: 570 | E12: 522.973 | F12: 472.732 | G12: 502.132 | H12: 580.471 | I12: 411.525 | J12: 351.284 | K12: 510.473 | L12: 357.008 | M12: 590
B13: 3-Jan | C13: 745 | D13: 592 | E13: 623.924 | F13: 457.512 | G13: 435.763 | H13: 557.936 | I13: 434.611 | J13: 354.582 | K13: 512.297 | L13: 348.632 | M13: 590
B14: 4-Jan | C14: 797 | D14: 591 | E14: 607.668 | F14: 376.862 | G14: 501.848 | H14: 605.96 | I14: 475.23 | J14: 361.81 | K14: 504.149 | L14: 348.964 | M14: 590
B15: 5-Jan | C15: 764 | D15: 606 | E15: 572.12 | F15: 408.154 | G15: 561.997 | H15: 549.625 | I15: 483.626 | J15: 380.604 | K15: 495.032 | L15: 357.663 | M15: 590
B16: 6-Jan | C16: 441 | D16: 560 | E16: 506.489 | F16: 470.908 | G16: 604.049 | H16: 583.071 | I16: 476.167 | J16: 360.594 | K16: 513.451 | L16: 370.874 | M16: 590
B17: 7-Jan | C17: 755 | D17: 594 | E17: 550.653 | F17: 490.105 | G17: 617.882 | H17: 584.808 | I17: 454.827 | J17: 360.99 | K17: 501.312 | L17: 400.764 | M17: 590
B18: 8-Jan | C18: 755 | D18: 595 | E18: 594.92 | F18: 481.81 | G18: 621.697 | H18: 548.404 | I18: 431.891 | J18: 361.456 | K18: 493.436 | L18: 413.338 | M18: 585
B19: 9-Jan | C19: 801 | D19: 608 | E19: 580.767 | F19: 441.465 | G19: 609.781 | H19: 548.22 | I19: 456.018 | J19: 381.566 | K19: 481.855 | L19: 351.278 | M19: 585
B20: 10-Jan | C20: 819 | D20: 594 | E20: 566.506 | F20: 483.667 | G20: 575.958 | H20: 636.047 | I20: 459.217 | J20: 372.5 | K20: 493.128 | L20: 390.286 | M20: 530
B21: 11-Jan | C21: 863 | D21: 653 | E21: 594.94 | F21: 436.402 | G21: 607.128 | H21: 663.26 | I21: 457.662 | J21: 373.756 | K21: 495.041 | L21: 379.987 | M21: 530
B22: 12-Jan | C22: 867 | D22: 645 | E22: 558.072 | F22: 440.506 | G22: 645.89 | H22: 683.062 | I22: 486.678 | J22: 374.779 | K22: 501.965 | L22: 356.196 | M22: 530
... B283: 30-Sep | C283: 840 | D283: 869.351 | E283: 878.912 | F283: 780.129 | G283: 856.009 | H283: 971.787 | I283: 545.985 | J283: 559.207 | K283: 496.761 | L283: 516.933 | M283: 645
B284: 1-Oct | C284: 979 | D284: 760.344 | E284: 840.19 | F284: 756.832 | G284: 819.828 | H284: 874.105 | I284: 545.985 | J284: 551.699 | K284: 552.079 | M284: 645
B285: 2-Oct | C285: 1014 | D285: 722.555 | E285: 766 | F285: 677.994 | G285: 824.329 | H285: 881.786 | I285: 547.433 | J285: 577.477 | K285: 564.688 | M285: 620
B286: 3-Oct | C286: 948 | D286: 769.809 | E286: 777.377 | F286: 647.819 | G286: 776.586 | H286: 882.971 | I286: 546.275 | J286: 522.567 | K286: 539.871 | M286: 410
B287: 4-Oct | C287: 968 | D287: 806.93 | E287: 799.466 | F287: 586.941 | G287: 796.372 | H287: 880.165 | I287: 541.289 | J287: 517.889 | K287: 510.42 | M287: 620
B288: 5-Oct | C288: 968 | D288: 826.187 | E288: 781.022 | F288: 723.796 | G288: 773.535 | H288: 899.194 | I288: 575.696 | J288: 549.492 | K288: 524.943 | M288: 620
B289: 6-Oct | C289: 953 | D289: 772.544 | E289: 745.015 | F289: 744.047 | G289: 825.641 | H289: 898.838 | I289: 554.366 | J289: 526.684 | K289: 531.6 | M289: 620
B290: 7-Oct | C290: 963 | D290: 812.259 | E290: 831.534 | F290: 730.949 | G290: 863.983 | H290: 901.832 | I290: 584.547 | J290: 541.003 | K290: 544.97 | M290: 620
B291: 8-Oct | C291: 845 | D291: 780.726 | E291: 834.283 | F291: 753.79 | G291: 832.182 | H291: 903.321 | I291: 573.903 | J291: 577.29 | K291: 540.148 | M291: 610
B292: 9-Oct | C292: 941 | D292: 842.295 | E292: 839.495 | F292: 762.424 | G292: 737.141 | H292: 903.435 | I292: 578.16 | J292: 569.468 | K292: 543.56 | M292: 605
B293: 10-Oct | C293: 970 | D293: 899.448 | E293: 873.636 | F293: 711.859 | G293: 753.58 | H293: 890.125 | I293: 579.909 | J293: 597.981 | K293: 538.164 | M293: 575
B294: 11-Oct | C294: 916 | D294: 866.077 | E294: 873.77 | F294: 748.287 | G294: 831.513 | H294: 898.006 | I294: 579.233 | J294: 598.035 | K294: 544.049 | M294: 575
B295: 12-Oct | C295: 975 | D295: 828.19 | E295: 887.943 | F295: 758.965 | G295: 822.169 | H295: 899.634 | I295: 585.399 | J295: 586.668 | K295: 526.853 | M295: 575
... B375: 31-Dec | C375: 664 | D375: 465.368 | E375: 480.805 | F375: 585.106 | G375: 528.249 | H375: 479.415 | I375: 401.327 | J375: 488.785 | K375: 365.799 | M375: 695

Sheet Figure 92
B1: Go to Contents
B3: =Contents!B2 -> Quarterly Energy Dynamics - Q3 2026
B4: =Contents!B3 -> Figures from the report covering 1 July to 30 September 2026
B6: =Contents!B97 -> Figure 92 Iona storage was utilised throughout July and August despite continued low market demand
B7: =Contents!$C97 -> Iona storage levels
B8: PJ
C10: 2021 | D10: 2022 | E10: 2023 | F10: 2024 | G10: 2025 | H10: 2026
B11: 42736 | C11: 17.503 | D11: 12.95 | E11: 18.695 | F11: 21.567 | G11: 15.918 | H11: 13.459
B12: 42737 | C12: 17.639 | D12: 13.065 | E12: 18.884 | F12: 21.658 | G12: 16.06 | H12: 13.612
B13: 42738 | C13: 17.763 | D13: 13.196 | E13: 19.042 | F13: 21.705 | G13: 16.201 | H13: 13.763
B14: 42739 | C14: 17.884 | D14: 13.341 | E14: 19.197 | F14: 21.749 | G14: 16.34 | H14: 13.914
B15: 42740 | C15: 18.003 | D15: 13.485 | E15: 19.346 | F15: 21.792 | G15: 16.486 | H15: 14.068
B16: 42741 | C16: 18.127 | D16: 13.624 | E16: 19.514 | F16: 21.86 | G16: 16.634 | H16: 14.18
B17: 42742 | C17: 18.246 | D17: 13.772 | E17: 19.661 | F17: 21.928 | G17: 16.779 | H17: 14.187
B18: 42743 | C18: 18.375 | D18: 13.926 | E18: 19.788 | F18: 21.968 | G18: 16.919 | H18: 14.239
B19: 42744 | C19: 18.508 | D19: 14.073 | E19: 19.915 | F19: 21.997 | G19: 17.027 | H19: 14.271
B20: 42745 | C20: 18.601 | D20: 14.206 | E20: 20.023 | F20: 22.038 | G20: 17.148 | H20: 14.384
B21: 42746 | C21: 18.664 | D21: 14.313 | E21: 20.052 | F21: 22.101 | G21: 17.262 | H21: 14.496
B22: 42747 | C22: 18.744 | D22: 14.454 | E22: 20.146 | F22: 22.191 | G22: 17.369 | H22: 14.618
... B283: 43008 | C283: 11.717 | D283: 12.151 | E283: 20.645 | F283: 12.372 | G283: 11.796 | H283: 13.098
B284: 43009 | C284: 11.842 | D284: 12.29 | E284: 20.707 | F284: 12.358 | G284: 11.828
B285: 43010 | C285: 11.97 | D285: 12.425 | E285: 20.791 | F285: 12.359 | G285: 11.79
B286: 43011 | C286: 12.112 | D286: 12.594 | E286: 20.844 | F286: 12.381 | G286: 11.74
B287: 43012 | C287: 12.186 | D287: 12.753 | E287: 20.729 | F287: 12.403 | G287: 11.748
B288: 43013 | C288: 12.179 | D288: 12.797 | E288: 20.557 | F288: 12.435 | G288: 11.82
B289: 43014 | C289: 12.269 | D289: 12.877 | E289: 20.375 | F289: 12.471 | G289: 11.732
B290: 43015 | C290: 12.312 | D290: 12.865 | E290: 20.259 | F290: 12.418 | G290: 11.681
B291: 43016 | C291: 12.426 | D291: 12.852 | E291: 20.206 | F291: 12.298 | G291: 11.671
B292: 43017 | C292: 12.568 | D292: 12.722 | E292: 20.151 | F292: 12.282 | G292: 11.66
B293: 43018 | C293: 12.68 | D293: 12.64 | E293: 20.153 | F293: 12.256 | G293: 11.652
B294: 43019 | C294: 12.673 | D294: 12.711 | E294: 20.185 | F294: 12.232 | G294: 11.668
B295: 43020 | C295: 12.698 | D295: 12.794 | E295: 20.185 | F295: 12.261 | G295: 11.618
... B375: 43100 | C375: 12.839 | D375: 18.686 | E375: 21.56 | F375: 15.783 | G375: 13.495

Sheet Figure 93
B1: Go to Contents
B3: =Contents!B2 -> Quarterly Energy Dynamics - Q3 2026
B4: =Contents!B3 -> Figures from the report covering 1 July to 30 September 2026
B6: =Contents!B98 -> Figure 93 Q3 net transfers north at Moomba for the first time since 2016
B7: =Contents!$C98 -> Flows on the South West Queensland Pipeline at Moomba
B8: PJ
B10: Year | C10: Quarter | D10: North at Moomba | E10: South at Moomba | F10: Net
B11: 2014 | C11: Q3 | D11: 0 | E11: -12.340198 | F11: -12.340198
B12: 2015 | C12: Q3 | D12: 0.6675 | E12: -6.8289 | F12: -6.1614
B13: 2016 | C13: Q3 | D13: 7.8012 | E13: -0.781 | F13: 7.0202
B14: 2017 | C14: Q3 | D14: 0.6384 | E14: -7.7706 | F14: -7.1322
B15: 2018 | C15: Q3 | D15: 0.450087 | E15: -8.63 | F15: -8.179913
B16: 2019 | C16: Q3 | D16: 0 | E16: -21.063089 | F16: -21.063089
B17: 2020 | C17: Q3 | D17: 0.002915 | E17: -19.587402 | F17: -19.584487
B18: 2021 | C18: Q3 | D18: 3.690525 | E18: -10.989454 | F18: -7.298929
B19: 2022 | C19: Q3 | D19: 2.979578 | E19: -12.543127 | F19: -9.563549
B20: 2023 | C20: Q3 | D20: 1.131074 | E20: -15.248747 | F20: -14.117673
B21: 2024 | C21: Q3 | D21: 1.67323 | E21: -14.875176 | F21: -13.201946
B22: 2025 | C22: Q3 | D22: 0.216536 | E22: -16.854957 | F22: -16.638421
B23: 2026 | C23: Q3 | D23: 5.244053 | E23: -4.203699 | F23: 1.040354

Sheet Figure 94
B1: Go to Contents
B3: =Contents!B2 -> Quarterly Energy Dynamics - Q3 2026
B4: =Contents!B3 -> Figures from the report covering 1 July to 30 September 2026
B6: =Contents!B99 -> Figure 94 Highest Victorian Q3 exports since 2022 mainly driven by a large increase to New South Wales
B7: =Contents!$C99 -> Victorian net gas transfers to other regions during Q3
B8: PJ
B10: Year | C10: Quarter | D10: to NSW | E10: to SA | F10: to TAS
B11: 2021 | C11: Q1 | D11: 20.320126 | E11: 7.061508 | F11: 1.554448
B12: 2021 | C12: Q2 | D12: 20.866151 | E12: 7.815152 | F12: 1.976667
B13: 2021 | C13: Q3 | D13: 18.840031 | E13: 7.052152 | F13: 1.814227
B14: 2021 | C14: Q4 | D14: 25.78623 | E14: 6.959886 | F14: 1.720551
B15: 2022 | C15: Q1 | D15: 30.50954 | E15: 7.516596 | F15: 1.646121
B16: 2022 | C16: Q2 | D16: 31.948145 | E16: 9.677666 | F16: 2.147029
B17: 2022 | C17: Q3 | D17: 21.839508 | E17: 8.012789 | F17: 1.990636
B18: 2022 | C18: Q4 | D18: 25.925429 | E18: 6.304788 | F18: 1.925279
B19: 2023 | C19: Q1 | D19: 17.698134 | E19: 5.59758 | F19: 1.624312
B20: 2023 | C20: Q2 | D20: 13.116889 | E20: 5.063219 | F20: 1.928697
B21: 2023 | C21: Q3 | D21: 9.695287 | E21: 4.053891 | F21: 1.775003
B22: 2023 | C22: Q4 | D22: 17.940968 | E22: 5.833506 | F22: 1.775957
... B33: 2026 | C33: Q3 | D33: 21.621085 | E33: 5.009482 | F33: 3.599517

Sheet Figure 95
B1: Go to Contents
B3: =Contents!B2 -> Quarterly Energy Dynamics - Q3 2026
